Workbook

Sheet KPIs
C1: =TEXT(TODAY(),"mmm-yy") -> Oct-26 | D1: =TEXT(EDATE(TODAY(),-1),"mmm-yy") -> Sep-26 | E1: =YEAR(TODAY()) -> 2026 | F1: =YEAR(TODAY())-1 -> 2025
A2: Famille | B2: KPIs | C2: Mois en cours | D2: Mois précédent | E2: Année en cours | F2: Année précédente | G2: Jan-26 | H2: Feb-26 | I2: Mar-26 | J2: Apr-26 | K2: May-26 | L2: Jun-26 | M2: Jul-26 | N2: Aug-26 | O2: Sep-26 | P2: Oct-26 | Q2: Nov-26 | R2: Dec-26
A3: Ventes | B3: Total vente (CA) | C3: =SUMIFS(Table1368[Prix de revente],Table1368[Date revente],">="&EOMONTH(TODAY(),-1)+1,Table1368[Date revente],"<"&EOMONTH(TODAY(),0)+1) -> 1362 | D3: =SUMIFS(Table1368[Prix de revente],Table1368[Date revente],">="&EOMONTH(TODAY(),-2)+1,Table1368[Date revente],"<"&EOMONTH(TODAY(),-1)+1) -> 3524 | E3: =SUMIFS(Table1368[Prix de revente],Table1368[Date revente],">="&DATE(YEAR(TODAY()),1,1),Table1368[Date revente],"<"&DATE(YEAR(TODAY())+1,1,1)) -> 19298.38 | F3: =SUMIFS(Table1368[Prix de revente],Table1368[Date revente],">="&DATE(YEAR(TODAY())-1,1,1),Table1368[Date revente],"<"&DATE(YEAR(TODAY()),1,1)) -> 3249.3 | G3: =IF(SUMIFS(Table1368[[Prix de revente]:[Prix de revente]],Table1368[[Date revente]:[Date revente]],">="&G$2,Table1368[[Date revente]:[Date revente]],"<"&EDATE(G$2,1))=0,"-",SUMIFS(Table1368[[Prix de revente]:[Prix de revente]],Table1368[[Date revente]:[Date revente]],">="&G$2,Table1368[[Date revente]:[Date revente]],"<"&EDATE(G$2,1))) -> 1378.5 | H3: =IF(SUMIFS(Table1368[[Prix de revente]:[Prix de revente]],Table1368[[Date revente]:[Date revente]],">="&H$2,Table1368[[Date revente]:[Date revente]],"<"&EDATE(H$2,1))=0,"-",SUMIFS(Table1368[[Prix de revente]:[Prix de revente]],Table1368[[Date revente]:[Date revente]],">="&H$2,Table1368[[Date revente]:[Date revente]],"<"&EDATE(H$2,1))) -> 1448.6 | I3: =IF(SUMIFS(Table1368[[Prix de revente]:[Prix de revente]],Table1368[[Date revente]:[Date revente]],">="&I$2,Table1368[[Date revente]:[Date revente]],"<"&EDATE(I$2,1))=0,"-",SUMIFS(Table1368[[Prix de revente]:[Prix de revente]],Table1368[[Date revente]:[Date revente]],">="&I$2,Table1368[[Date revente]:[Date revente]],"<"&EDATE(I$2,1))) -> 1728.6 | J3: =IF(SUMIFS(Table1368[[Prix de revente]:[Prix de revente]],Table1368[[Date revente]:[Date revente]],">="&J$2,Table1368[[Date revente]:[Date revente]],"<"&EDATE(J$2,1))=0,"-",SUMIFS(Table1368[[Prix de revente]:[Prix de revente]],Table1368[[Date revente]:[Date revente]],">="&J$2,Table1368[[Date revente]:[Date revente]],"<"&EDATE(J$2,1))) -> 2089.9 | K3: =IF(SUMIFS(Table1368[[Prix de revente]:[Prix de revente]],Table1368[[Date revente]:[Date revente]],">="&K$2,Table1368[[Date revente]:[Date revente]],"<"&EDATE(K$2,1))=0,"-",SUMIFS(Table1368[[Prix de revente]:[Prix de revente]],Table1368[[Date revente]:[Date revente]],">="&K$2,Table1368[[Date revente]:[Date revente]],"<"&EDATE(K$2,1))) -> 2418.1 | L3: =IF(SUMIFS(Table1368[[Prix de revente]:[Prix de revente]],Table1368[[Date revente]:[Date revente]],">="&L$2,Table1368[[Date revente]:[Date revente]],"<"&EDATE(L$2,1))=0,"-",SUMIFS(Table1368[[Prix de revente]:[Prix de revente]],Table1368[[Date revente]:[Date revente]],">="&L$2,Table1368[[Date revente]:[Date revente]],"<"&EDATE(L$2,1))) -> 2631.88 | M3: =IF(SUMIFS(Table1368[[Prix de revente]:[Prix de revente]],Table1368[[Date revente]:[Date revente]],">="&M$2,Table1368[[Date revente]:[Date revente]],"<"&EDATE(M$2,1))=0,"-",SUMIFS(Table1368[[Prix de revente]:[Prix de revente]],Table1368[[Date revente]:[Date revente]],">="&M$2,Table1368[[Date revente]:[Date revente]],"<"&EDATE(M$2,1))) -> 1745.7 | N3: =IF(SUMIFS(Table1368[[Prix de revente]:[Prix de revente]],Table1368[[Date revente]:[Date revente]],">="&N$2,Table1368[[Date revente]:[Date revente]],"<"&EDATE(N$2,1))=0,"-",SUMIFS(Table1368[[Prix de revente]:[Prix de revente]],Table1368[[Date revente]:[Date revente]],">="&N$2,Table1368[[Date revente]:[Date revente]],"<"&EDATE(N$2,1))) -> 971.1 | ... R3: =IF(SUMIFS(Table1368[[Prix de revente]:[Prix de revente]],Table1368[[Date revente]:[Date revente]],">="&R$2,Table1368[[Date revente]:[Date revente]],"<"&EDATE(R$2,1))=0,"-",SUMIFS(Table1368[[Prix de revente]:[Prix de revente]],Table1368[[Date revente]:[Date revente]],">="&R$2,Table1368[[Date revente]:[Date revente]],"<"&EDATE(R$2,1))) -> -
A4: Ventes | B4: Total Bénéfice Brut | C4: =SUMIFS(Table1368[Bénéfice],Table1368[Date revente],">="&EOMONTH(TODAY(),-1)+1,Table1368[Date revente],"<"&EOMONTH(TODAY(),0)+1) -> 858.94355 | D4: =SUMIFS(Table1368[Bénéfice],Table1368[Date revente],">="&EOMONTH(TODAY(),-2)+1,Table1368[Date revente],"<"&EOMONTH(TODAY(),-1)+1) -> 2060.4672 | E4: =SUMIFS(Table1368[Bénéfice],Table1368[Date revente],">="&DATE(YEAR(TODAY()),1,1),Table1368[Date revente],"<"&DATE(YEAR(TODAY())+1,1,1)) -> 10901.953 | F4: =SUMIFS(Table1368[Bénéfice],Table1368[Date revente],">="&DATE(YEAR(TODAY())-1,1,1),Table1368[Date revente],"<"&DATE(YEAR(TODAY()),1,1)) -> 1684.67 | G4: =IF(SUMIFS(Table1368[[Bénéfice]:[Bénéfice]],Table1368[[Date revente]:[Date revente]],">="&G$2,Table1368[[Date revente]:[Date revente]],"<"&EDATE(G$2,1))=0,"-",SUMIFS(Table1368[[Bénéfice]:[Bénéfice]],Table1368[[Date revente]:[Date revente]],">="&G$2,Table1368[[Date revente]:[Date revente]],"<"&EDATE(G$2,1))) -> 753.38159 | H4: =IF(SUMIFS(Table1368[[Bénéfice]:[Bénéfice]],Table1368[[Date revente]:[Date revente]],">="&H$2,Table1368[[Date revente]:[Date revente]],"<"&EDATE(H$2,1))=0,"-",SUMIFS(Table1368[[Bénéfice]:[Bénéfice]],Table1368[[Date revente]:[Date revente]],">="&H$2,Table1368[[Date revente]:[Date revente]],"<"&EDATE(H$2,1))) -> 715.58999 | I4: =IF(SUMIFS(Table1368[[Bénéfice]:[Bénéfice]],Table1368[[Date revente]:[Date revente]],">="&I$2,Table1368[[Date revente]:[Date revente]],"<"&EDATE(I$2,1))=0,"-",SUMIFS(Table1368[[Bénéfice]:[Bénéfice]],Table1368[[Date revente]:[Date revente]],">="&I$2,Table1368[[Date revente]:[Date revente]],"<"&EDATE(I$2,1))) -> 951.88679 | J4: =IF(SUMIFS(Table1368[[Bénéfice]:[Bénéfice]],Table1368[[Date revente]:[Date revente]],">="&J$2,Table1368[[Date revente]:[Date revente]],"<"&EDATE(J$2,1))=0,"-",SUMIFS(Table1368[[Bénéfice]:[Bénéfice]],Table1368[[Date revente]:[Date revente]],">="&J$2,Table1368[[Date revente]:[Date revente]],"<"&EDATE(J$2,1))) -> 1193.3314 | K4: =IF(SUMIFS(Table1368[[Bénéfice]:[Bénéfice]],Table1368[[Date revente]:[Date revente]],">="&K$2,Table1368[[Date revente]:[Date revente]],"<"&EDATE(K$2,1))=0,"-",SUMIFS(Table1368[[Bénéfice]:[Bénéfice]],Table1368[[Date revente]:[Date revente]],">="&K$2,Table1368[[Date revente]:[Date revente]],"<"&EDATE(K$2,1))) -> 1354.8675 | L4: =IF(SUMIFS(Table1368[[Bénéfice]:[Bénéfice]],Table1368[[Date revente]:[Date revente]],">="&L$2,Table1368[[Date revente]:[Date revente]],"<"&EDATE(L$2,1))=0,"-",SUMIFS(Table1368[[Bénéfice]:[Bénéfice]],Table1368[[Date revente]:[Date revente]],">="&L$2,Table1368[[Date revente]:[Date revente]],"<"&EDATE(L$2,1))) -> 1499.8118 | M4: =IF(SUMIFS(Table1368[[Bénéfice]:[Bénéfice]],Table1368[[Date revente]:[Date revente]],">="&M$2,Table1368[[Date revente]:[Date revente]],"<"&EDATE(M$2,1))=0,"-",SUMIFS(Table1368[[Bénéfice]:[Bénéfice]],Table1368[[Date revente]:[Date revente]],">="&M$2,Table1368[[Date revente]:[Date revente]],"<"&EDATE(M$2,1))) -> 1022.2707 | N4: =IF(SUMIFS(Table1368[[Bénéfice]:[Bénéfice]],Table1368[[Date revente]:[Date revente]],">="&N$2,Table1368[[Date revente]:[Date revente]],"<"&EDATE(N$2,1))=0,"-",SUMIFS(Table1368[[Bénéfice]:[Bénéfice]],Table1368[[Date revente]:[Date revente]],">="&N$2,Table1368[[Date revente]:[Date revente]],"<"&EDATE(N$2,1))) -> 491.40289 | ... R4: =IF(SUMIFS(Table1368[[Bénéfice]:[Bénéfice]],Table1368[[Date revente]:[Date revente]],">="&R$2,Table1368[[Date revente]:[Date revente]],"<"&EDATE(R$2,1))=0,"-",SUMIFS(Table1368[[Bénéfice]:[Bénéfice]],Table1368[[Date revente]:[Date revente]],">="&R$2,Table1368[[Date revente]:[Date revente]],"<"&EDATE(R$2,1))) -> -
A5: Ventes | B5: Bénéfice moyen (€) | C5: =IFERROR(AVERAGEIFS(Table1368[Bénéfice],Table1368[Date revente],">="&EOMONTH(TODAY(),-1)+1,Table1368[Date revente],"<"&EOMONTH(TODAY(),0)+1),"-") -> 61.353111 | D5: =IFERROR(AVERAGEIFS(Table1368[Bénéfice],Table1368[Date revente],">="&EOMONTH(TODAY(),-2)+1,Table1368[Date revente],"<"&EOMONTH(TODAY(),-1)+1),"-") -> 57.235199 | E5: =IFERROR(AVERAGEIFS(Table1368[Bénéfice],Table1368[Date revente],">="&DATE(YEAR(TODAY()),1,1),Table1368[Date revente],"<"&DATE(YEAR(TODAY())+1,1,1)),"-") -> 45.049394 | F5: =IFERROR(AVERAGEIFS(Table1368[Bénéfice],Table1368[Date revente],">="&DATE(YEAR(TODAY())-1,1,1),Table1368[Date revente],"<"&DATE(YEAR(TODAY()),1,1)),"-") -> 34.38102 | G5: =IFERROR(AVERAGEIFS(Table1368[[Bénéfice]:[Bénéfice]],Table1368[[Date revente]:[Date revente]],">="&G$2,Table1368[[Date revente]:[Date revente]],"<"&EDATE(G$2,1)),"-") -> 25.978676 | H5: =IFERROR(AVERAGEIFS(Table1368[[Bénéfice]:[Bénéfice]],Table1368[[Date revente]:[Date revente]],">="&H$2,Table1368[[Date revente]:[Date revente]],"<"&EDATE(H$2,1)),"-") -> 42.093529 | I5: =IFERROR(AVERAGEIFS(Table1368[[Bénéfice]:[Bénéfice]],Table1368[[Date revente]:[Date revente]],">="&I$2,Table1368[[Date revente]:[Date revente]],"<"&EDATE(I$2,1)),"-") -> 43.267581 | J5: =IFERROR(AVERAGEIFS(Table1368[[Bénéfice]:[Bénéfice]],Table1368[[Date revente]:[Date revente]],">="&J$2,Table1368[[Date revente]:[Date revente]],"<"&EDATE(J$2,1)),"-") -> 49.722141 | K5: =IFERROR(AVERAGEIFS(Table1368[[Bénéfice]:[Bénéfice]],Table1368[[Date revente]:[Date revente]],">="&K$2,Table1368[[Date revente]:[Date revente]],"<"&EDATE(K$2,1)),"-") -> 46.719568 | L5: =IFERROR(AVERAGEIFS(Table1368[[Bénéfice]:[Bénéfice]],Table1368[[Date revente]:[Date revente]],">="&L$2,Table1368[[Date revente]:[Date revente]],"<"&EDATE(L$2,1)),"-") -> 45.448844 | M5: =IFERROR(AVERAGEIFS(Table1368[[Bénéfice]:[Bénéfice]],Table1368[[Date revente]:[Date revente]],">="&M$2,Table1368[[Date revente]:[Date revente]],"<"&EDATE(M$2,1)),"-") -> 42.594611 | N5: =IFERROR(AVERAGEIFS(Table1368[[Bénéfice]:[Bénéfice]],Table1368[[Date revente]:[Date revente]],">="&N$2,Table1368[[Date revente]:[Date revente]],"<"&EDATE(N$2,1)),"-") -> 35.100206 | ... R5: =IFERROR(AVERAGEIFS(Table1368[[Bénéfice]:[Bénéfice]],Table1368[[Date revente]:[Date revente]],">="&R$2,Table1368[[Date revente]:[Date revente]],"<"&EDATE(R$2,1)),"-") -> -
A6: Ventes | B6: Profit moyen coef | C6: =IFERROR(SUMIFS(Table1368[Prix de revente],Table1368[Date revente],">="&EOMONTH(TODAY(),-1)+1,Table1368[Date revente],"<"&EOMONTH(TODAY(),0)+1)/SUMIFS(Table1368[Prix total Achat],Table1368[Date revente],">="&EOMONTH(TODAY(),-1)+1,Table1368[Date revente],"<"&EOMONTH(TODAY(),0)+1),"-") -> 2.7074496 | D6: =IFERROR(SUMIFS(Table1368[Prix de revente],Table1368[Date revente],">="&EOMONTH(TODAY(),-2)+1,Table1368[Date revente],"<"&EOMONTH(TODAY(),-1)+1)/SUMIFS(Table1368[Prix total Achat],Table1368[Date revente],">="&EOMONTH(TODAY(),-2)+1,Table1368[Date revente],"<"&EOMONTH(TODAY(),-1)+1),"-") -> 2.4078722 | E6: =IFERROR(SUMIFS(Table1368[Prix de revente],Table1368[Date revente],">="&DATE(YEAR(TODAY()),1,1),Table1368[Date revente],"<"&DATE(YEAR(TODAY())+1,1,1))/SUMIFS(Table1368[Prix total Achat],Table1368[Date revente],">="&DATE(YEAR(TODAY()),1,1),Table1368[Date revente],"<"&DATE(YEAR(TODAY())+1,1,1)),"-") -> 2.2984039 | F6: =IFERROR(SUMIFS(Table1368[Prix de revente],Table1368[Date revente],">="&DATE(YEAR(TODAY())-1,1,1),Table1368[Date revente],"<"&DATE(YEAR(TODAY()),1,1))/SUMIFS(Table1368[Prix total Achat],Table1368[Date revente],">="&DATE(YEAR(TODAY())-1,1,1),Table1368[Date revente],"<"&DATE(YEAR(TODAY()),1,1)),"-") -> 2.076721 | G6: =IFERROR(SUMIFS(Table1368[[Prix de revente]:[Prix de revente]],Table1368[[Date revente]:[Date revente]],">="&G$2,Table1368[[Date revente]:[Date revente]],"<"&EDATE(G$2,1))/SUMIFS(Table1368[[Prix total Achat]:[Prix total Achat]],Table1368[[Date revente]:[Date revente]],">="&G$2,Table1368[[Date revente]:[Date revente]],"<"&EDATE(G$2,1)),"-") -> 2.2051822 | H6: =IFERROR(SUMIFS(Table1368[[Prix de revente]:[Prix de revente]],Table1368[[Date revente]:[Date revente]],">="&H$2,Table1368[[Date revente]:[Date revente]],"<"&EDATE(H$2,1))/SUMIFS(Table1368[[Prix total Achat]:[Prix total Achat]],Table1368[[Date revente]:[Date revente]],">="&H$2,Table1368[[Date revente]:[Date revente]],"<"&EDATE(H$2,1)),"-") -> 1.976235 | I6: =IFERROR(SUMIFS(Table1368[[Prix de revente]:[Prix de revente]],Table1368[[Date revente]:[Date revente]],">="&I$2,Table1368[[Date revente]:[Date revente]],"<"&EDATE(I$2,1))/SUMIFS(Table1368[[Prix total Achat]:[Prix total Achat]],Table1368[[Date revente]:[Date revente]],">="&I$2,Table1368[[Date revente]:[Date revente]],"<"&EDATE(I$2,1)),"-") -> 2.2255319 | J6: =IFERROR(SUMIFS(Table1368[[Prix de revente]:[Prix de revente]],Table1368[[Date revente]:[Date revente]],">="&J$2,Table1368[[Date revente]:[Date revente]],"<"&EDATE(J$2,1))/SUMIFS(Table1368[[Prix total Achat]:[Prix total Achat]],Table1368[[Date revente]:[Date revente]],">="&J$2,Table1368[[Date revente]:[Date revente]],"<"&EDATE(J$2,1)),"-") -> 2.3309984 | K6: =IFERROR(SUMIFS(Table1368[[Prix de revente]:[Prix de revente]],Table1368[[Date revente]:[Date revente]],">="&K$2,Table1368[[Date revente]:[Date revente]],"<"&EDATE(K$2,1))/SUMIFS(Table1368[[Prix total Achat]:[Prix total Achat]],Table1368[[Date revente]:[Date revente]],">="&K$2,Table1368[[Date revente]:[Date revente]],"<"&EDATE(K$2,1)),"-") -> 2.2742908 | L6: =IFERROR(SUMIFS(Table1368[[Prix de revente]:[Prix de revente]],Table1368[[Date revente]:[Date revente]],">="&L$2,Table1368[[Date revente]:[Date revente]],"<"&EDATE(L$2,1))/SUMIFS(Table1368[[Prix total Achat]:[Prix total Achat]],Table1368[[Date revente]:[Date revente]],">="&L$2,Table1368[[Date revente]:[Date revente]],"<"&EDATE(L$2,1)),"-") -> 2.3248424 | M6: =IFERROR(SUMIFS(Table1368[[Prix de revente]:[Prix de revente]],Table1368[[Date revente]:[Date revente]],">="&M$2,Table1368[[Date revente]:[Date revente]],"<"&EDATE(M$2,1))/SUMIFS(Table1368[[Prix total Achat]:[Prix total Achat]],Table1368[[Date revente]:[Date revente]],">="&M$2,Table1368[[Date revente]:[Date revente]],"<"&EDATE(M$2,1)),"-") -> 2.4130899 | N6: =IFERROR(SUMIFS(Table1368[[Prix de revente]:[Prix de revente]],Table1368[[Date revente]:[Date revente]],">="&N$2,Table1368[[Date revente]:[Date revente]],"<"&EDATE(N$2,1))/SUMIFS(Table1368[[Prix total Achat]:[Prix total Achat]],Table1368[[Date revente]:[Date revente]],">="&N$2,Table1368[[Date revente]:[Date revente]],"<"&EDATE(N$2,1)),"-") -> 2.0244024 | ... R6: =IFERROR(SUMIFS(Table1368[[Prix de revente]:[Prix de revente]],Table1368[[Date revente]:[Date revente]],">="&R$2,Table1368[[Date revente]:[Date revente]],"<"&EDATE(R$2,1))/SUMIFS(Table1368[[Prix total Achat]:[Prix total Achat]],Table1368[[Date revente]:[Date revente]],">="&R$2,Table1368[[Date revente]:[Date revente]],"<"&EDATE(R$2,1)),"-") -> -
A7: Ventes | B7: Panier moyen | C7: =IFERROR(AVERAGEIFS(Table1368[Prix de revente],Table1368[Date revente],">="&EOMONTH(TODAY(),-1)+1,Table1368[Date revente],"<"&EOMONTH(TODAY(),0)+1),"-") -> 97.285714 | D7: =IFERROR(AVERAGEIFS(Table1368[Prix de revente],Table1368[Date revente],">="&EOMONTH(TODAY(),-2)+1,Table1368[Date revente],"<"&EOMONTH(TODAY(),-1)+1),"-") -> 97.888889 | E7: =IFERROR(AVERAGEIFS(Table1368[Prix de revente],Table1368[Date revente],">="&DATE(YEAR(TODAY()),1,1),Table1368[Date revente],"<"&DATE(YEAR(TODAY())+1,1,1)),"-") -> 79.745372 | F7: =IFERROR(AVERAGEIFS(Table1368[Prix de revente],Table1368[Date revente],">="&DATE(YEAR(TODAY())-1,1,1),Table1368[Date revente],"<"&DATE(YEAR(TODAY()),1,1)),"-") -> 66.312245 | G7: =IFERROR(AVERAGEIFS(Table1368[[Prix de revente]:[Prix de revente]],Table1368[[Date revente]:[Date revente]],">="&G$2,Table1368[[Date revente]:[Date revente]],"<"&EDATE(G$2,1)),"-") -> 47.534483 | H7: =IFERROR(AVERAGEIFS(Table1368[[Prix de revente]:[Prix de revente]],Table1368[[Date revente]:[Date revente]],">="&H$2,Table1368[[Date revente]:[Date revente]],"<"&EDATE(H$2,1)),"-") -> 85.211765 | I7: =IFERROR(AVERAGEIFS(Table1368[[Prix de revente]:[Prix de revente]],Table1368[[Date revente]:[Date revente]],">="&I$2,Table1368[[Date revente]:[Date revente]],"<"&EDATE(I$2,1)),"-") -> 78.572727 | J7: =IFERROR(AVERAGEIFS(Table1368[[Prix de revente]:[Prix de revente]],Table1368[[Date revente]:[Date revente]],">="&J$2,Table1368[[Date revente]:[Date revente]],"<"&EDATE(J$2,1)),"-") -> 87.079167 | K7: =IFERROR(AVERAGEIFS(Table1368[[Prix de revente]:[Prix de revente]],Table1368[[Date revente]:[Date revente]],">="&K$2,Table1368[[Date revente]:[Date revente]],"<"&EDATE(K$2,1)),"-") -> 83.382759 | L7: =IFERROR(AVERAGEIFS(Table1368[[Prix de revente]:[Prix de revente]],Table1368[[Date revente]:[Date revente]],">="&L$2,Table1368[[Date revente]:[Date revente]],"<"&EDATE(L$2,1)),"-") -> 79.753939 | M7: =IFERROR(AVERAGEIFS(Table1368[[Prix de revente]:[Prix de revente]],Table1368[[Date revente]:[Date revente]],">="&M$2,Table1368[[Date revente]:[Date revente]],"<"&EDATE(M$2,1)),"-") -> 72.7375 | N7: =IFERROR(AVERAGEIFS(Table1368[[Prix de revente]:[Prix de revente]],Table1368[[Date revente]:[Date revente]],">="&N$2,Table1368[[Date revente]:[Date revente]],"<"&EDATE(N$2,1)),"-") -> 69.364286 | ... R7: =IFERROR(AVERAGEIFS(Table1368[[Prix de revente]:[Prix de revente]],Table1368[[Date revente]:[Date revente]],">="&R$2,Table1368[[Date revente]:[Date revente]],"<"&EDATE(R$2,1)),"-") -> -
A8: Ventes | B8: Ventes effectuées | C8: {=SUMPRODUCT(--(MONTH(Table1368[Date revente])=MONTH(TODAY())),--(YEAR(Table1368[Date revente])=YEAR(TODAY())))} -> 14 | D8: {=SUMPRODUCT(--(MONTH(Table1368[Date revente])=MONTH(EDATE(TODAY(),-1))),--(YEAR(Table1368[Date revente])=YEAR(EDATE(TODAY(),-1))))} -> 36 | E8: {=SUMPRODUCT(--(YEAR(Table1368[Date revente])=YEAR(TODAY())))} -> 242 | F8: {=SUMPRODUCT(--(YEAR(Table1368[Date revente])=YEAR(TODAY())-1))} -> 49 | G8: =IF(COUNTIFS(Table1368[[Date revente]:[Date revente]],">="&G$2,Table1368[[Date revente]:[Date revente]],"<"&EDATE(G$2,1))=0,"-",COUNTIFS(Table1368[[Date revente]:[Date revente]],">="&G$2,Table1368[[Date revente]:[Date revente]],"<"&EDATE(G$2,1))) -> 29 | H8: =IF(COUNTIFS(Table1368[[Date revente]:[Date revente]],">="&H$2,Table1368[[Date revente]:[Date revente]],"<"&EDATE(H$2,1))=0,"-",COUNTIFS(Table1368[[Date revente]:[Date revente]],">="&H$2,Table1368[[Date revente]:[Date revente]],"<"&EDATE(H$2,1))) -> 17 | I8: =IF(COUNTIFS(Table1368[[Date revente]:[Date revente]],">="&I$2,Table1368[[Date revente]:[Date revente]],"<"&EDATE(I$2,1))=0,"-",COUNTIFS(Table1368[[Date revente]:[Date revente]],">="&I$2,Table1368[[Date revente]:[Date revente]],"<"&EDATE(I$2,1))) -> 22 | J8: =IF(COUNTIFS(Table1368[[Date revente]:[Date revente]],">="&J$2,Table1368[[Date revente]:[Date revente]],"<"&EDATE(J$2,1))=0,"-",COUNTIFS(Table1368[[Date revente]:[Date revente]],">="&J$2,Table1368[[Date revente]:[Date revente]],"<"&EDATE(J$2,1))) -> 24 | K8: =IF(COUNTIFS(Table1368[[Date revente]:[Date revente]],">="&K$2,Table1368[[Date revente]:[Date revente]],"<"&EDATE(K$2,1))=0,"-",COUNTIFS(Table1368[[Date revente]:[Date revente]],">="&K$2,Table1368[[Date revente]:[Date revente]],"<"&EDATE(K$2,1))) -> 29 | L8: =IF(COUNTIFS(Table1368[[Date revente]:[Date revente]],">="&L$2,Table1368[[Date revente]:[Date revente]],"<"&EDATE(L$2,1))=0,"-",COUNTIFS(Table1368[[Date revente]:[Date revente]],">="&L$2,Table1368[[Date revente]:[Date revente]],"<"&EDATE(L$2,1))) -> 33 | M8: =IF(COUNTIFS(Table1368[[Date revente]:[Date revente]],">="&M$2,Table1368[[Date revente]:[Date revente]],"<"&EDATE(M$2,1))=0,"-",COUNTIFS(Table1368[[Date revente]:[Date revente]],">="&M$2,Table1368[[Date revente]:[Date revente]],"<"&EDATE(M$2,1))) -> 24 | N8: =IF(COUNTIFS(Table1368[[Date revente]:[Date revente]],">="&N$2,Table1368[[Date revente]:[Date revente]],"<"&EDATE(N$2,1))=0,"-",COUNTIFS(Table1368[[Date revente]:[Date revente]],">="&N$2,Table1368[[Date revente]:[Date revente]],"<"&EDATE(N$2,1))) -> 14 | ... R8: =IF(COUNTIFS(Table1368[[Date revente]:[Date revente]],">="&R$2,Table1368[[Date revente]:[Date revente]],"<"&EDATE(R$2,1))=0,"-",COUNTIFS(Table1368[[Date revente]:[Date revente]],">="&R$2,Table1368[[Date revente]:[Date revente]],"<"&EDATE(R$2,1))) -> -
A9: Achats | B9: Total achat (montant) | C9: =SUMIFS(Table1368[Prix total Achat],Table1368[Date achat],">="&EOMONTH(TODAY(),-1)+1,Table1368[Date achat],"<"&EOMONTH(TODAY(),0)+1) -> 94.97 | D9: =SUMIFS(Table1368[Prix total Achat],Table1368[Date achat],">="&EOMONTH(TODAY(),-2)+1,Table1368[Date achat],"<"&EOMONTH(TODAY(),-1)+1) -> 734.04895 | E9: =SUMIFS(Table1368[Prix total Achat],Table1368[Date achat],">="&DATE(YEAR(TODAY()),1,1),Table1368[Date achat],"<"&DATE(YEAR(TODAY())+1,1,1)) -> 11520.357 | F9: =SUMIFS(Table1368[Prix total Achat],Table1368[Date achat],">="&DATE(YEAR(TODAY())-1,1,1),Table1368[Date achat],"<"&DATE(YEAR(TODAY()),1,1)) -> 2525.1196 | G9: 928 | H9: =IF(SUMIFS(Table1368[[Prix total Achat]:[Prix total Achat]],Table1368[[Date achat]:[Date achat]],">="&H$2,Table1368[[Date achat]:[Date achat]],"<"&EDATE(H$2,1))=0,"-",SUMIFS(Table1368[[Prix total Achat]:[Prix total Achat]],Table1368[[Date achat]:[Date achat]],">="&H$2,Table1368[[Date achat]:[Date achat]],"<"&EDATE(H$2,1))) -> - | I9: =IF(SUMIFS(Table1368[[Prix total Achat]:[Prix total Achat]],Table1368[[Date achat]:[Date achat]],">="&I$2,Table1368[[Date achat]:[Date achat]],"<"&EDATE(I$2,1))=0,"-",SUMIFS(Table1368[[Prix total Achat]:[Prix total Achat]],Table1368[[Date achat]:[Date achat]],">="&I$2,Table1368[[Date achat]:[Date achat]],"<"&EDATE(I$2,1))) -> 968.78884 | J9: =IF(SUMIFS(Table1368[[Prix total Achat]:[Prix total Achat]],Table1368[[Date achat]:[Date achat]],">="&J$2,Table1368[[Date achat]:[Date achat]],"<"&EDATE(J$2,1))=0,"-",SUMIFS(Table1368[[Prix total Achat]:[Prix total Achat]],Table1368[[Date achat]:[Date achat]],">="&J$2,Table1368[[Date achat]:[Date achat]],"<"&EDATE(J$2,1))) -> 1995.4834 | K9: =IF(SUMIFS(Table1368[[Prix total Achat]:[Prix total Achat]],Table1368[[Date achat]:[Date achat]],">="&K$2,Table1368[[Date achat]:[Date achat]],"<"&EDATE(K$2,1))=0,"-",SUMIFS(Table1368[[Prix total Achat]:[Prix total Achat]],Table1368[[Date achat]:[Date achat]],">="&K$2,Table1368[[Date achat]:[Date achat]],"<"&EDATE(K$2,1))) -> 2414.5244 | L9: =IF(SUMIFS(Table1368[[Prix total Achat]:[Prix total Achat]],Table1368[[Date achat]:[Date achat]],">="&L$2,Table1368[[Date achat]:[Date achat]],"<"&EDATE(L$2,1))=0,"-",SUMIFS(Table1368[[Prix total Achat]:[Prix total Achat]],Table1368[[Date achat]:[Date achat]],">="&L$2,Table1368[[Date achat]:[Date achat]],"<"&EDATE(L$2,1))) -> 2184.9499 | M9: =IF(SUMIFS(Table1368[[Prix total Achat]:[Prix total Achat]],Table1368[[Date achat]:[Date achat]],">="&M$2,Table1368[[Date achat]:[Date achat]],"<"&EDATE(M$2,1))=0,"-",SUMIFS(Table1368[[Prix total Achat]:[Prix total Achat]],Table1368[[Date achat]:[Date achat]],">="&M$2,Table1368[[Date achat]:[Date achat]],"<"&EDATE(M$2,1))) -> 1339.3925 | N9: =IF(SUMIFS(Table1368[[Prix total Achat]:[Prix total Achat]],Table1368[[Date achat]:[Date achat]],">="&N$2,Table1368[[Date achat]:[Date achat]],"<"&EDATE(N$2,1))=0,"-",SUMIFS(Table1368[[Prix total Achat]:[Prix total Achat]],Table1368[[Date achat]:[Date achat]],">="&N$2,Table1368[[Date achat]:[Date achat]],"<"&EDATE(N$2,1))) -> 76.63 | O9: =IF(SUMIFS(Table1368[[Prix total Achat]:[Prix total Achat]],Table1368[[Date achat]:[Date achat]],">="&O$2,Table1368[[Date achat]:[Date achat]],"<"&EDATE(O$2,1))=0,"-",SUMIFS(Table1368[[Prix total Achat]:[Prix total Achat]],Table1368[[Date achat]:[Date achat]],">="&O$2,Table1368[[Date achat]:[Date achat]],"<"&EDATE(O$2,1))) -> 734.04895 | ... R9: =IF(SUMIFS(Table1368[[Prix total Achat]:[Prix total Achat]],Table1368[[Date achat]:[Date achat]],">="&R$2,Table1368[[Date achat]:[Date achat]],"<"&EDATE(R$2,1))=0,"-",SUMIFS(Table1368[[Prix total Achat]:[Prix total Achat]],Table1368[[Date achat]:[Date achat]],">="&R$2,Table1368[[Date achat]:[Date achat]],"<"&EDATE(R$2,1))) -> -
A10: Achats | B10: Prix moyen achat | C10: =IFERROR(AVERAGEIFS(Table1368[Prix total Achat],Table1368[Date achat],">="&EOMONTH(TODAY(),-1)+1,Table1368[Date achat],"<"&EOMONTH(TODAY(),0)+1),"-") -> 23.7425 | D10: =IFERROR(AVERAGEIFS(Table1368[Prix total Achat],Table1368[Date achat],">="&EOMONTH(TODAY(),-2)+1,Table1368[Date achat],"<"&EOMONTH(TODAY(),-1)+1),"-") -> 26.216034 | E10: =IFERROR(AVERAGEIFS(Table1368[Prix total Achat],Table1368[Date achat],">="&DATE(YEAR(TODAY()),1,1),Table1368[Date achat],"<"&DATE(YEAR(TODAY())+1,1,1)),"-") -> 35.12304 | F10: =IFERROR(AVERAGEIFS(Table1368[Prix total Achat],Table1368[Date achat],">="&DATE(YEAR(TODAY())-1,1,1),Table1368[Date achat],"<"&DATE(YEAR(TODAY()),1,1)),"-") -> 29.707289 | G10: 31 | H10: =IFERROR(AVERAGEIFS(Table1368[[Prix total Achat]:[Prix total Achat]],Table1368[[Date achat]:[Date achat]],">="&H$2,Table1368[[Date achat]:[Date achat]],"<"&EDATE(H$2,1)),"-") -> - | I10: =IFERROR(AVERAGEIFS(Table1368[[Prix total Achat]:[Prix total Achat]],Table1368[[Date achat]:[Date achat]],">="&I$2,Table1368[[Date achat]:[Date achat]],"<"&EDATE(I$2,1)),"-") -> 32.292961 | J10: =IFERROR(AVERAGEIFS(Table1368[[Prix total Achat]:[Prix total Achat]],Table1368[[Date achat]:[Date achat]],">="&J$2,Table1368[[Date achat]:[Date achat]],"<"&EDATE(J$2,1)),"-") -> 36.953396 | K10: =IFERROR(AVERAGEIFS(Table1368[[Prix total Achat]:[Prix total Achat]],Table1368[[Date achat]:[Date achat]],">="&K$2,Table1368[[Date achat]:[Date achat]],"<"&EDATE(K$2,1)),"-") -> 35.507711 | L10: =IFERROR(AVERAGEIFS(Table1368[[Prix total Achat]:[Prix total Achat]],Table1368[[Date achat]:[Date achat]],">="&L$2,Table1368[[Date achat]:[Date achat]],"<"&EDATE(L$2,1)),"-") -> 37.033049 | M10: =IFERROR(AVERAGEIFS(Table1368[[Prix total Achat]:[Prix total Achat]],Table1368[[Date achat]:[Date achat]],">="&M$2,Table1368[[Date achat]:[Date achat]],"<"&EDATE(M$2,1)),"-") -> 32.66811 | N10: =IFERROR(AVERAGEIFS(Table1368[[Prix total Achat]:[Prix total Achat]],Table1368[[Date achat]:[Date achat]],">="&N$2,Table1368[[Date achat]:[Date achat]],"<"&EDATE(N$2,1)),"-") -> 38.315 | O10: =IFERROR(AVERAGEIFS(Table1368[[Prix total Achat]:[Prix total Achat]],Table1368[[Date achat]:[Date achat]],">="&O$2,Table1368[[Date achat]:[Date achat]],"<"&EDATE(O$2,1)),"-") -> 26.216034 | ... R10: =IFERROR(AVERAGEIFS(Table1368[[Prix total Achat]:[Prix total Achat]],Table1368[[Date achat]:[Date achat]],">="&R$2,Table1368[[Date achat]:[Date achat]],"<"&EDATE(R$2,1)),"-") -> -
A11: Achats | B11: Achats effectués | C11: {=SUMPRODUCT(--(MONTH(Table1368[Date achat])=MONTH(TODAY())),--(YEAR(Table1368[Date achat])=YEAR(TODAY())))} -> 4 | D11: {=SUMPRODUCT(--(MONTH(Table1368[Date achat])=MONTH(EDATE(TODAY(),-1))),--(YEAR(Table1368[Date achat])=YEAR(EDATE(TODAY(),-1))))} -> 28 | E11: {=SUMPRODUCT(--(YEAR(Table1368[Date achat])=YEAR(TODAY())))} -> 328 | F11: - | G11: =IF(COUNTIFS(Table1368[[Date achat]:[Date achat]],">="&G$2,Table1368[[Date achat]:[Date achat]],"<"&EDATE(G$2,1))=0,"-",COUNTIFS(Table1368[[Date achat]:[Date achat]],">="&G$2,Table1368[[Date achat]:[Date achat]],"<"&EDATE(G$2,1))) -> 42 | H11: =IF(COUNTIFS(Table1368[[Date achat]:[Date achat]],">="&H$2,Table1368[[Date achat]:[Date achat]],"<"&EDATE(H$2,1))=0,"-",COUNTIFS(Table1368[[Date achat]:[Date achat]],">="&H$2,Table1368[[Date achat]:[Date achat]],"<"&EDATE(H$2,1))) -> - | I11: =IF(COUNTIFS(Table1368[[Date achat]:[Date achat]],">="&I$2,Table1368[[Date achat]:[Date achat]],"<"&EDATE(I$2,1))=0,"-",COUNTIFS(Table1368[[Date achat]:[Date achat]],">="&I$2,Table1368[[Date achat]:[Date achat]],"<"&EDATE(I$2,1))) -> 30 | J11: =IF(COUNTIFS(Table1368[[Date achat]:[Date achat]],">="&J$2,Table1368[[Date achat]:[Date achat]],"<"&EDATE(J$2,1))=0,"-",COUNTIFS(Table1368[[Date achat]:[Date achat]],">="&J$2,Table1368[[Date achat]:[Date achat]],"<"&EDATE(J$2,1))) -> 54 | K11: =IF(COUNTIFS(Table1368[[Date achat]:[Date achat]],">="&K$2,Table1368[[Date achat]:[Date achat]],"<"&EDATE(K$2,1))=0,"-",COUNTIFS(Table1368[[Date achat]:[Date achat]],">="&K$2,Table1368[[Date achat]:[Date achat]],"<"&EDATE(K$2,1))) -> 68 | L11: =IF(COUNTIFS(Table1368[[Date achat]:[Date achat]],">="&L$2,Table1368[[Date achat]:[Date achat]],"<"&EDATE(L$2,1))=0,"-",COUNTIFS(Table1368[[Date achat]:[Date achat]],">="&L$2,Table1368[[Date achat]:[Date achat]],"<"&EDATE(L$2,1))) -> 59 | M11: =IF(COUNTIFS(Table1368[[Date achat]:[Date achat]],">="&M$2,Table1368[[Date achat]:[Date achat]],"<"&EDATE(M$2,1))=0,"-",COUNTIFS(Table1368[[Date achat]:[Date achat]],">="&M$2,Table1368[[Date achat]:[Date achat]],"<"&EDATE(M$2,1))) -> 41 | N11: =IF(COUNTIFS(Table1368[[Date achat]:[Date achat]],">="&N$2,Table1368[[Date achat]:[Date achat]],"<"&EDATE(N$2,1))=0,"-",COUNTIFS(Table1368[[Date achat]:[Date achat]],">="&N$2,Table1368[[Date achat]:[Date achat]],"<"&EDATE(N$2,1))) -> 2 | ... R11: =IF(COUNTIFS(Table1368[[Date achat]:[Date achat]],">="&R$2,Table1368[[Date achat]:[Date achat]],"<"&EDATE(R$2,1))=0,"-",COUNTIFS(Table1368[[Date achat]:[Date achat]],">="&R$2,Table1368[[Date achat]:[Date achat]],"<"&EDATE(R$2,1))) -> -
A12: Délais | B12: Délai réception d'achat | C12: =IFERROR(AVERAGEIFS(Table1368[Délai achat > réception d''achat],Table1368[Date réception Achat],">="&EOMONTH(TODAY(),-1)+1,Table1368[Date réception Achat],"<"&EOMONTH(TODAY(),0)+1),"-") -> 46 | D12: =IFERROR(AVERAGEIFS(Table1368[Délai achat > réception d''achat],Table1368[Date réception Achat],">="&EOMONTH(TODAY(),-2)+1,Table1368[Date réception Achat],"<"&EOMONTH(TODAY(),-1)+1),"-") -> 51.322581 | E12: =IFERROR(AVERAGEIFS(Table1368[Délai achat > réception d''achat],Table1368[Date réception Achat],">="&DATE(YEAR(TODAY()),1,1),Table1368[Date réception Achat],"<"&DATE(YEAR(TODAY())+1,1,1)),"-") -> 27.865625 | F12: =IFERROR(AVERAGEIFS(Table1368[Délai achat > réception d''achat],Table1368[Date réception Achat],">="&DATE(YEAR(TODAY())-1,1,1),Table1368[Date réception Achat],"<"&DATE(YEAR(TODAY()),1,1)),"-") -> 10.987013 | G12: =IFERROR(AVERAGEIFS(Table1368[[Délai achat > réception d''achat]:[Délai achat > réception d''achat]],Table1368[[Date réception Achat]:[Date réception Achat]],">="&G$2,Table1368[[Date réception Achat]:[Date réception Achat]],"<"&EDATE(G$2,1)),"-") -> 10.210526 | H12: =IFERROR(AVERAGEIFS(Table1368[[Délai achat > réception d''achat]:[Délai achat > réception d''achat]],Table1368[[Date réception Achat]:[Date réception Achat]],">="&H$2,Table1368[[Date réception Achat]:[Date réception Achat]],"<"&EDATE(H$2,1)),"-") -> 22.548387 | I12: =IFERROR(AVERAGEIFS(Table1368[[Délai achat > réception d''achat]:[Délai achat > réception d''achat]],Table1368[[Date réception Achat]:[Date réception Achat]],">="&I$2,Table1368[[Date réception Achat]:[Date réception Achat]],"<"&EDATE(I$2,1)),"-") -> 10.47619 | J12: =IFERROR(AVERAGEIFS(Table1368[[Délai achat > réception d''achat]:[Délai achat > réception d''achat]],Table1368[[Date réception Achat]:[Date réception Achat]],">="&J$2,Table1368[[Date réception Achat]:[Date réception Achat]],"<"&EDATE(J$2,1)),"-") -> 7.8205128 | K12: =IFERROR(AVERAGEIFS(Table1368[[Délai achat > réception d''achat]:[Délai achat > réception d''achat]],Table1368[[Date réception Achat]:[Date réception Achat]],">="&K$2,Table1368[[Date réception Achat]:[Date réception Achat]],"<"&EDATE(K$2,1)),"-") -> 8.6842105 | L12: =IFERROR(AVERAGEIFS(Table1368[[Délai achat > réception d''achat]:[Délai achat > réception d''achat]],Table1368[[Date réception Achat]:[Date réception Achat]],">="&L$2,Table1368[[Date réception Achat]:[Date réception Achat]],"<"&EDATE(L$2,1)),"-") -> 30.054054 | M12: =IFERROR(AVERAGEIFS(Table1368[[Délai achat > réception d''achat]:[Délai achat > réception d''achat]],Table1368[[Date réception Achat]:[Date réception Achat]],">="&M$2,Table1368[[Date réception Achat]:[Date réception Achat]],"<"&EDATE(M$2,1)),"-") -> 30.127273 | N12: =IFERROR(AVERAGEIFS(Table1368[[Délai achat > réception d''achat]:[Délai achat > réception d''achat]],Table1368[[Date réception Achat]:[Date réception Achat]],">="&N$2,Table1368[[Date réception Achat]:[Date réception Achat]],"<"&EDATE(N$2,1)),"-") -> 75.210526 | ... R12: =IFERROR(AVERAGEIFS(Table1368[[Délai achat > réception d''achat]:[Délai achat > réception d''achat]],Table1368[[Date réception Achat]:[Date réception Achat]],">="&R$2,Table1368[[Date réception Achat]:[Date réception Achat]],"<"&EDATE(R$2,1)),"-") -> -
A13: Délais | B13: Délai relisting | C13: =IFERROR(AVERAGEIFS(Table1368[Délai réception d''achat > relisting],Table1368[Date relisting],">="&EOMONTH(TODAY(),-1)+1,Table1368[Date relisting],"<"&EOMONTH(TODAY(),0)+1),"-") -> 4.2777778 | D13: =IFERROR(AVERAGEIFS(Table1368[Délai réception d''achat > relisting],Table1368[Date relisting],">="&EOMONTH(TODAY(),-2)+1,Table1368[Date relisting],"<"&EOMONTH(TODAY(),-1)+1),"-") -> 22.362069 | E13: =IFERROR(AVERAGEIFS(Table1368[Délai réception d''achat > relisting],Table1368[Date relisting],">="&DATE(YEAR(TODAY()),1,1),Table1368[Date relisting],"<"&DATE(YEAR(TODAY())+1,1,1)),"-") -> 6.9423077 | F13: =IFERROR(AVERAGEIFS(Table1368[Délai réception d''achat > relisting],Table1368[Date relisting],">="&DATE(YEAR(TODAY())-1,1,1),Table1368[Date relisting],"<"&DATE(YEAR(TODAY()),1,1)),"-") -> 4.5915493 | G13: =IFERROR(AVERAGEIFS(Table1368[[Délai réception d''achat > relisting]:[Délai réception d''achat > relisting]],Table1368[[Date relisting]:[Date relisting]],">="&G$2,Table1368[[Date relisting]:[Date relisting]],"<"&EDATE(G$2,1)),"-") -> 8.36 | H13: =IFERROR(AVERAGEIFS(Table1368[[Délai réception d''achat > relisting]:[Délai réception d''achat > relisting]],Table1368[[Date relisting]:[Date relisting]],">="&H$2,Table1368[[Date relisting]:[Date relisting]],"<"&EDATE(H$2,1)),"-") -> 2.4516129 | I13: =IFERROR(AVERAGEIFS(Table1368[[Délai réception d''achat > relisting]:[Délai réception d''achat > relisting]],Table1368[[Date relisting]:[Date relisting]],">="&I$2,Table1368[[Date relisting]:[Date relisting]],"<"&EDATE(I$2,1)),"-") -> 1.047619 | J13: =IFERROR(AVERAGEIFS(Table1368[[Délai réception d''achat > relisting]:[Délai réception d''achat > relisting]],Table1368[[Date relisting]:[Date relisting]],">="&J$2,Table1368[[Date relisting]:[Date relisting]],"<"&EDATE(J$2,1)),"-") -> 1.7419355 | K13: =IFERROR(AVERAGEIFS(Table1368[[Délai réception d''achat > relisting]:[Délai réception d''achat > relisting]],Table1368[[Date relisting]:[Date relisting]],">="&K$2,Table1368[[Date relisting]:[Date relisting]],"<"&EDATE(K$2,1)),"-") -> 2.2 | L13: =IFERROR(AVERAGEIFS(Table1368[[Délai réception d''achat > relisting]:[Délai réception d''achat > relisting]],Table1368[[Date relisting]:[Date relisting]],">="&L$2,Table1368[[Date relisting]:[Date relisting]],"<"&EDATE(L$2,1)),"-") -> 3.9736842 | M13: =IFERROR(AVERAGEIFS(Table1368[[Délai réception d''achat > relisting]:[Délai réception d''achat > relisting]],Table1368[[Date relisting]:[Date relisting]],">="&M$2,Table1368[[Date relisting]:[Date relisting]],"<"&EDATE(M$2,1)),"-") -> 4.0227273 | N13: =IFERROR(AVERAGEIFS(Table1368[[Délai réception d''achat > relisting]:[Délai réception d''achat > relisting]],Table1368[[Date relisting]:[Date relisting]],">="&N$2,Table1368[[Date relisting]:[Date relisting]],"<"&EDATE(N$2,1)),"-") -> 4 | ... R13: =IFERROR(AVERAGEIFS(Table1368[[Délai réception d''achat > relisting]:[Délai réception d''achat > relisting]],Table1368[[Date relisting]:[Date relisting]],">="&R$2,Table1368[[Date relisting]:[Date relisting]],"<"&EDATE(R$2,1)),"-") -> -
A14: Délais | B14: Délai revente | C14: =IFERROR(AVERAGEIFS(Table1368[Délai relisting > revente],Table1368[Date revente],">="&EOMONTH(TODAY(),-1)+1,Table1368[Date revente],"<"&EOMONTH(TODAY(),0)+1),"-") -> 28.214286 | D14: =IFERROR(AVERAGEIFS(Table1368[Délai relisting > revente],Table1368[Date revente],">="&EOMONTH(TODAY(),-2)+1,Table1368[Date revente],"<"&EOMONTH(TODAY(),-1)+1),"-") -> 68.333333 | E14: =IFERROR(AVERAGEIFS(Table1368[Délai relisting > revente],Table1368[Date revente],">="&DATE(YEAR(TODAY()),1,1),Table1368[Date revente],"<"&DATE(YEAR(TODAY())+1,1,1)),"-") -> 34.049587 | F14: =IFERROR(AVERAGEIFS(Table1368[Délai relisting > revente],Table1368[Date revente],">="&DATE(YEAR(TODAY())-1,1,1),Table1368[Date revente],"<"&DATE(YEAR(TODAY()),1,1)),"-") -> 23.857143 | G14: =IFERROR(AVERAGEIFS(Table1368[[Délai relisting > revente]:[Délai relisting > revente]],Table1368[[Date revente]:[Date revente]],">="&G$2,Table1368[[Date revente]:[Date revente]],"<"&EDATE(G$2,1)),"-") -> 20.482759 | H14: =IFERROR(AVERAGEIFS(Table1368[[Délai relisting > revente]:[Délai relisting > revente]],Table1368[[Date revente]:[Date revente]],">="&H$2,Table1368[[Date revente]:[Date revente]],"<"&EDATE(H$2,1)),"-") -> 21.941176 | I14: =IFERROR(AVERAGEIFS(Table1368[[Délai relisting > revente]:[Délai relisting > revente]],Table1368[[Date revente]:[Date revente]],">="&I$2,Table1368[[Date revente]:[Date revente]],"<"&EDATE(I$2,1)),"-") -> 31.681818 | J14: =IFERROR(AVERAGEIFS(Table1368[[Délai relisting > revente]:[Délai relisting > revente]],Table1368[[Date revente]:[Date revente]],">="&J$2,Table1368[[Date revente]:[Date revente]],"<"&EDATE(J$2,1)),"-") -> 39.25 | K14: =IFERROR(AVERAGEIFS(Table1368[[Délai relisting > revente]:[Délai relisting > revente]],Table1368[[Date revente]:[Date revente]],">="&K$2,Table1368[[Date revente]:[Date revente]],"<"&EDATE(K$2,1)),"-") -> 22.172414 | L14: =IFERROR(AVERAGEIFS(Table1368[[Délai relisting > revente]:[Délai relisting > revente]],Table1368[[Date revente]:[Date revente]],">="&L$2,Table1368[[Date revente]:[Date revente]],"<"&EDATE(L$2,1)),"-") -> 27.969697 | M14: =IFERROR(AVERAGEIFS(Table1368[[Délai relisting > revente]:[Délai relisting > revente]],Table1368[[Date revente]:[Date revente]],">="&M$2,Table1368[[Date revente]:[Date revente]],"<"&EDATE(M$2,1)),"-") -> 24 | N14: =IFERROR(AVERAGEIFS(Table1368[[Délai relisting > revente]:[Délai relisting > revente]],Table1368[[Date revente]:[Date revente]],">="&N$2,Table1368[[Date revente]:[Date revente]],"<"&EDATE(N$2,1)),"-") -> 45.5 | ... R14: =IFERROR(AVERAGEIFS(Table1368[[Délai relisting > revente]:[Délai relisting > revente]],Table1368[[Date revente]:[Date revente]],">="&R$2,Table1368[[Date revente]:[Date revente]],"<"&EDATE(R$2,1)),"-") -> -
A15: Délais | B15: Jours stockés | C15: =IFERROR(AVERAGEIFS(Table1368[Délai réception d''achat > vente (jours stockés)],Table1368[Date revente],">="&EOMONTH(TODAY(),-1)+1,Table1368[Date revente],"<"&EOMONTH(TODAY(),0)+1),"-") -> 47.571429 | D15: =IFERROR(AVERAGEIFS(Table1368[Délai réception d''achat > vente (jours stockés)],Table1368[Date revente],">="&EOMONTH(TODAY(),-2)+1,Table1368[Date revente],"<"&EOMONTH(TODAY(),-1)+1),"-") -> 79.944444 | E15: =IFERROR(AVERAGEIFS(Table1368[Délai réception d''achat > vente (jours stockés)],Table1368[Date revente],">="&DATE(YEAR(TODAY()),1,1),Table1368[Date revente],"<"&DATE(YEAR(TODAY())+1,1,1)),"-") -> 39.768595 | F15: =IFERROR(AVERAGEIFS(Table1368[Délai réception d''achat > vente (jours stockés)],Table1368[Date achat],">="&DATE(YEAR(TODAY())-1,1,1),Table1368[Date revente],"<"&DATE(YEAR(TODAY()),1,1)),"-") -> 28.469388 | G15: =IFERROR(AVERAGEIFS(Table1368[[Délai réception d''achat > vente (jours stockés)]:[Délai réception d''achat > vente (jours stockés)]],Table1368[[Date revente]:[Date revente]],">="&G$2,Table1368[[Date revente]:[Date revente]],"<"&EDATE(G$2,1)),"-") -> 25.517241 | H15: =IFERROR(AVERAGEIFS(Table1368[[Délai réception d''achat > vente (jours stockés)]:[Délai réception d''achat > vente (jours stockés)]],Table1368[[Date revente]:[Date revente]],">="&H$2,Table1368[[Date revente]:[Date revente]],"<"&EDATE(H$2,1)),"-") -> 29.294118 | I15: =IFERROR(AVERAGEIFS(Table1368[[Délai réception d''achat > vente (jours stockés)]:[Délai réception d''achat > vente (jours stockés)]],Table1368[[Date revente]:[Date revente]],">="&I$2,Table1368[[Date revente]:[Date revente]],"<"&EDATE(I$2,1)),"-") -> 34.5 | J15: =IFERROR(AVERAGEIFS(Table1368[[Délai réception d''achat > vente (jours stockés)]:[Délai réception d''achat > vente (jours stockés)]],Table1368[[Date revente]:[Date revente]],">="&J$2,Table1368[[Date revente]:[Date revente]],"<"&EDATE(J$2,1)),"-") -> 41.916667 | K15: =IFERROR(AVERAGEIFS(Table1368[[Délai réception d''achat > vente (jours stockés)]:[Délai réception d''achat > vente (jours stockés)]],Table1368[[Date revente]:[Date revente]],">="&K$2,Table1368[[Date revente]:[Date revente]],"<"&EDATE(K$2,1)),"-") -> 23.655172 | L15: =IFERROR(AVERAGEIFS(Table1368[[Délai réception d''achat > vente (jours stockés)]:[Délai réception d''achat > vente (jours stockés)]],Table1368[[Date revente]:[Date revente]],">="&L$2,Table1368[[Date revente]:[Date revente]],"<"&EDATE(L$2,1)),"-") -> 30.818182 | M15: =IFERROR(AVERAGEIFS(Table1368[[Délai réception d''achat > vente (jours stockés)]:[Délai réception d''achat > vente (jours stockés)]],Table1368[[Date revente]:[Date revente]],">="&M$2,Table1368[[Date revente]:[Date revente]],"<"&EDATE(M$2,1)),"-") -> 28.625 | N15: =IFERROR(AVERAGEIFS(Table1368[[Délai réception d''achat > vente (jours stockés)]:[Délai réception d''achat > vente (jours stockés)]],Table1368[[Date revente]:[Date revente]],">="&N$2,Table1368[[Date revente]:[Date revente]],"<"&EDATE(N$2,1)),"-") -> 49.071429 | ... R15: =IFERROR(AVERAGEIFS(Table1368[[Délai réception d''achat > vente (jours stockés)]:[Délai réception d''achat > vente (jours stockés)]],Table1368[[Date revente]:[Date revente]],">="&R$2,Table1368[[Date revente]:[Date revente]],"<"&EDATE(R$2,1)),"-") -> -
A16: Inventaire | B16: Valeur d'achat en stock | C16: =SUMIFS(Table1368[Prix total Achat],Table1368[Statut],"Listé")+SUMIFS(Table1368[Prix total Achat],Table1368[Statut],"Acheté (reçu)") -> 3454.1236 | G16: 653.54117 | H16: 1313.9302 | I16: 1180.0346 | J16: 1728.7057 | K16: 2036.2393 | L16: 2153.8119 | M16: 3119.8653 | N16: 2935.0755 | O16: 3153.4015
A17: Inventaire | B17: Valeur d'achats en attente | C17: =SUMIFS(Table1368[Prix total Achat],Table1368[Statut],"Acheté (en attente)") -> 630.2963 | G17: 609.7245 | H17: 0 | I17: 325.966 | J17: 758.94481 | K17: 2006.0543 | L17: 2941.3157 | M17: 2517.172 | N17: 2298.8947 | O17: 1351.0848
A18: Inventaire | B18: Valeur stock totale | C18: =SUMIFS(Table1368[Prix total Achat],Table1368[Statut],"Listé")+SUMIFS(Table1368[Prix total Achat],Table1368[Statut],"Acheté (reçu)")+SUMIFS(Table1368[Prix total Achat],Table1368[Statut],"Acheté (en attente)") -> 4084.4199 | G18: 1263.2657 | H18: 1313.9302 | I18: 1506.0006 | J18: 2487.6505 | K18: 4042.2936 | L18: 5095.1276 | M18: 5637.0373 | N18: 5233.9702 | O18: 4504.4863
A19: Inventaire | B19: Achats reçus ce mois-ci | C19: {=SUMPRODUCT(--(MONTH(Table1368[Date réception Achat])=MONTH(TODAY())),--(YEAR(Table1368[Date réception Achat])=YEAR(TODAY())))} -> 30 | D19: {=SUMPRODUCT(--(MONTH(Table1368[Date réception Achat])=MONTH(EDATE(TODAY(),-1))),--(YEAR(Table1368[Date réception Achat])=YEAR(EDATE(TODAY(),-1))))} -> 31 | E19: {=SUMPRODUCT(--(YEAR(Table1368[Date réception Achat])=YEAR(TODAY())))} -> 320 | F19: {=SUMPRODUCT(--(YEAR(Table1368[Date réception Achat])=YEAR(TODAY())-1))} -> 77 | G19: 21 | H19: 31 | I19: 21 | J19: 39 | K19: 39 | L19: 37 | M19: 55 | N19: 0 | O19: 31
A20: Inventaire | B20: Articles listés ce mois-ci | C20: {=SUMPRODUCT(--(MONTH(Table1368[Date relisting])=MONTH(TODAY())),--(YEAR(Table1368[Date relisting])=YEAR(TODAY())))} -> 18 | D20: {=SUMPRODUCT(--(MONTH(Table1368[Date relisting])=MONTH(EDATE(TODAY(),-1))),--(YEAR(Table1368[Date relisting])=YEAR(EDATE(TODAY(),-1))))} -> 58 | E20: {=SUMPRODUCT(--(YEAR(Table1368[Date relisting])=YEAR(TODAY())))} -> 312 | F20: {=SUMPRODUCT(--(YEAR(Table1368[Date relisting])=YEAR(TODAY())-1))} -> 71 | G20: 27 | H20: 31 | I20: 21 | J20: 31 | K20: 46 | L20: 38 | M20: 44 | N20: 0 | O20: 58
A21: Inventaire | B21: Inventaire réél | C21: =COUNTIFS(Table1368[Statut],"Acheté (reçu)")+COUNTIFS(Table1368[Statut],"Listé") -> 106 | G21: 20 | H21: 32 | I21: 31 | J21: 44 | K21: 56 | L21: 60 | M21: 91 | N21: 83 | O21: 91
A22: Inventaire | B22: Inventaire en attente | C22: =COUNTIFS(Table1368[Statut],"Acheté (en attente)") -> 16 | G22: 17 | H22: 0 | I22: 9 | J22: 24 | K22: 55 | L22: 71 | M22: 62 | N22: 58 | O22: 42
A23: Inventaire | B23: Inventaire total | C23: =COUNTIFS(Table1368[Statut],"Acheté (reçu)")+COUNTIFS(Table1368[Statut],"Listé")+COUNTIFS(Table1368[Statut],"Acheté (en attente)") -> 122 | D23: - | E23: - | F23: - | G23: 37 | H23: 32 | I23: 40 | J23: 68 | K23: 111 | L23: 131 | M23: 153 | N23: 141 | O23: 133
A24: Objectif | B24: Total vente (CA) : objectif | C24: 7600 | D24: 7600 | E24: 91200 | G24: 7600 | H24: 7600 | I24: 7600 | J24: 7600 | K24: 7600 | L24: 7600 | M24: 7600 | N24: 7600 | O24: 7600 | P24: 7600 | Q24: 7600 | R24: 7600
A25: Objectif | B25: Total vente (CA) : Réel | C25: =SUMIFS(Table1368[Prix de revente],Table1368[Date revente],">="&EOMONTH(TODAY(),-1)+1,Table1368[Date revente],"<"&EOMONTH(TODAY(),0)+1) -> 1362 | D25: =SUMIFS(Table1368[Bénéfice],Table1368[Date revente],">="&EOMONTH(TODAY(),-2)+1,Table1368[Date revente],"<"&EOMONTH(TODAY(),-1)+1) -> 2060.4672 | E25: =SUMIFS(Table1368[Prix de revente],Table1368[Date revente],">="&DATE(YEAR(TODAY()),1,1),Table1368[Date revente],"<"&DATE(YEAR(TODAY())+1,1,1)) -> 19298.38 | G25: =IF(SUMIFS(Table1368[[Prix de revente]:[Prix de revente]],Table1368[[Date revente]:[Date revente]],">="&G$2,Table1368[[Date revente]:[Date revente]],"<"&EDATE(G$2,1))=0,"-",SUMIFS(Table1368[[Prix de revente]:[Prix de revente]],Table1368[[Date revente]:[Date revente]],">="&G$2,Table1368[[Date revente]:[Date revente]],"<"&EDATE(G$2,1))) -> 1378.5 | H25: =IF(SUMIFS(Table1368[[Prix de revente]:[Prix de revente]],Table1368[[Date revente]:[Date revente]],">="&H$2,Table1368[[Date revente]:[Date revente]],"<"&EDATE(H$2,1))=0,"-",SUMIFS(Table1368[[Prix de revente]:[Prix de revente]],Table1368[[Date revente]:[Date revente]],">="&H$2,Table1368[[Date revente]:[Date revente]],"<"&EDATE(H$2,1))) -> 1448.6 | I25: =IF(SUMIFS(Table1368[[Prix de revente]:[Prix de revente]],Table1368[[Date revente]:[Date revente]],">="&I$2,Table1368[[Date revente]:[Date revente]],"<"&EDATE(I$2,1))=0,"-",SUMIFS(Table1368[[Prix de revente]:[Prix de revente]],Table1368[[Date revente]:[Date revente]],">="&I$2,Table1368[[Date revente]:[Date revente]],"<"&EDATE(I$2,1))) -> 1728.6 | J25: =IF(SUMIFS(Table1368[[Prix de revente]:[Prix de revente]],Table1368[[Date revente]:[Date revente]],">="&J$2,Table1368[[Date revente]:[Date revente]],"<"&EDATE(J$2,1))=0,"-",SUMIFS(Table1368[[Prix de revente]:[Prix de revente]],Table1368[[Date revente]:[Date revente]],">="&J$2,Table1368[[Date revente]:[Date revente]],"<"&EDATE(J$2,1))) -> 2089.9 | K25: =IF(SUMIFS(Table1368[[Prix de revente]:[Prix de revente]],Table1368[[Date revente]:[Date revente]],">="&K$2,Table1368[[Date revente]:[Date revente]],"<"&EDATE(K$2,1))=0,"-",SUMIFS(Table1368[[Prix de revente]:[Prix de revente]],Table1368[[Date revente]:[Date revente]],">="&K$2,Table1368[[Date revente]:[Date revente]],"<"&EDATE(K$2,1))) -> 2418.1 | L25: =IF(SUMIFS(Table1368[[Prix de revente]:[Prix de revente]],Table1368[[Date revente]:[Date revente]],">="&L$2,Table1368[[Date revente]:[Date revente]],"<"&EDATE(L$2,1))=0,"-",SUMIFS(Table1368[[Prix de revente]:[Prix de revente]],Table1368[[Date revente]:[Date revente]],">="&L$2,Table1368[[Date revente]:[Date revente]],"<"&EDATE(L$2,1))) -> 2631.88 | M25: =IF(SUMIFS(Table1368[[Prix de revente]:[Prix de revente]],Table1368[[Date revente]:[Date revente]],">="&M$2,Table1368[[Date revente]:[Date revente]],"<"&EDATE(M$2,1))=0,"-",SUMIFS(Table1368[[Prix de revente]:[Prix de revente]],Table1368[[Date revente]:[Date revente]],">="&M$2,Table1368[[Date revente]:[Date revente]],"<"&EDATE(M$2,1))) -> 1745.7 | N25: =IF(SUMIFS(Table1368[[Prix de revente]:[Prix de revente]],Table1368[[Date revente]:[Date revente]],">="&N$2,Table1368[[Date revente]:[Date revente]],"<"&EDATE(N$2,1))=0,"-",SUMIFS(Table1368[[Prix de revente]:[Prix de revente]],Table1368[[Date revente]:[Date revente]],">="&N$2,Table1368[[Date revente]:[Date revente]],"<"&EDATE(N$2,1))) -> 971.1 | ... R25: =IF(SUMIFS(Table1368[[Prix de revente]:[Prix de revente]],Table1368[[Date revente]:[Date revente]],">="&R$2,Table1368[[Date revente]:[Date revente]],"<"&EDATE(R$2,1))=0,"-",SUMIFS(Table1368[[Prix de revente]:[Prix de revente]],Table1368[[Date revente]:[Date revente]],">="&R$2,Table1368[[Date revente]:[Date revente]],"<"&EDATE(R$2,1))) -> -
A26: Objectif | B26: Total vente (CA) % | C26: =C3/C24 -> 0.17921053 | D26: =D3/D24 -> 0.46368421 | E26: =E3/E24 -> 0.21160504 | G26: =G3/G24 -> 0.18138158 | H26: =H3/H24 -> 0.19060526 | I26: =I3/I24 -> 0.22744737 | J26: 0.30722368 | K26: =K3/K24 -> 0.31817105 | L26: =L3/L24 -> 0.3463 | M26: =M3/M24 -> 0.22969737 | N26: =N3/N24 -> 0.12777632 | O26: =O3/O24 -> 0.46368421 | P26: =P3/P24 -> 0.17921053 | Q26: =Q3/Q24 -> #VALUE! | R26: =R3/R24 -> #VALUE!
A27: Objectif | B27: Bénéfice : Objectif | C27: 4145 | D27: 4145 | E27: 49740 | G27: 4145 | H27: 4145 | I27: 4145 | J27: 4145 | K27: 4145 | L27: 4145 | M27: 4145 | N27: 4145 | O27: 4145 | P27: 4145 | Q27: 4145 | R27: 4145
A28: Objectif | B28: Bénéfice : Réel | C28: =SUMIFS(Table1368[Bénéfice],Table1368[Date revente],">="&EOMONTH(TODAY(),-1)+1,Table1368[Date revente],"<"&EOMONTH(TODAY(),0)+1) -> 858.94355 | D28: =SUMIFS(Table1368[Bénéfice],Table1368[Date revente],">="&EOMONTH(TODAY(),-2)+1,Table1368[Date revente],"<"&EOMONTH(TODAY(),-1)+1) -> 2060.4672 | E28: =SUMIFS(Table1368[Bénéfice],Table1368[Date revente],">="&DATE(YEAR(TODAY()),1,1),Table1368[Date revente],"<"&DATE(YEAR(TODAY())+1,1,1)) -> 10901.953 | G28: =IF(SUMIFS(Table1368[[Bénéfice]:[Bénéfice]],Table1368[[Date revente]:[Date revente]],">="&G$2,Table1368[[Date revente]:[Date revente]],"<"&EDATE(G$2,1))=0,"-",SUMIFS(Table1368[[Bénéfice]:[Bénéfice]],Table1368[[Date revente]:[Date revente]],">="&G$2,Table1368[[Date revente]:[Date revente]],"<"&EDATE(G$2,1))) -> 753.38159 | H28: =IF(SUMIFS(Table1368[[Bénéfice]:[Bénéfice]],Table1368[[Date revente]:[Date revente]],">="&H$2,Table1368[[Date revente]:[Date revente]],"<"&EDATE(H$2,1))=0,"-",SUMIFS(Table1368[[Bénéfice]:[Bénéfice]],Table1368[[Date revente]:[Date revente]],">="&H$2,Table1368[[Date revente]:[Date revente]],"<"&EDATE(H$2,1))) -> 715.58999 | I28: =IF(SUMIFS(Table1368[[Bénéfice]:[Bénéfice]],Table1368[[Date revente]:[Date revente]],">="&I$2,Table1368[[Date revente]:[Date revente]],"<"&EDATE(I$2,1))=0,"-",SUMIFS(Table1368[[Bénéfice]:[Bénéfice]],Table1368[[Date revente]:[Date revente]],">="&I$2,Table1368[[Date revente]:[Date revente]],"<"&EDATE(I$2,1))) -> 951.88679 | J28: =IF(SUMIFS(Table1368[[Bénéfice]:[Bénéfice]],Table1368[[Date revente]:[Date revente]],">="&J$2,Table1368[[Date revente]:[Date revente]],"<"&EDATE(J$2,1))=0,"-",SUMIFS(Table1368[[Bénéfice]:[Bénéfice]],Table1368[[Date revente]:[Date revente]],">="&J$2,Table1368[[Date revente]:[Date revente]],"<"&EDATE(J$2,1))) -> 1193.3314 | K28: =IF(SUMIFS(Table1368[[Bénéfice]:[Bénéfice]],Table1368[[Date revente]:[Date revente]],">="&K$2,Table1368[[Date revente]:[Date revente]],"<"&EDATE(K$2,1))=0,"-",SUMIFS(Table1368[[Bénéfice]:[Bénéfice]],Table1368[[Date revente]:[Date revente]],">="&K$2,Table1368[[Date revente]:[Date revente]],"<"&EDATE(K$2,1))) -> 1354.8675 | L28: =IF(SUMIFS(Table1368[[Bénéfice]:[Bénéfice]],Table1368[[Date revente]:[Date revente]],">="&L$2,Table1368[[Date revente]:[Date revente]],"<"&EDATE(L$2,1))=0,"-",SUMIFS(Table1368[[Bénéfice]:[Bénéfice]],Table1368[[Date revente]:[Date revente]],">="&L$2,Table1368[[Date revente]:[Date revente]],"<"&EDATE(L$2,1))) -> 1499.8118 | M28: =IF(SUMIFS(Table1368[[Bénéfice]:[Bénéfice]],Table1368[[Date revente]:[Date revente]],">="&M$2,Table1368[[Date revente]:[Date revente]],"<"&EDATE(M$2,1))=0,"-",SUMIFS(Table1368[[Bénéfice]:[Bénéfice]],Table1368[[Date revente]:[Date revente]],">="&M$2,Table1368[[Date revente]:[Date revente]],"<"&EDATE(M$2,1))) -> 1022.2707 | N28: =IF(SUMIFS(Table1368[[Bénéfice]:[Bénéfice]],Table1368[[Date revente]:[Date revente]],">="&N$2,Table1368[[Date revente]:[Date revente]],"<"&EDATE(N$2,1))=0,"-",SUMIFS(Table1368[[Bénéfice]:[Bénéfice]],Table1368[[Date revente]:[Date revente]],">="&N$2,Table1368[[Date revente]:[Date revente]],"<"&EDATE(N$2,1))) -> 491.40289 | ... R28: =IF(SUMIFS(Table1368[[Bénéfice]:[Bénéfice]],Table1368[[Date revente]:[Date revente]],">="&R$2,Table1368[[Date revente]:[Date revente]],"<"&EDATE(R$2,1))=0,"-",SUMIFS(Table1368[[Bénéfice]:[Bénéfice]],Table1368[[Date revente]:[Date revente]],">="&R$2,Table1368[[Date revente]:[Date revente]],"<"&EDATE(R$2,1))) -> -
A29: Objectif | B29: Bénéfice % | C29: =C4/C27 -> 0.20722402 | D29: =D4/D27 -> 0.49709703 | E29: =E4/E27 -> 0.2191788 | G29: =G4/G27 -> 0.18175672 | H29: =H4/H27 -> 0.17263932 | I29: =I4/I27 -> 0.22964699 | J29: 0.31871201 | K29: =K4/K27 -> 0.3268679 | L29: =L4/L27 -> 0.36183639 | M29: =M4/M27 -> 0.24662742 | N29: =N4/N27 -> 0.11855317 | O29: =O4/O27 -> 0.49709703 | P29: =P4/P27 -> 0.20722402 | Q29: =Q4/Q27 -> #VALUE! | R29: =R4/R27 -> #VALUE!
A30: Objectif | B30: Panier moyen : Objectif | C30: 80 | D30: 80 | E30: 80 | G30: 80 | H30: 80 | I30: 80 | J30: 80 | K30: 80 | L30: 80 | M30: 80 | N30: 80 | O30: 80 | P30: 80 | Q30: 80 | R30: 80
A31: Objectif | B31: Panier moyen : Réel | C31: =IFERROR(AVERAGEIFS(Table1368[Prix de revente],Table1368[Date revente],">="&EOMONTH(TODAY(),-1)+1,Table1368[Date revente],"<"&EOMONTH(TODAY(),0)+1),"-") -> 97.285714 | D31: =IFERROR(AVERAGEIFS(Table1368[Prix de revente],Table1368[Date revente],">="&EOMONTH(TODAY(),-2)+1,Table1368[Date revente],"<"&EOMONTH(TODAY(),-1)+1),"-") -> 97.888889 | E31: =IFERROR(AVERAGEIFS(Table1368[Prix de revente],Table1368[Date revente],">="&DATE(YEAR(TODAY()),1,1),Table1368[Date revente],"<"&DATE(YEAR(TODAY())+1,1,1)),"-") -> 79.745372 | G31: =IFERROR(AVERAGEIFS(Table1368[[Prix de revente]:[Prix de revente]],Table1368[[Date revente]:[Date revente]],">="&G$2,Table1368[[Date revente]:[Date revente]],"<"&EDATE(G$2,1)),"-") -> 47.534483 | H31: =IFERROR(AVERAGEIFS(Table1368[[Prix de revente]:[Prix de revente]],Table1368[[Date revente]:[Date revente]],">="&H$2,Table1368[[Date revente]:[Date revente]],"<"&EDATE(H$2,1)),"-") -> 85.211765 | I31: =IFERROR(AVERAGEIFS(Table1368[[Prix de revente]:[Prix de revente]],Table1368[[Date revente]:[Date revente]],">="&I$2,Table1368[[Date revente]:[Date revente]],"<"&EDATE(I$2,1)),"-") -> 78.572727 | J31: =IFERROR(AVERAGEIFS(Table1368[[Prix de revente]:[Prix de revente]],Table1368[[Date revente]:[Date revente]],">="&J$2,Table1368[[Date revente]:[Date revente]],"<"&EDATE(J$2,1)),"-") -> 87.079167 | K31: =IFERROR(AVERAGEIFS(Table1368[[Prix de revente]:[Prix de revente]],Table1368[[Date revente]:[Date revente]],">="&K$2,Table1368[[Date revente]:[Date revente]],"<"&EDATE(K$2,1)),"-") -> 83.382759 | L31: =IFERROR(AVERAGEIFS(Table1368[[Prix de revente]:[Prix de revente]],Table1368[[Date revente]:[Date revente]],">="&L$2,Table1368[[Date revente]:[Date revente]],"<"&EDATE(L$2,1)),"-") -> 79.753939 | M31: =IFERROR(AVERAGEIFS(Table1368[[Prix de revente]:[Prix de revente]],Table1368[[Date revente]:[Date revente]],">="&M$2,Table1368[[Date revente]:[Date revente]],"<"&EDATE(M$2,1)),"-") -> 72.7375 | N31: =IFERROR(AVERAGEIFS(Table1368[[Prix de revente]:[Prix de revente]],Table1368[[Date revente]:[Date revente]],">="&N$2,Table1368[[Date revente]:[Date revente]],"<"&EDATE(N$2,1)),"-") -> 69.364286 | ... R31: =IFERROR(AVERAGEIFS(Table1368[[Prix de revente]:[Prix de revente]],Table1368[[Date revente]:[Date revente]],">="&R$2,Table1368[[Date revente]:[Date revente]],"<"&EDATE(R$2,1)),"-") -> -
A32: Objectif | B32: Panier moyen % | C32: =C7/C30 -> 1.2160714 | D32: =D7/D30 -> 1.2236111 | E32: =E7/E30 -> 0.99681715 | G32: =G7/G30 -> 0.59418103 | H32: =H7/H30 -> 1.0651471 | I32: =I7/I30 -> 0.98215909 | J32: 1.1225481 | K32: =K7/K30 -> 1.0422845 | L32: =L7/L30 -> 0.99692424 | M32: =M7/M30 -> 0.90921875 | N32: =N7/N30 -> 0.86705357 | O32: =O7/O30 -> 1.2236111 | P32: =P7/P30 -> 1.2160714 | Q32: =Q7/Q30 -> #VALUE! | R32: =R7/R30 -> #VALUE!
A33: Objectif | B33: Bénéfice moyen : Objectif | C33: 44 | D33: 44 | E33: 44 | G33: 44 | H33: 44 | I33: 44 | J33: 44 | K33: 44 | L33: 44 | M33: 44 | N33: 44 | O33: 44 | P33: 44 | Q33: 44 | R33: 44
A34: Objectif | B34: Bénéfice moyen : Réel | C34: =IFERROR(AVERAGEIFS(Table1368[Bénéfice],Table1368[Date revente],">="&EOMONTH(TODAY(),-1)+1,Table1368[Date revente],"<"&EOMONTH(TODAY(),0)+1),"-") -> 61.353111 | D34: =IFERROR(AVERAGEIFS(Table1368[Bénéfice],Table1368[Date revente],">="&EOMONTH(TODAY(),-2)+1,Table1368[Date revente],"<"&EOMONTH(TODAY(),-1)+1),"-") -> 57.235199 | E34: =IFERROR(AVERAGEIFS(Table1368[Bénéfice],Table1368[Date revente],">="&DATE(YEAR(TODAY()),1,1),Table1368[Date revente],"<"&DATE(YEAR(TODAY())+1,1,1)),"-") -> 45.049394 | G34: =IFERROR(AVERAGEIFS(Table1368[[Bénéfice]:[Bénéfice]],Table1368[[Date revente]:[Date revente]],">="&G$2,Table1368[[Date revente]:[Date revente]],"<"&EDATE(G$2,1)),"-") -> 25.978676 | H34: =IFERROR(AVERAGEIFS(Table1368[[Bénéfice]:[Bénéfice]],Table1368[[Date revente]:[Date revente]],">="&H$2,Table1368[[Date revente]:[Date revente]],"<"&EDATE(H$2,1)),"-") -> 42.093529 | I34: =IFERROR(AVERAGEIFS(Table1368[[Bénéfice]:[Bénéfice]],Table1368[[Date revente]:[Date revente]],">="&I$2,Table1368[[Date revente]:[Date revente]],"<"&EDATE(I$2,1)),"-") -> 43.267581 | J34: =IFERROR(AVERAGEIFS(Table1368[[Bénéfice]:[Bénéfice]],Table1368[[Date revente]:[Date revente]],">="&J$2,Table1368[[Date revente]:[Date revente]],"<"&EDATE(J$2,1)),"-") -> 49.722141 | K34: =IFERROR(AVERAGEIFS(Table1368[[Bénéfice]:[Bénéfice]],Table1368[[Date revente]:[Date revente]],">="&K$2,Table1368[[Date revente]:[Date revente]],"<"&EDATE(K$2,1)),"-") -> 46.719568 | L34: =IFERROR(AVERAGEIFS(Table1368[[Bénéfice]:[Bénéfice]],Table1368[[Date revente]:[Date revente]],">="&L$2,Table1368[[Date revente]:[Date revente]],"<"&EDATE(L$2,1)),"-") -> 45.448844 | M34: =IFERROR(AVERAGEIFS(Table1368[[Bénéfice]:[Bénéfice]],Table1368[[Date revente]:[Date revente]],">="&M$2,Table1368[[Date revente]:[Date revente]],"<"&EDATE(M$2,1)),"-") -> 42.594611 | N34: =IFERROR(AVERAGEIFS(Table1368[[Bénéfice]:[Bénéfice]],Table1368[[Date revente]:[Date revente]],">="&N$2,Table1368[[Date revente]:[Date revente]],"<"&EDATE(N$2,1)),"-") -> 35.100206 | ... R34: =IFERROR(AVERAGEIFS(Table1368[[Bénéfice]:[Bénéfice]],Table1368[[Date revente]:[Date revente]],">="&R$2,Table1368[[Date revente]:[Date revente]],"<"&EDATE(R$2,1)),"-") -> -
A35: Objectif | B35: Bénéfice moyen % | C35: =C5/C33 -> 1.3943889 | D35: =D5/D33 -> 1.3008 | E35: =E5/E33 -> 1.0238499 | G35: =G5/G33 -> 0.59042445 | H35: =H5/H33 -> 0.95667111 | I35: =I5/I33 -> 0.98335412 | J35: 1.1547738 | K35: =K5/K33 -> 1.0618084 | L35: =L5/L33 -> 1.0329283 | M35: =M5/M33 -> 0.96805935 | N35: =N5/N33 -> 0.79773196 | O35: =O5/O33 -> 1.3008 | P35: =P5/P33 -> 1.3943889 | Q35: =Q5/Q33 -> #VALUE! | R35: =R5/R33 -> #VALUE!
A36: Objectif | B36: Profit moyen coef : Objectif | C36: 2.2 | D36: 2.2 | E36: 2.2 | G36: 2.2 | H36: 2.2 | I36: 2.2 | J36: 2.2 | K36: 2.2 | L36: 2.2 | M36: 2.2 | N36: 2.2 | O36: 2.2 | P36: 2.2 | Q36: 2.2 | R36: 2.2
A37: Objectif | B37: Profit moyen coef : Réel | C37: =IFERROR(SUMIFS(Table1368[Prix de revente],Table1368[Date revente],">="&EOMONTH(TODAY(),-1)+1,Table1368[Date revente],"<"&EOMONTH(TODAY(),0)+1)/SUMIFS(Table1368[Prix total Achat],Table1368[Date revente],">="&EOMONTH(TODAY(),-1)+1,Table1368[Date revente],"<"&EOMONTH(TODAY(),0)+1),"-") -> 2.7074496 | D37: =IFERROR(SUMIFS(Table1368[Prix de revente],Table1368[Date revente],">="&EOMONTH(TODAY(),-2)+1,Table1368[Date revente],"<"&EOMONTH(TODAY(),-1)+1)/SUMIFS(Table1368[Prix total Achat],Table1368[Date revente],">="&EOMONTH(TODAY(),-2)+1,Table1368[Date revente],"<"&EOMONTH(TODAY(),-1)+1),"-") -> 2.4078722 | E37: =IFERROR(SUMIFS(Table1368[Prix de revente],Table1368[Date revente],">="&DATE(YEAR(TODAY()),1,1),Table1368[Date revente],"<"&DATE(YEAR(TODAY())+1,1,1))/SUMIFS(Table1368[Prix total Achat],Table1368[Date revente],">="&DATE(YEAR(TODAY()),1,1),Table1368[Date revente],"<"&DATE(YEAR(TODAY())+1,1,1)),"-") -> 2.2984039 | F37: =IFERROR(SUMIFS(Table1368[Prix de revente],Table1368[Date revente],">="&DATE(YEAR(TODAY())-1,1,1),Table1368[Date revente],"<"&DATE(YEAR(TODAY()),1,1))/SUMIFS(Table1368[Prix total Achat],Table1368[Date revente],">="&DATE(YEAR(TODAY())-1,1,1),Table1368[Date revente],"<"&DATE(YEAR(TODAY()),1,1)),"-") -> 2.076721 | G37: =IFERROR(SUMIFS(Table1368[[Prix de revente]:[Prix de revente]],Table1368[[Date revente]:[Date revente]],">="&G$2,Table1368[[Date revente]:[Date revente]],"<"&EDATE(G$2,1))/SUMIFS(Table1368[[Prix total Achat]:[Prix total Achat]],Table1368[[Date revente]:[Date revente]],">="&G$2,Table1368[[Date revente]:[Date revente]],"<"&EDATE(G$2,1)),"-") -> 2.2051822 | H37: =IFERROR(SUMIFS(Table1368[[Prix de revente]:[Prix de revente]],Table1368[[Date revente]:[Date revente]],">="&H$2,Table1368[[Date revente]:[Date revente]],"<"&EDATE(H$2,1))/SUMIFS(Table1368[[Prix total Achat]:[Prix total Achat]],Table1368[[Date revente]:[Date revente]],">="&H$2,Table1368[[Date revente]:[Date revente]],"<"&EDATE(H$2,1)),"-") -> 1.976235 | I37: =IFERROR(SUMIFS(Table1368[[Prix de revente]:[Prix de revente]],Table1368[[Date revente]:[Date revente]],">="&I$2,Table1368[[Date revente]:[Date revente]],"<"&EDATE(I$2,1))/SUMIFS(Table1368[[Prix total Achat]:[Prix total Achat]],Table1368[[Date revente]:[Date revente]],">="&I$2,Table1368[[Date revente]:[Date revente]],"<"&EDATE(I$2,1)),"-") -> 2.2255319 | J37: =IFERROR(SUMIFS(Table1368[[Prix de revente]:[Prix de revente]],Table1368[[Date revente]:[Date revente]],">="&J$2,Table1368[[Date revente]:[Date revente]],"<"&EDATE(J$2,1))/SUMIFS(Table1368[[Prix total Achat]:[Prix total Achat]],Table1368[[Date revente]:[Date revente]],">="&J$2,Table1368[[Date revente]:[Date revente]],"<"&EDATE(J$2,1)),"-") -> 2.3309984 | K37: =IFERROR(SUMIFS(Table1368[[Prix de revente]:[Prix de revente]],Table1368[[Date revente]:[Date revente]],">="&K$2,Table1368[[Date revente]:[Date revente]],"<"&EDATE(K$2,1))/SUMIFS(Table1368[[Prix total Achat]:[Prix total Achat]],Table1368[[Date revente]:[Date revente]],">="&K$2,Table1368[[Date revente]:[Date revente]],"<"&EDATE(K$2,1)),"-") -> 2.2742908 | L37: =IFERROR(SUMIFS(Table1368[[Prix de revente]:[Prix de revente]],Table1368[[Date revente]:[Date revente]],">="&L$2,Table1368[[Date revente]:[Date revente]],"<"&EDATE(L$2,1))/SUMIFS(Table1368[[Prix total Achat]:[Prix total Achat]],Table1368[[Date revente]:[Date revente]],">="&L$2,Table1368[[Date revente]:[Date revente]],"<"&EDATE(L$2,1)),"-") -> 2.3248424 | M37: =IFERROR(SUMIFS(Table1368[[Prix de revente]:[Prix de revente]],Table1368[[Date revente]:[Date revente]],">="&M$2,Table1368[[Date revente]:[Date revente]],"<"&EDATE(M$2,1))/SUMIFS(Table1368[[Prix total Achat]:[Prix total Achat]],Table1368[[Date revente]:[Date revente]],">="&M$2,Table1368[[Date revente]:[Date revente]],"<"&EDATE(M$2,1)),"-") -> 2.4130899 | N37: =IFERROR(SUMIFS(Table1368[[Prix de revente]:[Prix de revente]],Table1368[[Date revente]:[Date revente]],">="&N$2,Table1368[[Date revente]:[Date revente]],"<"&EDATE(N$2,1))/SUMIFS(Table1368[[Prix total Achat]:[Prix total Achat]],Table1368[[Date revente]:[Date revente]],">="&N$2,Table1368[[Date revente]:[Date revente]],"<"&EDATE(N$2,1)),"-") -> 2.0244024 | ... R37: =IFERROR(SUMIFS(Table1368[[Prix de revente]:[Prix de revente]],Table1368[[Date revente]:[Date revente]],">="&R$2,Table1368[[Date revente]:[Date revente]],"<"&EDATE(R$2,1))/SUMIFS(Table1368[[Prix total Achat]:[Prix total Achat]],Table1368[[Date revente]:[Date revente]],">="&R$2,Table1368[[Date revente]:[Date revente]],"<"&EDATE(R$2,1)),"-") -> -
A38: Objectif | B38: Profit moyen coef % | C38: =C6/C36 -> 1.2306589 | D38: =D6/D36 -> 1.0944874 | E38: =E6/E36 -> 1.0447291 | G38: =G6/G36 -> 1.0023556 | H38: =H6/H36 -> 0.89828861 | I38: =I6/I36 -> 1.0116054 | J38: 1.0950665 | K38: =K6/K36 -> 1.0337686 | L38: =L6/L36 -> 1.0567465 | M38: =M6/M36 -> 1.096859 | N38: =N6/N36 -> 0.92018293 | O38: =O6/O36 -> 1.0944874 | P38: =P6/P36 -> 1.2306589 | Q38: =Q6/Q36 -> #VALUE! | R38: =R6/R36 -> #VALUE!
A39: Objectif | B39: Nb de ventes à faire : Objectif | C39: 95 | D39: 95 | E39: 1140 | G39: 95 | H39: 95 | I39: 95 | J39: 95 | K39: 95 | L39: 95 | M39: 95 | N39: 95 | O39: 95 | P39: 95 | Q39: 95 | R39: 95
A40: Objectif | B40: Nb de ventes à faire : Réel | C40: {=SUMPRODUCT(--(MONTH(Table1368[Date revente])=MONTH(TODAY())),--(YEAR(Table1368[Date revente])=YEAR(TODAY())))} -> 14 | D40: {=SUMPRODUCT(--(MONTH(Table1368[Date revente])=MONTH(EDATE(TODAY(),-1))),--(YEAR(Table1368[Date revente])=YEAR(EDATE(TODAY(),-1))))} -> 36 | E40: {=SUMPRODUCT(--(YEAR(Table1368[Date revente])=YEAR(TODAY())))} -> 242 | G40: =IF(COUNTIFS(Table1368[[Date revente]:[Date revente]],">="&G$2,Table1368[[Date revente]:[Date revente]],"<"&EDATE(G$2,1))=0,"-",COUNTIFS(Table1368[[Date revente]:[Date revente]],">="&G$2,Table1368[[Date revente]:[Date revente]],"<"&EDATE(G$2,1))) -> 29 | H40: =IF(COUNTIFS(Table1368[[Date revente]:[Date revente]],">="&H$2,Table1368[[Date revente]:[Date revente]],"<"&EDATE(H$2,1))=0,"-",COUNTIFS(Table1368[[Date revente]:[Date revente]],">="&H$2,Table1368[[Date revente]:[Date revente]],"<"&EDATE(H$2,1))) -> 17 | I40: =IF(COUNTIFS(Table1368[[Date revente]:[Date revente]],">="&I$2,Table1368[[Date revente]:[Date revente]],"<"&EDATE(I$2,1))=0,"-",COUNTIFS(Table1368[[Date revente]:[Date revente]],">="&I$2,Table1368[[Date revente]:[Date revente]],"<"&EDATE(I$2,1))) -> 22 | J40: =IF(COUNTIFS(Table1368[[Date revente]:[Date revente]],">="&J$2,Table1368[[Date revente]:[Date revente]],"<"&EDATE(J$2,1))=0,"-",COUNTIFS(Table1368[[Date revente]:[Date revente]],">="&J$2,Table1368[[Date revente]:[Date revente]],"<"&EDATE(J$2,1))) -> 24 | K40: =IF(COUNTIFS(Table1368[[Date revente]:[Date revente]],">="&K$2,Table1368[[Date revente]:[Date revente]],"<"&EDATE(K$2,1))=0,"-",COUNTIFS(Table1368[[Date revente]:[Date revente]],">="&K$2,Table1368[[Date revente]:[Date revente]],"<"&EDATE(K$2,1))) -> 29 | L40: =IF(COUNTIFS(Table1368[[Date revente]:[Date revente]],">="&L$2,Table1368[[Date revente]:[Date revente]],"<"&EDATE(L$2,1))=0,"-",COUNTIFS(Table1368[[Date revente]:[Date revente]],">="&L$2,Table1368[[Date revente]:[Date revente]],"<"&EDATE(L$2,1))) -> 33 | M40: =IF(COUNTIFS(Table1368[[Date revente]:[Date revente]],">="&M$2,Table1368[[Date revente]:[Date revente]],"<"&EDATE(M$2,1))=0,"-",COUNTIFS(Table1368[[Date revente]:[Date revente]],">="&M$2,Table1368[[Date revente]:[Date revente]],"<"&EDATE(M$2,1))) -> 24 | N40: =IF(COUNTIFS(Table1368[[Date revente]:[Date revente]],">="&N$2,Table1368[[Date revente]:[Date revente]],"<"&EDATE(N$2,1))=0,"-",COUNTIFS(Table1368[[Date revente]:[Date revente]],">="&N$2,Table1368[[Date revente]:[Date revente]],"<"&EDATE(N$2,1))) -> 14 | ... R40: =IF(COUNTIFS(Table1368[[Date revente]:[Date revente]],">="&R$2,Table1368[[Date revente]:[Date revente]],"<"&EDATE(R$2,1))=0,"-",COUNTIFS(Table1368[[Date revente]:[Date revente]],">="&R$2,Table1368[[Date revente]:[Date revente]],"<"&EDATE(R$2,1))) -> -
A41: Objectif | B41: Nb de ventes à faire % | C41: =C8/C39 -> 0.14736842 | D41: =D8/D39 -> 0.37894737 | E41: =E8/E39 -> 0.2122807 | G41: =G8/G39 -> 0.30526316 | H41: =H8/H39 -> 0.17894737 | I41: =I8/I39 -> 0.23157895 | J41: 0.27368421 | K41: =K8/K39 -> 0.30526316 | L41: =L8/L39 -> 0.34736842 | M41: =M8/M39 -> 0.25263158 | N41: =N8/N39 -> 0.14736842 | O41: =O8/O39 -> 0.37894737 | P41: =P8/P39 -> 0.14736842 | Q41: =Q8/Q39 -> #VALUE! | R41: =R8/R39 -> #VALUE!

Sheet Trésorerie & Salaire
K1: A ajuster, aussi dans Finances AE Book | Q1: PLUS TARD
A2: Mois | B2: Trésorerie début de mois | C2: Valeur du stock en début de mois (prix d'achat) | D2: Encaissements (CA) | E2: Achats | F2: URSSAF | G2: Impots | H2: CFE | I2: Abattement ARE | J2: Dépenses (matériel, Vinted Bumps, Wardrobe) | K2: Frais pros fixes (compte PRO, assurance PRO, domiciliation) | L2: Décaissements (total) | M2: Trésorerie fin de mois (calculée) | N2: Trésorerie fin de mois (réelle) | O2: Bénéfice Brut | P2: Bénéfice Net | Q2: Frais fixes persos (mutuelle, retraite, vacances) | R2: Salaire "net" (Reste à vivre)
A3: 46023 | B3: 1200 | D3: 1235 | E3: =SUMIFS(Table1368[Prix total Achat],Table1368[Date achat],">="&Table3[[#This Row],[Mois]],Table1368[Date achat],"<"&EDATE(Table3[[#This Row],[Mois]],1)) -> 1711.569 | F3: =Table3[[#This Row],[Encaissements (CA)]]*0.062 -> 76.57 | G3: =Table3[[#This Row],[Encaissements (CA)]]*0.01 -> 12.35 | I3: =(Table3[[#This Row],[Encaissements (CA)]]*0.29)*0.7 -> 250.705 | J3: =Dépenses!G3 -> 83.16 | L3: =SUM(Table3[[#This Row],[Achats]]+Table3[[#This Row],[URSSAF]]+Table3[[#This Row],[Impots]]+Table3[[#This Row],[CFE]]+Table3[[#This Row],[Dépenses (matériel, Vinted Bumps, Wardrobe)]]+Table3[[#This Row],[Frais pros fixes (compte PRO, assurance PRO, domiciliation)]]) -> 1883.649 | M3: =(Table3[[#This Row],[Trésorerie début de mois]]+Table3[[#This Row],[Encaissements (CA)]])-Table3[[#This Row],[Décaissements (total)]] -> 551.351 | N3: 1000 | O3: =SUMIFS(Table1368[Bénéfice],Table1368[Date revente],">="&Table3[[#This Row],[Mois]],Table1368[Date revente],"<"&EDATE(Table3[[#This Row],[Mois]],1)) -> 753.38159 | P3: =Table3[[#This Row],[Bénéfice Brut]]-(Table3[[#This Row],[URSSAF]]+Table3[[#This Row],[Impots]]+Table3[[#This Row],[Dépenses (matériel, Vinted Bumps, Wardrobe)]]+Table3[[#This Row],[Frais pros fixes (compte PRO, assurance PRO, domiciliation)]]) -> 581.30159 | Q3: 365 | R3: =IF(Table3[[#This Row],[Bénéfice Net]]=0,0,Table3[[#This Row],[Bénéfice Net]]-Table3[[#This Row],[Frais fixes persos (mutuelle, retraite, vacances)]]) -> 216.30159
A4: 46054 | B4: 1050 | C4: 1263.2657 | D4: =SUMIFS(Table1368[Prix de revente],Table1368[Date revente],">="&Table3[[#This Row],[Mois]],Table1368[Date revente],"<"&EDATE(Table3[[#This Row],[Mois]],1)) -> 1448.6 | E4: =SUMIFS(Table1368[Prix total Achat],Table1368[Date achat],">="&Table3[[#This Row],[Mois]],Table1368[Date achat],"<"&EDATE(Table3[[#This Row],[Mois]],1)) -> 0 | F4: =Table3[[#This Row],[Encaissements (CA)]]*0.062 -> 89.8132 | G4: =Table3[[#This Row],[Encaissements (CA)]]*0.01 -> 14.486 | I4: =(Table3[[#This Row],[Encaissements (CA)]]*0.29)*0.7 -> 294.0658 | J4: =Dépenses!G4 -> 50.16 | L4: =SUM(Table3[[#This Row],[Achats]]+Table3[[#This Row],[URSSAF]]+Table3[[#This Row],[Impots]]+Table3[[#This Row],[CFE]]+Table3[[#This Row],[Dépenses (matériel, Vinted Bumps, Wardrobe)]]+Table3[[#This Row],[Frais pros fixes (compte PRO, assurance PRO, domiciliation)]]) -> 154.4592 | M4: =(Table3[[#This Row],[Trésorerie début de mois]]+Table3[[#This Row],[Encaissements (CA)]])-Table3[[#This Row],[Décaissements (total)]] -> 2344.1408 | N4: 1332.77 | O4: =SUMIFS(Table1368[Bénéfice],Table1368[Date revente],">="&Table3[[#This Row],[Mois]],Table1368[Date revente],"<"&EDATE(Table3[[#This Row],[Mois]],1)) -> 715.58999 | P4: =Table3[[#This Row],[Bénéfice Brut]]-(Table3[[#This Row],[URSSAF]]+Table3[[#This Row],[Impots]]+Table3[[#This Row],[Dépenses (matériel, Vinted Bumps, Wardrobe)]]+Table3[[#This Row],[Frais pros fixes (compte PRO, assurance PRO, domiciliation)]]) -> 561.13079 | Q4: 365 | R4: =IF(Table3[[#This Row],[Bénéfice Net]]=0,0,Table3[[#This Row],[Bénéfice Net]]-Table3[[#This Row],[Frais fixes persos (mutuelle, retraite, vacances)]]) -> 196.13079
A5: 46082 | B5: 1332.77 | C5: 1313.9302 | D5: =SUMIFS(Table1368[Prix de revente],Table1368[Date revente],">="&Table3[[#This Row],[Mois]],Table1368[Date revente],"<"&EDATE(Table3[[#This Row],[Mois]],1)) -> 1728.6 | E5: =SUMIFS(Table1368[Prix total Achat],Table1368[Date achat],">="&Table3[[#This Row],[Mois]],Table1368[Date achat],"<"&EDATE(Table3[[#This Row],[Mois]],1)) -> 968.78884 | F5: =Table3[[#This Row],[Encaissements (CA)]]*0.062 -> 107.1732 | G5: =Table3[[#This Row],[Encaissements (CA)]]*0.01 -> 17.286 | I5: =(Table3[[#This Row],[Encaissements (CA)]]*0.29)*0.7 -> 350.9058 | J5: =Dépenses!G5 -> 51.78 | L5: =SUM(Table3[[#This Row],[Achats]]+Table3[[#This Row],[URSSAF]]+Table3[[#This Row],[Impots]]+Table3[[#This Row],[CFE]]+Table3[[#This Row],[Dépenses (matériel, Vinted Bumps, Wardrobe)]]+Table3[[#This Row],[Frais pros fixes (compte PRO, assurance PRO, domiciliation)]]) -> 1145.028 | M5: =(Table3[[#This Row],[Trésorerie début de mois]]+Table3[[#This Row],[Encaissements (CA)]])-Table3[[#This Row],[Décaissements (total)]] -> 1916.342 | N5: 760 | O5: =SUMIFS(Table1368[Bénéfice],Table1368[Date revente],">="&Table3[[#This Row],[Mois]],Table1368[Date revente],"<"&EDATE(Table3[[#This Row],[Mois]],1)) -> 951.88679 | P5: =Table3[[#This Row],[Bénéfice Brut]]-(Table3[[#This Row],[URSSAF]]+Table3[[#This Row],[Impots]]+Table3[[#This Row],[Dépenses (matériel, Vinted Bumps, Wardrobe)]]+Table3[[#This Row],[Frais pros fixes (compte PRO, assurance PRO, domiciliation)]]) -> 775.64759 | Q5: 365 | R5: =IF(Table3[[#This Row],[Bénéfice Net]]=0,0,Table3[[#This Row],[Bénéfice Net]]-Table3[[#This Row],[Frais fixes persos (mutuelle, retraite, vacances)]]) -> 410.64759
A6: 46113 | B6: 760 | C6: 4042.2936 | D6: =SUMIFS(Table1368[Prix de revente],Table1368[Date revente],">="&Table3[[#This Row],[Mois]],Table1368[Date revente],"<"&EDATE(Table3[[#This Row],[Mois]],1)) -> 2089.9 | E6: =SUMIFS(Table1368[Prix total Achat],Table1368[Date achat],">="&Table3[[#This Row],[Mois]],Table1368[Date achat],"<"&EDATE(Table3[[#This Row],[Mois]],1)) -> 1995.4834 | F6: =Table3[[#This Row],[Encaissements (CA)]]*0.062 -> 129.5738 | G6: =Table3[[#This Row],[Encaissements (CA)]]*0.01 -> 20.899 | I6: =(Table3[[#This Row],[Encaissements (CA)]]*0.29)*0.7 -> 424.2497 | J6: =Dépenses!G6 -> 55.34 | L6: =SUM(Table3[[#This Row],[Achats]]+Table3[[#This Row],[URSSAF]]+Table3[[#This Row],[Impots]]+Table3[[#This Row],[CFE]]+Table3[[#This Row],[Dépenses (matériel, Vinted Bumps, Wardrobe)]]+Table3[[#This Row],[Frais pros fixes (compte PRO, assurance PRO, domiciliation)]]) -> 2201.2962 | M6: =(Table3[[#This Row],[Trésorerie début de mois]]+Table3[[#This Row],[Encaissements (CA)]])-Table3[[#This Row],[Décaissements (total)]] -> 648.60381 | O6: =SUMIFS(Table1368[Bénéfice],Table1368[Date revente],">="&Table3[[#This Row],[Mois]],Table1368[Date revente],"<"&EDATE(Table3[[#This Row],[Mois]],1)) -> 1193.3314 | P6: =Table3[[#This Row],[Bénéfice Brut]]-(Table3[[#This Row],[URSSAF]]+Table3[[#This Row],[Impots]]+Table3[[#This Row],[Dépenses (matériel, Vinted Bumps, Wardrobe)]]+Table3[[#This Row],[Frais pros fixes (compte PRO, assurance PRO, domiciliation)]]) -> 987.51857 | Q6: 365 | R6: =IF(Table3[[#This Row],[Bénéfice Net]]=0,0,Table3[[#This Row],[Bénéfice Net]]-Table3[[#This Row],[Frais fixes persos (mutuelle, retraite, vacances)]]) -> 622.51857
A7: 46143 | B7: 1000 | C7: 5095.1276 | D7: =SUMIFS(Table1368[Prix de revente],Table1368[Date revente],">="&Table3[[#This Row],[Mois]],Table1368[Date revente],"<"&EDATE(Table3[[#This Row],[Mois]],1)) -> 2418.1 | E7: =SUMIFS(Table1368[Prix total Achat],Table1368[Date achat],">="&Table3[[#This Row],[Mois]],Table1368[Date achat],"<"&EDATE(Table3[[#This Row],[Mois]],1)) -> 2414.5244 | F7: =Table3[[#This Row],[Encaissements (CA)]]*0.062 -> 149.9222 | G7: =Table3[[#This Row],[Encaissements (CA)]]*0.01 -> 24.181 | I7: =(Table3[[#This Row],[Encaissements (CA)]]*0.29)*0.7 -> 490.8743 | J7: =Dépenses!G7 -> 145.7 | L7: =SUM(Table3[[#This Row],[Achats]]+Table3[[#This Row],[URSSAF]]+Table3[[#This Row],[Impots]]+Table3[[#This Row],[CFE]]+Table3[[#This Row],[Dépenses (matériel, Vinted Bumps, Wardrobe)]]+Table3[[#This Row],[Frais pros fixes (compte PRO, assurance PRO, domiciliation)]]) -> 2734.3276 | M7: =(Table3[[#This Row],[Trésorerie début de mois]]+Table3[[#This Row],[Encaissements (CA)]])-Table3[[#This Row],[Décaissements (total)]] -> 683.77242 | N7: 650 | O7: =SUMIFS(Table1368[Bénéfice],Table1368[Date revente],">="&Table3[[#This Row],[Mois]],Table1368[Date revente],"<"&EDATE(Table3[[#This Row],[Mois]],1)) -> 1354.8675 | P7: =Table3[[#This Row],[Bénéfice Brut]]-(Table3[[#This Row],[URSSAF]]+Table3[[#This Row],[Impots]]+Table3[[#This Row],[Dépenses (matériel, Vinted Bumps, Wardrobe)]]+Table3[[#This Row],[Frais pros fixes (compte PRO, assurance PRO, domiciliation)]]) -> 1035.0643 | Q7: 365 | R7: =IF(Table3[[#This Row],[Bénéfice Net]]=0,0,Table3[[#This Row],[Bénéfice Net]]-Table3[[#This Row],[Frais fixes persos (mutuelle, retraite, vacances)]]) -> 670.06426
A8: 46174 | B8: 650 | C8: 5637.0373 | D8: =SUMIFS(Table1368[Prix de revente],Table1368[Date revente],">="&Table3[[#This Row],[Mois]],Table1368[Date revente],"<"&EDATE(Table3[[#This Row],[Mois]],1)) -> 2631.88 | E8: =SUMIFS(Table1368[Prix total Achat],Table1368[Date achat],">="&Table3[[#This Row],[Mois]],Table1368[Date achat],"<"&EDATE(Table3[[#This Row],[Mois]],1)) -> 2184.9499 | F8: =Table3[[#This Row],[Encaissements (CA)]]*0.062 -> 163.17656 | G8: =Table3[[#This Row],[Encaissements (CA)]]*0.01 -> 26.3188 | I8: =(Table3[[#This Row],[Encaissements (CA)]]*0.29)*0.7 -> 534.27164 | J8: =Dépenses!G8 -> 83.89 | L8: =SUM(Table3[[#This Row],[Achats]]+Table3[[#This Row],[URSSAF]]+Table3[[#This Row],[Impots]]+Table3[[#This Row],[CFE]]+Table3[[#This Row],[Dépenses (matériel, Vinted Bumps, Wardrobe)]]+Table3[[#This Row],[Frais pros fixes (compte PRO, assurance PRO, domiciliation)]]) -> 2458.3352 | M8: =(Table3[[#This Row],[Trésorerie début de mois]]+Table3[[#This Row],[Encaissements (CA)]])-Table3[[#This Row],[Décaissements (total)]] -> 823.54476 | O8: =SUMIFS(Table1368[Bénéfice],Table1368[Date revente],">="&Table3[[#This Row],[Mois]],Table1368[Date revente],"<"&EDATE(Table3[[#This Row],[Mois]],1)) -> 1499.8118 | P8: =Table3[[#This Row],[Bénéfice Brut]]-(Table3[[#This Row],[URSSAF]]+Table3[[#This Row],[Impots]]+Table3[[#This Row],[Dépenses (matériel, Vinted Bumps, Wardrobe)]]+Table3[[#This Row],[Frais pros fixes (compte PRO, assurance PRO, domiciliation)]]) -> 1226.4265 | Q8: 365 | R8: =IF(Table3[[#This Row],[Bénéfice Net]]=0,0,Table3[[#This Row],[Bénéfice Net]]-Table3[[#This Row],[Frais fixes persos (mutuelle, retraite, vacances)]]) -> 861.42648
A9: 46204 | C9: 5233.9702 | D9: =SUMIFS(Table1368[Prix de revente],Table1368[Date revente],">="&Table3[[#This Row],[Mois]],Table1368[Date revente],"<"&EDATE(Table3[[#This Row],[Mois]],1)) -> 1745.7 | E9: =SUMIFS(Table1368[Prix total Achat],Table1368[Date achat],">="&Table3[[#This Row],[Mois]],Table1368[Date achat],"<"&EDATE(Table3[[#This Row],[Mois]],1)) -> 1339.3925 | F9: =Table3[[#This Row],[Encaissements (CA)]]*0.062 -> 108.2334 | G9: =Table3[[#This Row],[Encaissements (CA)]]*0.01 -> 17.457 | I9: =(Table3[[#This Row],[Encaissements (CA)]]*0.29)*0.7 -> 354.3771 | J9: =Dépenses!G9 -> 110.27 | L9: =SUM(Table3[[#This Row],[Achats]]+Table3[[#This Row],[URSSAF]]+Table3[[#This Row],[Impots]]+Table3[[#This Row],[CFE]]+Table3[[#This Row],[Dépenses (matériel, Vinted Bumps, Wardrobe)]]+Table3[[#This Row],[Frais pros fixes (compte PRO, assurance PRO, domiciliation)]]) -> 1575.3529 | M9: =(Table3[[#This Row],[Trésorerie début de mois]]+Table3[[#This Row],[Encaissements (CA)]])-Table3[[#This Row],[Décaissements (total)]] -> 170.34708 | O9: =SUMIFS(Table1368[Bénéfice],Table1368[Date revente],">="&Table3[[#This Row],[Mois]],Table1368[Date revente],"<"&EDATE(Table3[[#This Row],[Mois]],1)) -> 1022.2707 | P9: =Table3[[#This Row],[Bénéfice Brut]]-(Table3[[#This Row],[URSSAF]]+Table3[[#This Row],[Impots]]+Table3[[#This Row],[Dépenses (matériel, Vinted Bumps, Wardrobe)]]+Table3[[#This Row],[Frais pros fixes (compte PRO, assurance PRO, domiciliation)]]) -> 786.31027 | Q9: 365 | R9: =IF(Table3[[#This Row],[Bénéfice Net]]=0,0,Table3[[#This Row],[Bénéfice Net]]-Table3[[#This Row],[Frais fixes persos (mutuelle, retraite, vacances)]]) -> 421.31027
A10: 46235 | C10: 4504.4863 | D10: =SUMIFS(Table1368[Prix de revente],Table1368[Date revente],">="&Table3[[#This Row],[Mois]],Table1368[Date revente],"<"&EDATE(Table3[[#This Row],[Mois]],1)) -> 971.1 | E10: =SUMIFS(Table1368[Prix total Achat],Table1368[Date achat],">="&Table3[[#This Row],[Mois]],Table1368[Date achat],"<"&EDATE(Table3[[#This Row],[Mois]],1)) -> 76.63 | F10: =Table3[[#This Row],[Encaissements (CA)]]*0.062 -> 60.2082 | G10: =Table3[[#This Row],[Encaissements (CA)]]*0.01 -> 9.711 | I10: =(Table3[[#This Row],[Encaissements (CA)]]*0.29)*0.7 -> 197.1333 | J10: =Dépenses!G10 -> 78.94 | L10: =SUM(Table3[[#This Row],[Achats]]+Table3[[#This Row],[URSSAF]]+Table3[[#This Row],[Impots]]+Table3[[#This Row],[CFE]]+Table3[[#This Row],[Dépenses (matériel, Vinted Bumps, Wardrobe)]]+Table3[[#This Row],[Frais pros fixes (compte PRO, assurance PRO, domiciliation)]]) -> 225.4892 | M10: =(Table3[[#This Row],[Trésorerie début de mois]]+Table3[[#This Row],[Encaissements (CA)]])-Table3[[#This Row],[Décaissements (total)]] -> 745.6108 | O10: =SUMIFS(Table1368[Bénéfice],Table1368[Date revente],">="&Table3[[#This Row],[Mois]],Table1368[Date revente],"<"&EDATE(Table3[[#This Row],[Mois]],1)) -> 491.40289 | P10: =Table3[[#This Row],[Bénéfice Brut]]-(Table3[[#This Row],[URSSAF]]+Table3[[#This Row],[Impots]]+Table3[[#This Row],[Dépenses (matériel, Vinted Bumps, Wardrobe)]]+Table3[[#This Row],[Frais pros fixes (compte PRO, assurance PRO, domiciliation)]]) -> 342.54369 | Q10: 365 | R10: =IF(Table3[[#This Row],[Bénéfice Net]]=0,0,Table3[[#This Row],[Bénéfice Net]]-Table3[[#This Row],[Frais fixes persos (mutuelle, retraite, vacances)]]) -> -22.456311
A11: 46266 | D11: =SUMIFS(Table1368[Prix de revente],Table1368[Date revente],">="&Table3[[#This Row],[Mois]],Table1368[Date revente],"<"&EDATE(Table3[[#This Row],[Mois]],1)) -> 3524 | E11: =SUMIFS(Table1368[Prix total Achat],Table1368[Date achat],">="&Table3[[#This Row],[Mois]],Table1368[Date achat],"<"&EDATE(Table3[[#This Row],[Mois]],1)) -> 734.04895 | F11: =Table3[[#This Row],[Encaissements (CA)]]*0.062 -> 218.488 | G11: =Table3[[#This Row],[Encaissements (CA)]]*0.01 -> 35.24 | I11: =(Table3[[#This Row],[Encaissements (CA)]]*0.29)*0.7 -> 715.372 | J11: =Dépenses!G11 -> 276.45 | K11: 18 | L11: =SUM(Table3[[#This Row],[Achats]]+Table3[[#This Row],[URSSAF]]+Table3[[#This Row],[Impots]]+Table3[[#This Row],[CFE]]+Table3[[#This Row],[Dépenses (matériel, Vinted Bumps, Wardrobe)]]+Table3[[#This Row],[Frais pros fixes (compte PRO, assurance PRO, domiciliation)]]) -> 1282.227 | M11: =(Table3[[#This Row],[Trésorerie début de mois]]+Table3[[#This Row],[Encaissements (CA)]])-Table3[[#This Row],[Décaissements (total)]] -> 2241.773 | O11: =SUMIFS(Table1368[Bénéfice],Table1368[Date revente],">="&Table3[[#This Row],[Mois]],Table1368[Date revente],"<"&EDATE(Table3[[#This Row],[Mois]],1)) -> 2060.4672 | P11: =Table3[[#This Row],[Bénéfice Brut]]-(Table3[[#This Row],[URSSAF]]+Table3[[#This Row],[Impots]]+Table3[[#This Row],[Dépenses (matériel, Vinted Bumps, Wardrobe)]]+Table3[[#This Row],[Frais pros fixes (compte PRO, assurance PRO, domiciliation)]]) -> 1512.2892 | Q11: 365 | R11: =IF(Table3[[#This Row],[Bénéfice Net]]=0,0,Table3[[#This Row],[Bénéfice Net]]-Table3[[#This Row],[Frais fixes persos (mutuelle, retraite, vacances)]]) -> 1147.2892
A12: 46296 | D12: =SUMIFS(Table1368[Prix de revente],Table1368[Date revente],">="&Table3[[#This Row],[Mois]],Table1368[Date revente],"<"&EDATE(Table3[[#This Row],[Mois]],1)) -> 1362 | E12: =SUMIFS(Table1368[Prix total Achat],Table1368[Date achat],">="&Table3[[#This Row],[Mois]],Table1368[Date achat],"<"&EDATE(Table3[[#This Row],[Mois]],1)) -> 94.97 | F12: =Table3[[#This Row],[Encaissements (CA)]]*0.062 -> 84.444 | G12: =Table3[[#This Row],[Encaissements (CA)]]*0.01 -> 13.62 | I12: =(Table3[[#This Row],[Encaissements (CA)]]*0.29)*0.7 -> 276.486 | J12: =Dépenses!G12 -> 43.88 | L12: =SUM(Table3[[#This Row],[Achats]]+Table3[[#This Row],[URSSAF]]+Table3[[#This Row],[Impots]]+Table3[[#This Row],[CFE]]+Table3[[#This Row],[Dépenses (matériel, Vinted Bumps, Wardrobe)]]+Table3[[#This Row],[Frais pros fixes (compte PRO, assurance PRO, domiciliation)]]) -> 236.914 | M12: =(Table3[[#This Row],[Trésorerie début de mois]]+Table3[[#This Row],[Encaissements (CA)]])-Table3[[#This Row],[Décaissements (total)]] -> 1125.086 | O12: =SUMIFS(Table1368[Bénéfice],Table1368[Date revente],">="&Table3[[#This Row],[Mois]],Table1368[Date revente],"<"&EDATE(Table3[[#This Row],[Mois]],1)) -> 858.94355 | P12: =Table3[[#This Row],[Bénéfice Brut]]-(Table3[[#This Row],[URSSAF]]+Table3[[#This Row],[Impots]]+Table3[[#This Row],[Dépenses (matériel, Vinted Bumps, Wardrobe)]]+Table3[[#This Row],[Frais pros fixes (compte PRO, assurance PRO, domiciliation)]]) -> 716.99955 | Q12: 365 | R12: =IF(Table3[[#This Row],[Bénéfice Net]]=0,0,Table3[[#This Row],[Bénéfice Net]]-Table3[[#This Row],[Frais fixes persos (mutuelle, retraite, vacances)]]) -> 351.99955
A13: 46327 | D13: =SUMIFS(Table1368[Prix de revente],Table1368[Date revente],">="&Table3[[#This Row],[Mois]],Table1368[Date revente],"<"&EDATE(Table3[[#This Row],[Mois]],1)) -> 0 | E13: =SUMIFS(Table1368[Prix total Achat],Table1368[Date achat],">="&Table3[[#This Row],[Mois]],Table1368[Date achat],"<"&EDATE(Table3[[#This Row],[Mois]],1)) -> 0 | F13: =Table3[[#This Row],[Encaissements (CA)]]*0.062 -> 0 | G13: =Table3[[#This Row],[Encaissements (CA)]]*0.01 -> 0 | I13: =(Table3[[#This Row],[Encaissements (CA)]]*0.29)*0.7 -> 0 | J13: =Dépenses!G13 -> 0 | L13: =SUM(Table3[[#This Row],[Achats]]+Table3[[#This Row],[URSSAF]]+Table3[[#This Row],[Impots]]+Table3[[#This Row],[CFE]]+Table3[[#This Row],[Dépenses (matériel, Vinted Bumps, Wardrobe)]]+Table3[[#This Row],[Frais pros fixes (compte PRO, assurance PRO, domiciliation)]]) -> 0 | M13: =(Table3[[#This Row],[Trésorerie début de mois]]+Table3[[#This Row],[Encaissements (CA)]])-Table3[[#This Row],[Décaissements (total)]] -> 0 | O13: =SUMIFS(Table1368[Bénéfice],Table1368[Date revente],">="&Table3[[#This Row],[Mois]],Table1368[Date revente],"<"&EDATE(Table3[[#This Row],[Mois]],1)) -> 0 | P13: =Table3[[#This Row],[Bénéfice Brut]]-(Table3[[#This Row],[URSSAF]]+Table3[[#This Row],[Impots]]+Table3[[#This Row],[Dépenses (matériel, Vinted Bumps, Wardrobe)]]+Table3[[#This Row],[Frais pros fixes (compte PRO, assurance PRO, domiciliation)]]) -> 0 | Q13: 365 | R13: =IF(Table3[[#This Row],[Bénéfice Net]]=0,0,Table3[[#This Row],[Bénéfice Net]]-Table3[[#This Row],[Frais fixes persos (mutuelle, retraite, vacances)]]) -> 0
A14: 46357 | D14: =SUMIFS(Table1368[Prix de revente],Table1368[Date revente],">="&Table3[[#This Row],[Mois]],Table1368[Date revente],"<"&EDATE(Table3[[#This Row],[Mois]],1)) -> 0 | E14: =SUMIFS(Table1368[Prix total Achat],Table1368[Date achat],">="&Table3[[#This Row],[Mois]],Table1368[Date achat],"<"&EDATE(Table3[[#This Row],[Mois]],1)) -> 0 | F14: =Table3[[#This Row],[Encaissements (CA)]]*0.062 -> 0 | G14: =Table3[[#This Row],[Encaissements (CA)]]*0.01 -> 0 | I14: =(Table3[[#This Row],[Encaissements (CA)]]*0.29)*0.7 -> 0 | J14: =Dépenses!G14 -> 0 | L14: =SUM(Table3[[#This Row],[Achats]]+Table3[[#This Row],[URSSAF]]+Table3[[#This Row],[Impots]]+Table3[[#This Row],[CFE]]+Table3[[#This Row],[Dépenses (matériel, Vinted Bumps, Wardrobe)]]+Table3[[#This Row],[Frais pros fixes (compte PRO, assurance PRO, domiciliation)]]) -> 0 | M14: =(Table3[[#This Row],[Trésorerie début de mois]]+Table3[[#This Row],[Encaissements (CA)]])-Table3[[#This Row],[Décaissements (total)]] -> 0 | O14: =SUMIFS(Table1368[Bénéfice],Table1368[Date revente],">="&Table3[[#This Row],[Mois]],Table1368[Date revente],"<"&EDATE(Table3[[#This Row],[Mois]],1)) -> 0 | P14: =Table3[[#This Row],[Bénéfice Brut]]-(Table3[[#This Row],[URSSAF]]+Table3[[#This Row],[Impots]]+Table3[[#This Row],[Dépenses (matériel, Vinted Bumps, Wardrobe)]]+Table3[[#This Row],[Frais pros fixes (compte PRO, assurance PRO, domiciliation)]]) -> 0 | Q14: 365 | R14: =IF(Table3[[#This Row],[Bénéfice Net]]=0,0,Table3[[#This Row],[Bénéfice Net]]-Table3[[#This Row],[Frais fixes persos (mutuelle, retraite, vacances)]]) -> 0

Sheet Seuils CA-ARE
A1: Aller le plus haut possible sans dépasser le seuil.
A2: Tranche CA théorique | B2: Jours ARE | C2: ARE nette approx | D2: Zone à risque (arrondis) | E2: ✅ CA max conseillé (safe) | G2: Élément | H2: Valeur
A3: 1033 → 1375 € | B3: 27 jours | C3: ~1560 € | D3: 1330 → 1375 € | E3: ≤ 1330 € | G3: 1 jour ARE brut | H3: 69,82 €
A4: 1376 → 1720 € | B4: 26 jours | C4: ~1502 € | D4: 1680 → 1720 € | E4: ≤ 1680 € | G4: 1 jour ARE net | H4: 57,79 €
A5: 1721 → 2064 € | B5: 25 jours | C5: ~1445 € | D5: 2020 → 2064 € | E5: ≤ 2020 € | G5: CA pour perdre 1 jour | H5: ≈ 344 €
A6: 2065 → 2408 € | B6: 24 jours | C6: ~1387 € | D6: 2360 → 2408 € | E6: ≤ 2360 €
A7: 2409 → 2752 € | B7: 23 jours | C7: ~1329 € | D7: 2700 → 2752 € | E7: ≤ 2700 €
A8: 2753 → 3096 € | B8: 22 jours | C8: ~1271 € | D8: 3050 → 3096 € | E8: ≤ 3050 €

Sheet Article-level
A1: Date achat | B1: Article | C1: SKU | D1: ZM order | E1: Poid (gr) | F1: Catégorie | G1: Marque | H1: Taille | I1: Acheté sur | J1: Achat Notes | K1: Prix article | L1: Frais plateforme + envoi | M1: Prix total Achat | N1: Date réception Achat | O1: Prix Min voulu (x2 ) | P1: Prix relisting minimum (x2.4) | Q1: Date relisting | R1: Date revente | S1: Prix de revente | T1: Vendu sur | U1: Vente Notes | V1: Jours stockés | W1: Statut | X1: Bénéfice | Y1: Coef profit | Z1: Délai achat > réception d'achat | AA1: Délai réception d'achat > relisting | AB1: Délai relisting > revente | AC1: Délai réception d'achat > vente (jours stockés) | AD1: Délai total (achat -> revente)
A2: 45807 | B2: chemise denim | C2: 250530V01 | D2: N/A | G2: universal works | H2: xl | I2: Vinted | J2: N/A | K2: 29 | L2: =Table1368[[#This Row],[Prix total Achat]]-Table1368[[#This Row],[Prix article]] -> 5.44 | M2: 34.44 | N2: 45817 | O2: =(Table1368[[#This Row],[Prix total Achat]]*2) -> 68.88 | P2: =Table1368[[#This Row],[Prix Min voulu (x2 )]]*1.2 -> 82.656 | Q2: 45821 | R2: 45948 | S2: 75 | T2: Vinted | U2: N/A | V2: =IF(ISBLANK(Table1368[[#This Row],[Date réception Achat]]),"",IF(ISBLANK(Table1368[[#This Row],[Date revente]]),TODAY(),Table1368[[#This Row],[Date revente]])-Table1368[[#This Row],[Date réception Achat]]) -> 131 | W2: =IF(Table1368[[#This Row],[Date revente]]<>"","Vendu (clôturé)",IF(Table1368[[#This Row],[Date relisting]]<>"","Listé",IF(Table1368[[#This Row],[Date réception Achat]]<>"","Acheté (reçu)",IF(Table1368[[#This Row],[Date achat]]<>"","Acheté (en attente)","")))) -> Vendu (clôturé) | X2: =IF(Table1368[[#This Row],[Prix de revente]]="","",Table1368[[#This Row],[Prix de revente]]-Table1368[[#This Row],[Prix total Achat]]) -> 40.56 | Y2: =IF(Table1368[[#This Row],[Prix de revente]]="","",(Table1368[[#This Row],[Prix de revente]]/Table1368[[#This Row],[Prix total Achat]])) -> 2.1777003 | Z2: =IF(ISBLANK(Table1368[[#This Row],[Date réception Achat]]),"",IF(ISBLANK(Table1368[[#This Row],[Date réception Achat]]),TODAY(),Table1368[[#This Row],[Date réception Achat]])-Table1368[[#This Row],[Date achat]]) -> 10 | AA2: =IF(ISBLANK(Table1368[[#This Row],[Date relisting]]),"",IF(ISBLANK(Table1368[[#This Row],[Date relisting]]),TODAY(),Table1368[[#This Row],[Date relisting]])-Table1368[[#This Row],[Date réception Achat]]) -> 4 | AB2: =IF(ISBLANK(Table1368[[#This Row],[Date revente]]),"",IF(ISBLANK(Table1368[[#This Row],[Date revente]]),TODAY(),Table1368[[#This Row],[Date revente]])-Table1368[[#This Row],[Date relisting]]) -> 127 | AC2: =IF(ISBLANK(Table1368[[#This Row],[Date revente]]),"",IF(ISBLANK(Table1368[[#This Row],[Date revente]]),TODAY(),Table1368[[#This Row],[Date revente]])-Table1368[[#This Row],[Date réception Achat]]) -> 131 | AD2: =IF(ISBLANK(Table1368[[#This Row],[Date revente]]),"",IF(ISBLANK(Table1368[[#This Row],[Date revente]]),TODAY(),Table1368[[#This Row],[Date revente]])-Table1368[[#This Row],[Date achat]]) -> 141
A3: 45841 | B3: Cotton Border Knit T-Shirt XL | C3: 250703Z02 | D3: N/A | G3: Beams+ | H3: XL | I3: ZenMarket | J3: N/A | K3: 15 | L3: =Table1368[[#This Row],[Prix total Achat]]-Table1368[[#This Row],[Prix article]] -> 12 | M3: 27 | N3: 45869 | O3: =(Table1368[[#This Row],[Prix total Achat]]*2) -> 54 | P3: =Table1368[[#This Row],[Prix Min voulu (x2 )]]*1.2 -> 64.8 | Q3: 45879 | R3: 45968 | S3: 40 | T3: Vinted | U3: N/A | V3: =IF(ISBLANK(Table1368[[#This Row],[Date réception Achat]]),"",IF(ISBLANK(Table1368[[#This Row],[Date revente]]),TODAY(),Table1368[[#This Row],[Date revente]])-Table1368[[#This Row],[Date réception Achat]]) -> 99 | W3: =IF(Table1368[[#This Row],[Date revente]]<>"","Vendu (clôturé)",IF(Table1368[[#This Row],[Date relisting]]<>"","Listé",IF(Table1368[[#This Row],[Date réception Achat]]<>"","Acheté (reçu)",IF(Table1368[[#This Row],[Date achat]]<>"","Acheté (en attente)","")))) -> Vendu (clôturé) | X3: =IF(Table1368[[#This Row],[Prix de revente]]="","",Table1368[[#This Row],[Prix de revente]]-Table1368[[#This Row],[Prix total Achat]]) -> 13 | Y3: =IF(Table1368[[#This Row],[Prix de revente]]="","",(Table1368[[#This Row],[Prix de revente]]/Table1368[[#This Row],[Prix total Achat]])) -> 1.4814815 | Z3: =IF(ISBLANK(Table1368[[#This Row],[Date réception Achat]]),"",IF(ISBLANK(Table1368[[#This Row],[Date réception Achat]]),TODAY(),Table1368[[#This Row],[Date réception Achat]])-Table1368[[#This Row],[Date achat]]) -> 28 | AA3: =IF(ISBLANK(Table1368[[#This Row],[Date relisting]]),"",IF(ISBLANK(Table1368[[#This Row],[Date relisting]]),TODAY(),Table1368[[#This Row],[Date relisting]])-Table1368[[#This Row],[Date réception Achat]]) -> 10 | AB3: =IF(ISBLANK(Table1368[[#This Row],[Date revente]]),"",IF(ISBLANK(Table1368[[#This Row],[Date revente]]),TODAY(),Table1368[[#This Row],[Date revente]])-Table1368[[#This Row],[Date relisting]]) -> 89 | AC3: =IF(ISBLANK(Table1368[[#This Row],[Date revente]]),"",IF(ISBLANK(Table1368[[#This Row],[Date revente]]),TODAY(),Table1368[[#This Row],[Date revente]])-Table1368[[#This Row],[Date réception Achat]]) -> 99 | AD3: =IF(ISBLANK(Table1368[[#This Row],[Date revente]]),"",IF(ISBLANK(Table1368[[#This Row],[Date revente]]),TODAY(),Table1368[[#This Row],[Date revente]])-Table1368[[#This Row],[Date achat]]) -> 127
A4: 45841 | B4: BEAMS PLUS Short Sleeve Knit T-Shirt XL Border | C4: 250703Z01 | D4: N/A | G4: Beams+ | H4: XL | I4: ZenMarket | J4: N/A | K4: 15 | L4: =Table1368[[#This Row],[Prix total Achat]]-Table1368[[#This Row],[Prix article]] -> 12 | M4: 27 | N4: 45869 | O4: =(Table1368[[#This Row],[Prix total Achat]]*2) -> 54 | P4: =Table1368[[#This Row],[Prix Min voulu (x2 )]]*1.2 -> 64.8 | Q4: 45879 | R4: 45978 | S4: 40 | T4: Vinted | U4: N/A | V4: =IF(ISBLANK(Table1368[[#This Row],[Date réception Achat]]),"",IF(ISBLANK(Table1368[[#This Row],[Date revente]]),TODAY(),Table1368[[#This Row],[Date revente]])-Table1368[[#This Row],[Date réception Achat]]) -> 109 | W4: =IF(Table1368[[#This Row],[Date revente]]<>"","Vendu (clôturé)",IF(Table1368[[#This Row],[Date relisting]]<>"","Listé",IF(Table1368[[#This Row],[Date réception Achat]]<>"","Acheté (reçu)",IF(Table1368[[#This Row],[Date achat]]<>"","Acheté (en attente)","")))) -> Vendu (clôturé) | X4: =IF(Table1368[[#This Row],[Prix de revente]]="","",Table1368[[#This Row],[Prix de revente]]-Table1368[[#This Row],[Prix total Achat]]) -> 13 | Y4: =IF(Table1368[[#This Row],[Prix de revente]]="","",(Table1368[[#This Row],[Prix de revente]]/Table1368[[#This Row],[Prix total Achat]])) -> 1.4814815 | Z4: =IF(ISBLANK(Table1368[[#This Row],[Date réception Achat]]),"",IF(ISBLANK(Table1368[[#This Row],[Date réception Achat]]),TODAY(),Table1368[[#This Row],[Date réception Achat]])-Table1368[[#This Row],[Date achat]]) -> 28 | AA4: =IF(ISBLANK(Table1368[[#This Row],[Date relisting]]),"",IF(ISBLANK(Table1368[[#This Row],[Date relisting]]),TODAY(),Table1368[[#This Row],[Date relisting]])-Table1368[[#This Row],[Date réception Achat]]) -> 10 | AB4: =IF(ISBLANK(Table1368[[#This Row],[Date revente]]),"",IF(ISBLANK(Table1368[[#This Row],[Date revente]]),TODAY(),Table1368[[#This Row],[Date revente]])-Table1368[[#This Row],[Date relisting]]) -> 99 | AC4: =IF(ISBLANK(Table1368[[#This Row],[Date revente]]),"",IF(ISBLANK(Table1368[[#This Row],[Date revente]]),TODAY(),Table1368[[#This Row],[Date revente]])-Table1368[[#This Row],[Date réception Achat]]) -> 109 | AD4: =IF(ISBLANK(Table1368[[#This Row],[Date revente]]),"",IF(ISBLANK(Table1368[[#This Row],[Date revente]]),TODAY(),Table1368[[#This Row],[Date revente]])-Table1368[[#This Row],[Date achat]]) -> 137
A5: 45916 | B5: Chemise | C5: 250916V01 | D5: N/A | G5: Aimé Leon Dore | H5: XL | I5: Vinted | J5: N/A | K5: 50 | L5: =Table1368[[#This Row],[Prix total Achat]]-Table1368[[#This Row],[Prix article]] -> 6.29 | M5: 56.29 | N5: 45926 | O5: =(Table1368[[#This Row],[Prix total Achat]]*2) -> 112.58 | P5: =Table1368[[#This Row],[Prix Min voulu (x2 )]]*1.2 -> 135.096 | Q5: 45929 | R5: 45984 | S5: 85 | T5: Vinted | U5: N/A | V5: =IF(ISBLANK(Table1368[[#This Row],[Date réception Achat]]),"",IF(ISBLANK(Table1368[[#This Row],[Date revente]]),TODAY(),Table1368[[#This Row],[Date revente]])-Table1368[[#This Row],[Date réception Achat]]) -> 58 | W5: =IF(Table1368[[#This Row],[Date revente]]<>"","Vendu (clôturé)",IF(Table1368[[#This Row],[Date relisting]]<>"","Listé",IF(Table1368[[#This Row],[Date réception Achat]]<>"","Acheté (reçu)",IF(Table1368[[#This Row],[Date achat]]<>"","Acheté (en attente)","")))) -> Vendu (clôturé) | X5: =IF(Table1368[[#This Row],[Prix de revente]]="","",Table1368[[#This Row],[Prix de revente]]-Table1368[[#This Row],[Prix total Achat]]) -> 28.71 | Y5: =IF(Table1368[[#This Row],[Prix de revente]]="","",(Table1368[[#This Row],[Prix de revente]]/Table1368[[#This Row],[Prix total Achat]])) -> 1.5100373 | Z5: =IF(ISBLANK(Table1368[[#This Row],[Date réception Achat]]),"",IF(ISBLANK(Table1368[[#This Row],[Date réception Achat]]),TODAY(),Table1368[[#This Row],[Date réception Achat]])-Table1368[[#This Row],[Date achat]]) -> 10 | AA5: =IF(ISBLANK(Table1368[[#This Row],[Date relisting]]),"",IF(ISBLANK(Table1368[[#This Row],[Date relisting]]),TODAY(),Table1368[[#This Row],[Date relisting]])-Table1368[[#This Row],[Date réception Achat]]) -> 3 | AB5: =IF(ISBLANK(Table1368[[#This Row],[Date revente]]),"",IF(ISBLANK(Table1368[[#This Row],[Date revente]]),TODAY(),Table1368[[#This Row],[Date revente]])-Table1368[[#This Row],[Date relisting]]) -> 55 | AC5: =IF(ISBLANK(Table1368[[#This Row],[Date revente]]),"",IF(ISBLANK(Table1368[[#This Row],[Date revente]]),TODAY(),Table1368[[#This Row],[Date revente]])-Table1368[[#This Row],[Date réception Achat]]) -> 58 | AD5: =IF(ISBLANK(Table1368[[#This Row],[Date revente]]),"",IF(ISBLANK(Table1368[[#This Row],[Date revente]]),TODAY(),Table1368[[#This Row],[Date revente]])-Table1368[[#This Row],[Date achat]]) -> 68
A6: 45917 | B6: Orslow 107 Denim Vintage | C6: 250917Z11 | D6: N/A | G6: Orslow | H6: M | I6: ZenMarket | J6: N/A | K6: 35 | L6: =Table1368[[#This Row],[Prix total Achat]]-Table1368[[#This Row],[Prix article]] -> 30 | M6: 65 | N6: 45937 | O6: =(Table1368[[#This Row],[Prix total Achat]]*2) -> 130 | P6: =Table1368[[#This Row],[Prix Min voulu (x2 )]]*1.2 -> 156 | Q6: 45940 | R6: 45943 | S6: 130 | T6: Vinted | U6: N/A | V6: =IF(ISBLANK(Table1368[[#This Row],[Date réception Achat]]),"",IF(ISBLANK(Table1368[[#This Row],[Date revente]]),TODAY(),Table1368[[#This Row],[Date revente]])-Table1368[[#This Row],[Date réception Achat]]) -> 6 | W6: =IF(Table1368[[#This Row],[Date revente]]<>"","Vendu (clôturé)",IF(Table1368[[#This Row],[Date relisting]]<>"","Listé",IF(Table1368[[#This Row],[Date réception Achat]]<>"","Acheté (reçu)",IF(Table1368[[#This Row],[Date achat]]<>"","Acheté (en attente)","")))) -> Vendu (clôturé) | X6: =IF(Table1368[[#This Row],[Prix de revente]]="","",Table1368[[#This Row],[Prix de revente]]-Table1368[[#This Row],[Prix total Achat]]) -> 65 | Y6: =IF(Table1368[[#This Row],[Prix de revente]]="","",(Table1368[[#This Row],[Prix de revente]]/Table1368[[#This Row],[Prix total Achat]])) -> 2 | Z6: =IF(ISBLANK(Table1368[[#This Row],[Date réception Achat]]),"",IF(ISBLANK(Table1368[[#This Row],[Date réception Achat]]),TODAY(),Table1368[[#This Row],[Date réception Achat]])-Table1368[[#This Row],[Date achat]]) -> 20 | AA6: =IF(ISBLANK(Table1368[[#This Row],[Date relisting]]),"",IF(ISBLANK(Table1368[[#This Row],[Date relisting]]),TODAY(),Table1368[[#This Row],[Date relisting]])-Table1368[[#This Row],[Date réception Achat]]) -> 3 | AB6: =IF(ISBLANK(Table1368[[#This Row],[Date revente]]),"",IF(ISBLANK(Table1368[[#This Row],[Date revente]]),TODAY(),Table1368[[#This Row],[Date revente]])-Table1368[[#This Row],[Date relisting]]) -> 3 | AC6: =IF(ISBLANK(Table1368[[#This Row],[Date revente]]),"",IF(ISBLANK(Table1368[[#This Row],[Date revente]]),TODAY(),Table1368[[#This Row],[Date revente]])-Table1368[[#This Row],[Date réception Achat]]) -> 6 | AD6: =IF(ISBLANK(Table1368[[#This Row],[Date revente]]),"",IF(ISBLANK(Table1368[[#This Row],[Date revente]]),TODAY(),Table1368[[#This Row],[Date revente]])-Table1368[[#This Row],[Date achat]]) -> 26
A7: 45917 | B7: AURALEE 100% Cotton Knit Sweater Size 4 | C7: 250917Z08 | D7: N/A | G7: Auralee | H7: L | I7: ZenMarket | J7: N/A | K7: 55 | L7: =Table1368[[#This Row],[Prix total Achat]]-Table1368[[#This Row],[Prix article]] -> 30 | M7: 85 | N7: 45929 | O7: =(Table1368[[#This Row],[Prix total Achat]]*2) -> 170 | P7: =Table1368[[#This Row],[Prix Min voulu (x2 )]]*1.2 -> 204 | Q7: 45935 | R7: 45951 | S7: 170 | T7: Vinted | U7: N/A | V7: =IF(ISBLANK(Table1368[[#This Row],[Date réception Achat]]),"",IF(ISBLANK(Table1368[[#This Row],[Date revente]]),TODAY(),Table1368[[#This Row],[Date revente]])-Table1368[[#This Row],[Date réception Achat]]) -> 22 | W7: =IF(Table1368[[#This Row],[Date revente]]<>"","Vendu (clôturé)",IF(Table1368[[#This Row],[Date relisting]]<>"","Listé",IF(Table1368[[#This Row],[Date réception Achat]]<>"","Acheté (reçu)",IF(Table1368[[#This Row],[Date achat]]<>"","Acheté (en attente)","")))) -> Vendu (clôturé) | X7: =IF(Table1368[[#This Row],[Prix de revente]]="","",Table1368[[#This Row],[Prix de revente]]-Table1368[[#This Row],[Prix total Achat]]) -> 85 | Y7: =IF(Table1368[[#This Row],[Prix de revente]]="","",(Table1368[[#This Row],[Prix de revente]]/Table1368[[#This Row],[Prix total Achat]])) -> 2 | Z7: =IF(ISBLANK(Table1368[[#This Row],[Date réception Achat]]),"",IF(ISBLANK(Table1368[[#This Row],[Date réception Achat]]),TODAY(),Table1368[[#This Row],[Date réception Achat]])-Table1368[[#This Row],[Date achat]]) -> 12 | AA7: =IF(ISBLANK(Table1368[[#This Row],[Date relisting]]),"",IF(ISBLANK(Table1368[[#This Row],[Date relisting]]),TODAY(),Table1368[[#This Row],[Date relisting]])-Table1368[[#This Row],[Date réception Achat]]) -> 6 | AB7: =IF(ISBLANK(Table1368[[#This Row],[Date revente]]),"",IF(ISBLANK(Table1368[[#This Row],[Date revente]]),TODAY(),Table1368[[#This Row],[Date revente]])-Table1368[[#This Row],[Date relisting]]) -> 16 | AC7: =IF(ISBLANK(Table1368[[#This Row],[Date revente]]),"",IF(ISBLANK(Table1368[[#This Row],[Date revente]]),TODAY(),Table1368[[#This Row],[Date revente]])-Table1368[[#This Row],[Date réception Achat]]) -> 22 | AD7: =IF(ISBLANK(Table1368[[#This Row],[Date revente]]),"",IF(ISBLANK(Table1368[[#This Row],[Date revente]]),TODAY(),Table1368[[#This Row],[Date revente]])-Table1368[[#This Row],[Date achat]]) -> 34
A8: 45917 | B8: BEAMS PLUS Beams Plus Set ① | C8: 250917Z07 | D8: N/A | G8: Beams+ | H8: L | I8: ZenMarket | J8: N/A | K8: 110 | L8: =Table1368[[#This Row],[Prix total Achat]]-Table1368[[#This Row],[Prix article]] -> 30 | M8: 140 | N8: 45929 | O8: =(Table1368[[#This Row],[Prix total Achat]]*2) -> 280 | P8: =Table1368[[#This Row],[Prix Min voulu (x2 )]]*1.2 -> 336 | Q8: 45935 | R8: 45952 | S8: 195 | T8: Vinted | U8: Haut vendu le 22/10/2025, shorts le 28/02/2026 | V8: =IF(ISBLANK(Table1368[[#This Row],[Date réception Achat]]),"",IF(ISBLANK(Table1368[[#This Row],[Date revente]]),TODAY(),Table1368[[#This Row],[Date revente]])-Table1368[[#This Row],[Date réception Achat]]) -> 23 | W8: =IF(Table1368[[#This Row],[Date revente]]<>"","Vendu (clôturé)",IF(Table1368[[#This Row],[Date relisting]]<>"","Listé",IF(Table1368[[#This Row],[Date réception Achat]]<>"","Acheté (reçu)",IF(Table1368[[#This Row],[Date achat]]<>"","Acheté (en attente)","")))) -> Vendu (clôturé) | X8: =IF(Table1368[[#This Row],[Prix de revente]]="","",Table1368[[#This Row],[Prix de revente]]-Table1368[[#This Row],[Prix total Achat]]) -> 55 | Y8: =IF(Table1368[[#This Row],[Prix de revente]]="","",(Table1368[[#This Row],[Prix de revente]]/Table1368[[#This Row],[Prix total Achat]])) -> 1.3928571 | Z8: =IF(ISBLANK(Table1368[[#This Row],[Date réception Achat]]),"",IF(ISBLANK(Table1368[[#This Row],[Date réception Achat]]),TODAY(),Table1368[[#This Row],[Date réception Achat]])-Table1368[[#This Row],[Date achat]]) -> 12 | AA8: =IF(ISBLANK(Table1368[[#This Row],[Date relisting]]),"",IF(ISBLANK(Table1368[[#This Row],[Date relisting]]),TODAY(),Table1368[[#This Row],[Date relisting]])-Table1368[[#This Row],[Date réception Achat]]) -> 6 | AB8: =IF(ISBLANK(Table1368[[#This Row],[Date revente]]),"",IF(ISBLANK(Table1368[[#This Row],[Date revente]]),TODAY(),Table1368[[#This Row],[Date revente]])-Table1368[[#This Row],[Date relisting]]) -> 17 | AC8: =IF(ISBLANK(Table1368[[#This Row],[Date revente]]),"",IF(ISBLANK(Table1368[[#This Row],[Date revente]]),TODAY(),Table1368[[#This Row],[Date revente]])-Table1368[[#This Row],[Date réception Achat]]) -> 23 | AD8: =IF(ISBLANK(Table1368[[#This Row],[Date revente]]),"",IF(ISBLANK(Table1368[[#This Row],[Date revente]]),TODAY(),Table1368[[#This Row],[Date revente]])-Table1368[[#This Row],[Date achat]]) -> 35
A9: 45917 | B9: Engineered Garments check shirt | C9: 250917Z03 | D9: N/A | G9: Engineered Garments | H9: L | I9: ZenMarket | J9: N/A | K9: 18 | L9: =Table1368[[#This Row],[Prix total Achat]]-Table1368[[#This Row],[Prix article]] -> 30 | M9: 48 | N9: 45926 | O9: =(Table1368[[#This Row],[Prix total Achat]]*2) -> 96 | P9: =Table1368[[#This Row],[Prix Min voulu (x2 )]]*1.2 -> 115.2 | Q9: 45935 | R9: 45955 | S9: 45 | T9: Vinted | U9: N/A | V9: =IF(ISBLANK(Table1368[[#This Row],[Date réception Achat]]),"",IF(ISBLANK(Table1368[[#This Row],[Date revente]]),TODAY(),Table1368[[#This Row],[Date revente]])-Table1368[[#This Row],[Date réception Achat]]) -> 29 | W9: =IF(Table1368[[#This Row],[Date revente]]<>"","Vendu (clôturé)",IF(Table1368[[#This Row],[Date relisting]]<>"","Listé",IF(Table1368[[#This Row],[Date réception Achat]]<>"","Acheté (reçu)",IF(Table1368[[#This Row],[Date achat]]<>"","Acheté (en attente)","")))) -> Vendu (clôturé) | X9: =IF(Table1368[[#This Row],[Prix de revente]]="","",Table1368[[#This Row],[Prix de revente]]-Table1368[[#This Row],[Prix total Achat]]) -> -3 | Y9: =IF(Table1368[[#This Row],[Prix de revente]]="","",(Table1368[[#This Row],[Prix de revente]]/Table1368[[#This Row],[Prix total Achat]])) -> 0.9375 | Z9: =IF(ISBLANK(Table1368[[#This Row],[Date réception Achat]]),"",IF(ISBLANK(Table1368[[#This Row],[Date réception Achat]]),TODAY(),Table1368[[#This Row],[Date réception Achat]])-Table1368[[#This Row],[Date achat]]) -> 9 | AA9: =IF(ISBLANK(Table1368[[#This Row],[Date relisting]]),"",IF(ISBLANK(Table1368[[#This Row],[Date relisting]]),TODAY(),Table1368[[#This Row],[Date relisting]])-Table1368[[#This Row],[Date réception Achat]]) -> 9 | AB9: =IF(ISBLANK(Table1368[[#This Row],[Date revente]]),"",IF(ISBLANK(Table1368[[#This Row],[Date revente]]),TODAY(),Table1368[[#This Row],[Date revente]])-Table1368[[#This Row],[Date relisting]]) -> 20 | AC9: =IF(ISBLANK(Table1368[[#This Row],[Date revente]]),"",IF(ISBLANK(Table1368[[#This Row],[Date revente]]),TODAY(),Table1368[[#This Row],[Date revente]])-Table1368[[#This Row],[Date réception Achat]]) -> 29 | AD9: =IF(ISBLANK(Table1368[[#This Row],[Date revente]]),"",IF(ISBLANK(Table1368[[#This Row],[Date revente]]),TODAY(),Table1368[[#This Row],[Date revente]])-Table1368[[#This Row],[Date achat]]) -> 38
A10: 45917 | B10: [Rare] AURALEE Big Silhouette Long T-Shirt, Solid Color, Domestic Brand, Vintage Clothing | C10: 250917Z04 | D10: N/A | G10: Auralee | H10: L | I10: ZenMarket | J10: N/A | K10: 35 | L10: =Table1368[[#This Row],[Prix total Achat]]-Table1368[[#This Row],[Prix article]] -> 30 | M10: 65 | N10: 45926 | O10: =(Table1368[[#This Row],[Prix total Achat]]*2) -> 130 | P10: =Table1368[[#This Row],[Prix Min voulu (x2 )]]*1.2 -> 156 | Q10: 45935 | R10: 45959 | S10: 80 | T10: Vinted | U10: N/A | V10: =IF(ISBLANK(Table1368[[#This Row],[Date réception Achat]]),"",IF(ISBLANK(Table1368[[#This Row],[Date revente]]),TODAY(),Table1368[[#This Row],[Date revente]])-Table1368[[#This Row],[Date réception Achat]]) -> 33 | W10: =IF(Table1368[[#This Row],[Date revente]]<>"","Vendu (clôturé)",IF(Table1368[[#This Row],[Date relisting]]<>"","Listé",IF(Table1368[[#This Row],[Date réception Achat]]<>"","Acheté (reçu)",IF(Table1368[[#This Row],[Date achat]]<>"","Acheté (en attente)","")))) -> Vendu (clôturé) | X10: =IF(Table1368[[#This Row],[Prix de revente]]="","",Table1368[[#This Row],[Prix de revente]]-Table1368[[#This Row],[Prix total Achat]]) -> 15 | Y10: =IF(Table1368[[#This Row],[Prix de revente]]="","",(Table1368[[#This Row],[Prix de revente]]/Table1368[[#This Row],[Prix total Achat]])) -> 1.2307692 | Z10: =IF(ISBLANK(Table1368[[#This Row],[Date réception Achat]]),"",IF(ISBLANK(Table1368[[#This Row],[Date réception Achat]]),TODAY(),Table1368[[#This Row],[Date réception Achat]])-Table1368[[#This Row],[Date achat]]) -> 9 | AA10: =IF(ISBLANK(Table1368[[#This Row],[Date relisting]]),"",IF(ISBLANK(Table1368[[#This Row],[Date relisting]]),TODAY(),Table1368[[#This Row],[Date relisting]])-Table1368[[#This Row],[Date réception Achat]]) -> 9 | AB10: =IF(ISBLANK(Table1368[[#This Row],[Date revente]]),"",IF(ISBLANK(Table1368[[#This Row],[Date revente]]),TODAY(),Table1368[[#This Row],[Date revente]])-Table1368[[#This Row],[Date relisting]]) -> 24 | AC10: =IF(ISBLANK(Table1368[[#This Row],[Date revente]]),"",IF(ISBLANK(Table1368[[#This Row],[Date revente]]),TODAY(),Table1368[[#This Row],[Date revente]])-Table1368[[#This Row],[Date réception Achat]]) -> 33 | AD10: =IF(ISBLANK(Table1368[[#This Row],[Date revente]]),"",IF(ISBLANK(Table1368[[#This Row],[Date revente]]),TODAY(),Table1368[[#This Row],[Date revente]])-Table1368[[#This Row],[Date achat]]) -> 42
A11: 45917 | B11: AURALEE Beige Long Sleeve Sweatshirt, Size L | C11: 250917Z06 | D11: N/A | G11: Auralee | H11: L | I11: ZenMarket | J11: N/A | K11: 28 | L11: =Table1368[[#This Row],[Prix total Achat]]-Table1368[[#This Row],[Prix article]] -> 30 | M11: 58 | N11: 45937 | O11: =(Table1368[[#This Row],[Prix total Achat]]*2) -> 116 | P11: =Table1368[[#This Row],[Prix Min voulu (x2 )]]*1.2 -> 139.2 | Q11: 45940 | R11: 45971 | S11: 87.5 | T11: Vinted | U11: Lot (2) | V11: =IF(ISBLANK(Table1368[[#This Row],[Date réception Achat]]),"",IF(ISBLANK(Table1368[[#This Row],[Date revente]]),TODAY(),Table1368[[#This Row],[Date revente]])-Table1368[[#This Row],[Date réception Achat]]) -> 34 | W11: =IF(Table1368[[#This Row],[Date revente]]<>"","Vendu (clôturé)",IF(Table1368[[#This Row],[Date relisting]]<>"","Listé",IF(Table1368[[#This Row],[Date réception Achat]]<>"","Acheté (reçu)",IF(Table1368[[#This Row],[Date achat]]<>"","Acheté (en attente)","")))) -> Vendu (clôturé) | X11: =IF(Table1368[[#This Row],[Prix de revente]]="","",Table1368[[#This Row],[Prix de revente]]-Table1368[[#This Row],[Prix total Achat]]) -> 29.5 | Y11: =IF(Table1368[[#This Row],[Prix de revente]]="","",(Table1368[[#This Row],[Prix de revente]]/Table1368[[#This Row],[Prix total Achat]])) -> 1.5086207 | Z11: =IF(ISBLANK(Table1368[[#This Row],[Date réception Achat]]),"",IF(ISBLANK(Table1368[[#This Row],[Date réception Achat]]),TODAY(),Table1368[[#This Row],[Date réception Achat]])-Table1368[[#This Row],[Date achat]]) -> 20 | AA11: =IF(ISBLANK(Table1368[[#This Row],[Date relisting]]),"",IF(ISBLANK(Table1368[[#This Row],[Date relisting]]),TODAY(),Table1368[[#This Row],[Date relisting]])-Table1368[[#This Row],[Date réception Achat]]) -> 3 | AB11: =IF(ISBLANK(Table1368[[#This Row],[Date revente]]),"",IF(ISBLANK(Table1368[[#This Row],[Date revente]]),TODAY(),Table1368[[#This Row],[Date revente]])-Table1368[[#This Row],[Date relisting]]) -> 31 | AC11: =IF(ISBLANK(Table1368[[#This Row],[Date revente]]),"",IF(ISBLANK(Table1368[[#This Row],[Date revente]]),TODAY(),Table1368[[#This Row],[Date revente]])-Table1368[[#This Row],[Date réception Achat]]) -> 34 | AD11: =IF(ISBLANK(Table1368[[#This Row],[Date revente]]),"",IF(ISBLANK(Table1368[[#This Row],[Date revente]]),TODAY(),Table1368[[#This Row],[Date revente]])-Table1368[[#This Row],[Date achat]]) -> 54
A12: 45917 | B12: [Size 4] AURALEE Polo Shirt, Short Sleeve, 100% Cotton | C12: 250917Z09 | D12: N/A | G12: Auralee | H12: L | I12: ZenMarket | J12: N/A | K12: 50 | L12: =Table1368[[#This Row],[Prix total Achat]]-Table1368[[#This Row],[Prix article]] -> 30 | M12: 80 | N12: 45929 | O12: =(Table1368[[#This Row],[Prix total Achat]]*2) -> 160 | P12: =Table1368[[#This Row],[Prix Min voulu (x2 )]]*1.2 -> 192 | Q12: 45935 | R12: 45971 | S12: 87.5 | T12: Vinted | U12: Lot (2) | V12: =IF(ISBLANK(Table1368[[#This Row],[Date réception Achat]]),"",IF(ISBLANK(Table1368[[#This Row],[Date revente]]),TODAY(),Table1368[[#This Row],[Date revente]])-Table1368[[#This Row],[Date réception Achat]]) -> 42 | W12: =IF(Table1368[[#This Row],[Date revente]]<>"","Vendu (clôturé)",IF(Table1368[[#This Row],[Date relisting]]<>"","Listé",IF(Table1368[[#This Row],[Date réception Achat]]<>"","Acheté (reçu)",IF(Table1368[[#This Row],[Date achat]]<>"","Acheté (en attente)","")))) -> Vendu (clôturé) | X12: =IF(Table1368[[#This Row],[Prix de revente]]="","",Table1368[[#This Row],[Prix de revente]]-Table1368[[#This Row],[Prix total Achat]]) -> 7.5 | Y12: =IF(Table1368[[#This Row],[Prix de revente]]="","",(Table1368[[#This Row],[Prix de revente]]/Table1368[[#This Row],[Prix total Achat]])) -> 1.09375 | Z12: =IF(ISBLANK(Table1368[[#This Row],[Date réception Achat]]),"",IF(ISBLANK(Table1368[[#This Row],[Date réception Achat]]),TODAY(),Table1368[[#This Row],[Date réception Achat]])-Table1368[[#This Row],[Date achat]]) -> 12 | AA12: =IF(ISBLANK(Table1368[[#This Row],[Date relisting]]),"",IF(ISBLANK(Table1368[[#This Row],[Date relisting]]),TODAY(),Table1368[[#This Row],[Date relisting]])-Table1368[[#This Row],[Date réception Achat]]) -> 6 | AB12: =IF(ISBLANK(Table1368[[#This Row],[Date revente]]),"",IF(ISBLANK(Table1368[[#This Row],[Date revente]]),TODAY(),Table1368[[#This Row],[Date revente]])-Table1368[[#This Row],[Date relisting]]) -> 36 | AC12: =IF(ISBLANK(Table1368[[#This Row],[Date revente]]),"",IF(ISBLANK(Table1368[[#This Row],[Date revente]]),TODAY(),Table1368[[#This Row],[Date revente]])-Table1368[[#This Row],[Date réception Achat]]) -> 42 | AD12: =IF(ISBLANK(Table1368[[#This Row],[Date revente]]),"",IF(ISBLANK(Table1368[[#This Row],[Date revente]]),TODAY(),Table1368[[#This Row],[Date revente]])-Table1368[[#This Row],[Date achat]]) -> 54
A13: 45917 | B13: ●BEAMS Beams Jacket S●0713● Used | C13: 250917Z02 | D13: N/A | G13: Beams+ | H13: S | I13: ZenMarket | J13: N/A | K13: 11 | L13: =Table1368[[#This Row],[Prix total Achat]]-Table1368[[#This Row],[Prix article]] -> 30 | M13: 41 | N13: 45929 | O13: =(Table1368[[#This Row],[Prix total Achat]]*2) -> 82 | P13: =Table1368[[#This Row],[Prix Min voulu (x2 )]]*1.2 -> 98.4 | Q13: 45935 | R13: 46000 | S13: 80 | T13: Vinted | U13: N/A | V13: =IF(ISBLANK(Table1368[[#This Row],[Date réception Achat]]),"",IF(ISBLANK(Table1368[[#This Row],[Date revente]]),TODAY(),Table1368[[#This Row],[Date revente]])-Table1368[[#This Row],[Date réception Achat]]) -> 71 | W13: =IF(Table1368[[#This Row],[Date revente]]<>"","Vendu (clôturé)",IF(Table1368[[#This Row],[Date relisting]]<>"","Listé",IF(Table1368[[#This Row],[Date réception Achat]]<>"","Acheté (reçu)",IF(Table1368[[#This Row],[Date achat]]<>"","Acheté (en attente)","")))) -> Vendu (clôturé) | X13: =IF(Table1368[[#This Row],[Prix de revente]]="","",Table1368[[#This Row],[Prix de revente]]-Table1368[[#This Row],[Prix total Achat]]) -> 39 | Y13: =IF(Table1368[[#This Row],[Prix de revente]]="","",(Table1368[[#This Row],[Prix de revente]]/Table1368[[#This Row],[Prix total Achat]])) -> 1.9512195 | Z13: =IF(ISBLANK(Table1368[[#This Row],[Date réception Achat]]),"",IF(ISBLANK(Table1368[[#This Row],[Date réception Achat]]),TODAY(),Table1368[[#This Row],[Date réception Achat]])-Table1368[[#This Row],[Date achat]]) -> 12 | AA13: =IF(ISBLANK(Table1368[[#This Row],[Date relisting]]),"",IF(ISBLANK(Table1368[[#This Row],[Date relisting]]),TODAY(),Table1368[[#This Row],[Date relisting]])-Table1368[[#This Row],[Date réception Achat]]) -> 6 | AB13: =IF(ISBLANK(Table1368[[#This Row],[Date revente]]),"",IF(ISBLANK(Table1368[[#This Row],[Date revente]]),TODAY(),Table1368[[#This Row],[Date revente]])-Table1368[[#This Row],[Date relisting]]) -> 65 | AC13: =IF(ISBLANK(Table1368[[#This Row],[Date revente]]),"",IF(ISBLANK(Table1368[[#This Row],[Date revente]]),TODAY(),Table1368[[#This Row],[Date revente]])-Table1368[[#This Row],[Date réception Achat]]) -> 71 | AD13: =IF(ISBLANK(Table1368[[#This Row],[Date revente]]),"",IF(ISBLANK(Table1368[[#This Row],[Date revente]]),TODAY(),Table1368[[#This Row],[Date revente]])-Table1368[[#This Row],[Date achat]]) -> 83
... A15: 45920 | B15: shirt | C15: 250920V01 | D15: N/A | G15: Woorlich | H15: XL | I15: Vinted | J15: N/A | K15: 5 | L15: =Table1368[[#This Row],[Prix total Achat]]-Table1368[[#This Row],[Prix article]] -> 3.74 | M15: 8.74 | N15: 45927 | O15: =(Table1368[[#This Row],[Prix total Achat]]*2) -> 17.48 | P15: =Table1368[[#This Row],[Prix Min voulu (x2 )]]*1.2 -> 20.976 | Q15: 45932 | R15: 45996 | S15: 20 | T15: Vinted | U15: N/A | V15: =IF(ISBLANK(Table1368[[#This Row],[Date réception Achat]]),"",IF(ISBLANK(Table1368[[#This Row],[Date revente]]),TODAY(),Table1368[[#This Row],[Date revente]])-Table1368[[#This Row],[Date réception Achat]]) -> 69 | W15: =IF(Table1368[[#This Row],[Date revente]]<>"","Vendu (clôturé)",IF(Table1368[[#This Row],[Date relisting]]<>"","Listé",IF(Table1368[[#This Row],[Date réception Achat]]<>"","Acheté (reçu)",IF(Table1368[[#This Row],[Date achat]]<>"","Acheté (en attente)","")))) -> Vendu (clôturé) | X15: =IF(Table1368[[#This Row],[Prix de revente]]="","",Table1368[[#This Row],[Prix de revente]]-Table1368[[#This Row],[Prix total Achat]]) -> 11.26 | Y15: =IF(Table1368[[#This Row],[Prix de revente]]="","",(Table1368[[#This Row],[Prix de revente]]/Table1368[[#This Row],[Prix total Achat]])) -> 2.2883295 | Z15: =IF(ISBLANK(Table1368[[#This Row],[Date réception Achat]]),"",IF(ISBLANK(Table1368[[#This Row],[Date réception Achat]]),TODAY(),Table1368[[#This Row],[Date réception Achat]])-Table1368[[#This Row],[Date achat]]) -> 7 | AA15: =IF(ISBLANK(Table1368[[#This Row],[Date relisting]]),"",IF(ISBLANK(Table1368[[#This Row],[Date relisting]]),TODAY(),Table1368[[#This Row],[Date relisting]])-Table1368[[#This Row],[Date réception Achat]]) -> 5 | AB15: =IF(ISBLANK(Table1368[[#This Row],[Date revente]]),"",IF(ISBLANK(Table1368[[#This Row],[Date revente]]),TODAY(),Table1368[[#This Row],[Date revente]])-Table1368[[#This Row],[Date relisting]]) -> 64 | AC15: =IF(ISBLANK(Table1368[[#This Row],[Date revente]]),"",IF(ISBLANK(Table1368[[#This Row],[Date revente]]),TODAY(),Table1368[[#This Row],[Date revente]])-Table1368[[#This Row],[Date réception Achat]]) -> 69 | AD15: =IF(ISBLANK(Table1368[[#This Row],[Date revente]]),"",IF(ISBLANK(Table1368[[#This Row],[Date revente]]),TODAY(),Table1368[[#This Row],[Date revente]])-Table1368[[#This Row],[Date achat]]) -> 76
A16: 45921 | B16: Pantalon | C16: 250921V01 | D16: N/A | G16: Corridor | H16: 34 | I16: Vinted | J16: N/A | K16: 27.5 | L16: =Table1368[[#This Row],[Prix total Achat]]-Table1368[[#This Row],[Prix article]] -> 4.48 | M16: 31.98 | N16: 45929 | O16: =(Table1368[[#This Row],[Prix total Achat]]*2) -> 63.96 | P16: =Table1368[[#This Row],[Prix Min voulu (x2 )]]*1.2 -> 76.752 | Q16: 45933 | R16: 46133 | S16: 62.5 | T16: Vinted | U16: N/A | V16: =IF(ISBLANK(Table1368[[#This Row],[Date réception Achat]]),"",IF(ISBLANK(Table1368[[#This Row],[Date revente]]),TODAY(),Table1368[[#This Row],[Date revente]])-Table1368[[#This Row],[Date réception Achat]]) -> 204 | W16: =IF(Table1368[[#This Row],[Date revente]]<>"","Vendu (clôturé)",IF(Table1368[[#This Row],[Date relisting]]<>"","Listé",IF(Table1368[[#This Row],[Date réception Achat]]<>"","Acheté (reçu)",IF(Table1368[[#This Row],[Date achat]]<>"","Acheté (en attente)","")))) -> Vendu (clôturé) | X16: =IF(Table1368[[#This Row],[Prix de revente]]="","",Table1368[[#This Row],[Prix de revente]]-Table1368[[#This Row],[Prix total Achat]]) -> 30.52 | Y16: =IF(Table1368[[#This Row],[Prix de revente]]="","",(Table1368[[#This Row],[Prix de revente]]/Table1368[[#This Row],[Prix total Achat]])) -> 1.9543465 | Z16: =IF(ISBLANK(Table1368[[#This Row],[Date réception Achat]]),"",IF(ISBLANK(Table1368[[#This Row],[Date réception Achat]]),TODAY(),Table1368[[#This Row],[Date réception Achat]])-Table1368[[#This Row],[Date achat]]) -> 8 | AA16: =IF(ISBLANK(Table1368[[#This Row],[Date relisting]]),"",IF(ISBLANK(Table1368[[#This Row],[Date relisting]]),TODAY(),Table1368[[#This Row],[Date relisting]])-Table1368[[#This Row],[Date réception Achat]]) -> 4 | AB16: =IF(ISBLANK(Table1368[[#This Row],[Date revente]]),"",IF(ISBLANK(Table1368[[#This Row],[Date revente]]),TODAY(),Table1368[[#This Row],[Date revente]])-Table1368[[#This Row],[Date relisting]]) -> 200 | AC16: =IF(ISBLANK(Table1368[[#This Row],[Date revente]]),"",IF(ISBLANK(Table1368[[#This Row],[Date revente]]),TODAY(),Table1368[[#This Row],[Date revente]])-Table1368[[#This Row],[Date réception Achat]]) -> 204 | AD16: =IF(ISBLANK(Table1368[[#This Row],[Date revente]]),"",IF(ISBLANK(Table1368[[#This Row],[Date revente]]),TODAY(),Table1368[[#This Row],[Date revente]])-Table1368[[#This Row],[Date achat]]) -> 212
A17: 45921 | B17: Veste | C17: 250921V02 | D17: N/A | G17: Corridor | H17: XL | I17: Vinted | J17: N/A | K17: 27.5 | L17: =Table1368[[#This Row],[Prix total Achat]]-Table1368[[#This Row],[Prix article]] -> 4.48 | M17: 31.98 | N17: 45929 | O17: =(Table1368[[#This Row],[Prix total Achat]]*2) -> 63.96 | P17: =Table1368[[#This Row],[Prix Min voulu (x2 )]]*1.2 -> 76.752 | Q17: 45933 | R17: 46133 | S17: 62.5 | T17: Vinted | U17: N/A | V17: =IF(ISBLANK(Table1368[[#This Row],[Date réception Achat]]),"",IF(ISBLANK(Table1368[[#This Row],[Date revente]]),TODAY(),Table1368[[#This Row],[Date revente]])-Table1368[[#This Row],[Date réception Achat]]) -> 204 | W17: =IF(Table1368[[#This Row],[Date revente]]<>"","Vendu (clôturé)",IF(Table1368[[#This Row],[Date relisting]]<>"","Listé",IF(Table1368[[#This Row],[Date réception Achat]]<>"","Acheté (reçu)",IF(Table1368[[#This Row],[Date achat]]<>"","Acheté (en attente)","")))) -> Vendu (clôturé) | X17: =IF(Table1368[[#This Row],[Prix de revente]]="","",Table1368[[#This Row],[Prix de revente]]-Table1368[[#This Row],[Prix total Achat]]) -> 30.52 | Y17: =IF(Table1368[[#This Row],[Prix de revente]]="","",(Table1368[[#This Row],[Prix de revente]]/Table1368[[#This Row],[Prix total Achat]])) -> 1.9543465 | Z17: =IF(ISBLANK(Table1368[[#This Row],[Date réception Achat]]),"",IF(ISBLANK(Table1368[[#This Row],[Date réception Achat]]),TODAY(),Table1368[[#This Row],[Date réception Achat]])-Table1368[[#This Row],[Date achat]]) -> 8 | AA17: =IF(ISBLANK(Table1368[[#This Row],[Date relisting]]),"",IF(ISBLANK(Table1368[[#This Row],[Date relisting]]),TODAY(),Table1368[[#This Row],[Date relisting]])-Table1368[[#This Row],[Date réception Achat]]) -> 4 | AB17: =IF(ISBLANK(Table1368[[#This Row],[Date revente]]),"",IF(ISBLANK(Table1368[[#This Row],[Date revente]]),TODAY(),Table1368[[#This Row],[Date revente]])-Table1368[[#This Row],[Date relisting]]) -> 200 | AC17: =IF(ISBLANK(Table1368[[#This Row],[Date revente]]),"",IF(ISBLANK(Table1368[[#This Row],[Date revente]]),TODAY(),Table1368[[#This Row],[Date revente]])-Table1368[[#This Row],[Date réception Achat]]) -> 204 | AD17: =IF(ISBLANK(Table1368[[#This Row],[Date revente]]),"",IF(ISBLANK(Table1368[[#This Row],[Date revente]]),TODAY(),Table1368[[#This Row],[Date revente]])-Table1368[[#This Row],[Date achat]]) -> 212
A18: 45932 | B18: Cardigan | C18: 251002V01 | D18: N/A | G18: Corridor | H18: L | I18: Vinted | J18: N/A | K18: 90 | L18: =Table1368[[#This Row],[Prix total Achat]]-Table1368[[#This Row],[Prix article]] -> 8.29 | M18: 98.29 | N18: 45937 | O18: =(Table1368[[#This Row],[Prix total Achat]]*2) -> 196.58 | P18: =Table1368[[#This Row],[Prix Min voulu (x2 )]]*1.2 -> 235.896 | Q18: 45940 | R18: 45999 | S18: 250 | T18: Vinted | U18: N/A | V18: =IF(ISBLANK(Table1368[[#This Row],[Date réception Achat]]),"",IF(ISBLANK(Table1368[[#This Row],[Date revente]]),TODAY(),Table1368[[#This Row],[Date revente]])-Table1368[[#This Row],[Date réception Achat]]) -> 62 | W18: =IF(Table1368[[#This Row],[Date revente]]<>"","Vendu (clôturé)",IF(Table1368[[#This Row],[Date relisting]]<>"","Listé",IF(Table1368[[#This Row],[Date réception Achat]]<>"","Acheté (reçu)",IF(Table1368[[#This Row],[Date achat]]<>"","Acheté (en attente)","")))) -> Vendu (clôturé) | X18: =IF(Table1368[[#This Row],[Prix de revente]]="","",Table1368[[#This Row],[Prix de revente]]-Table1368[[#This Row],[Prix total Achat]]) -> 151.71 | Y18: =IF(Table1368[[#This Row],[Prix de revente]]="","",(Table1368[[#This Row],[Prix de revente]]/Table1368[[#This Row],[Prix total Achat]])) -> 2.5434937 | Z18: =IF(ISBLANK(Table1368[[#This Row],[Date réception Achat]]),"",IF(ISBLANK(Table1368[[#This Row],[Date réception Achat]]),TODAY(),Table1368[[#This Row],[Date réception Achat]])-Table1368[[#This Row],[Date achat]]) -> 5 | AA18: =IF(ISBLANK(Table1368[[#This Row],[Date relisting]]),"",IF(ISBLANK(Table1368[[#This Row],[Date relisting]]),TODAY(),Table1368[[#This Row],[Date relisting]])-Table1368[[#This Row],[Date réception Achat]]) -> 3 | AB18: =IF(ISBLANK(Table1368[[#This Row],[Date revente]]),"",IF(ISBLANK(Table1368[[#This Row],[Date revente]]),TODAY(),Table1368[[#This Row],[Date revente]])-Table1368[[#This Row],[Date relisting]]) -> 59 | AC18: =IF(ISBLANK(Table1368[[#This Row],[Date revente]]),"",IF(ISBLANK(Table1368[[#This Row],[Date revente]]),TODAY(),Table1368[[#This Row],[Date revente]])-Table1368[[#This Row],[Date réception Achat]]) -> 62 | AD18: =IF(ISBLANK(Table1368[[#This Row],[Date revente]]),"",IF(ISBLANK(Table1368[[#This Row],[Date revente]]),TODAY(),Table1368[[#This Row],[Date revente]])-Table1368[[#This Row],[Date achat]]) -> 67
A19: 45934 | B19: Pull | C19: 251004V01 | D19: N/A | G19: Uniqlo | H19: XL | I19: Vinted | J19: N/A | K19: 8 | L19: =Table1368[[#This Row],[Prix total Achat]]-Table1368[[#This Row],[Prix article]] -> 4.49 | M19: 12.49 | N19: 45944 | O19: =(Table1368[[#This Row],[Prix total Achat]]*2) -> 24.98 | P19: =Table1368[[#This Row],[Prix Min voulu (x2 )]]*1.2 -> 29.976 | Q19: 45947 | R19: 45955 | S19: 20 | T19: Vinted | U19: N/A | V19: =IF(ISBLANK(Table1368[[#This Row],[Date réception Achat]]),"",IF(ISBLANK(Table1368[[#This Row],[Date revente]]),TODAY(),Table1368[[#This Row],[Date revente]])-Table1368[[#This Row],[Date réception Achat]]) -> 11 | W19: =IF(Table1368[[#This Row],[Date revente]]<>"","Vendu (clôturé)",IF(Table1368[[#This Row],[Date relisting]]<>"","Listé",IF(Table1368[[#This Row],[Date réception Achat]]<>"","Acheté (reçu)",IF(Table1368[[#This Row],[Date achat]]<>"","Acheté (en attente)","")))) -> Vendu (clôturé) | X19: =IF(Table1368[[#This Row],[Prix de revente]]="","",Table1368[[#This Row],[Prix de revente]]-Table1368[[#This Row],[Prix total Achat]]) -> 7.51 | Y19: =IF(Table1368[[#This Row],[Prix de revente]]="","",(Table1368[[#This Row],[Prix de revente]]/Table1368[[#This Row],[Prix total Achat]])) -> 1.601281 | Z19: =IF(ISBLANK(Table1368[[#This Row],[Date réception Achat]]),"",IF(ISBLANK(Table1368[[#This Row],[Date réception Achat]]),TODAY(),Table1368[[#This Row],[Date réception Achat]])-Table1368[[#This Row],[Date achat]]) -> 10 | AA19: =IF(ISBLANK(Table1368[[#This Row],[Date relisting]]),"",IF(ISBLANK(Table1368[[#This Row],[Date relisting]]),TODAY(),Table1368[[#This Row],[Date relisting]])-Table1368[[#This Row],[Date réception Achat]]) -> 3 | AB19: =IF(ISBLANK(Table1368[[#This Row],[Date revente]]),"",IF(ISBLANK(Table1368[[#This Row],[Date revente]]),TODAY(),Table1368[[#This Row],[Date revente]])-Table1368[[#This Row],[Date relisting]]) -> 8 | AC19: =IF(ISBLANK(Table1368[[#This Row],[Date revente]]),"",IF(ISBLANK(Table1368[[#This Row],[Date revente]]),TODAY(),Table1368[[#This Row],[Date revente]])-Table1368[[#This Row],[Date réception Achat]]) -> 11 | AD19: =IF(ISBLANK(Table1368[[#This Row],[Date revente]]),"",IF(ISBLANK(Table1368[[#This Row],[Date revente]]),TODAY(),Table1368[[#This Row],[Date revente]])-Table1368[[#This Row],[Date achat]]) -> 21
A20: 45943 | B20: casquette | C20: 251013V01 | D20: N/A | G20: kith | H20: TU | I20: Vinted | J20: N/A | K20: 10 | L20: =Table1368[[#This Row],[Prix total Achat]]-Table1368[[#This Row],[Prix article]] -> 6.19 | M20: 16.19 | N20: 45950 | O20: =(Table1368[[#This Row],[Prix total Achat]]*2) -> 32.38 | P20: =Table1368[[#This Row],[Prix Min voulu (x2 )]]*1.2 -> 38.856 | Q20: 45957 | R20: 45963 | S20: 80 | T20: Vinted | U20: N/A | V20: =IF(ISBLANK(Table1368[[#This Row],[Date réception Achat]]),"",IF(ISBLANK(Table1368[[#This Row],[Date revente]]),TODAY(),Table1368[[#This Row],[Date revente]])-Table1368[[#This Row],[Date réception Achat]]) -> 13 | W20: =IF(Table1368[[#This Row],[Date revente]]<>"","Vendu (clôturé)",IF(Table1368[[#This Row],[Date relisting]]<>"","Listé",IF(Table1368[[#This Row],[Date réception Achat]]<>"","Acheté (reçu)",IF(Table1368[[#This Row],[Date achat]]<>"","Acheté (en attente)","")))) -> Vendu (clôturé) | X20: =IF(Table1368[[#This Row],[Prix de revente]]="","",Table1368[[#This Row],[Prix de revente]]-Table1368[[#This Row],[Prix total Achat]]) -> 63.81 | Y20: =IF(Table1368[[#This Row],[Prix de revente]]="","",(Table1368[[#This Row],[Prix de revente]]/Table1368[[#This Row],[Prix total Achat]])) -> 4.9413218 | Z20: =IF(ISBLANK(Table1368[[#This Row],[Date réception Achat]]),"",IF(ISBLANK(Table1368[[#This Row],[Date réception Achat]]),TODAY(),Table1368[[#This Row],[Date réception Achat]])-Table1368[[#This Row],[Date achat]]) -> 7 | AA20: =IF(ISBLANK(Table1368[[#This Row],[Date relisting]]),"",IF(ISBLANK(Table1368[[#This Row],[Date relisting]]),TODAY(),Table1368[[#This Row],[Date relisting]])-Table1368[[#This Row],[Date réception Achat]]) -> 7 | AB20: =IF(ISBLANK(Table1368[[#This Row],[Date revente]]),"",IF(ISBLANK(Table1368[[#This Row],[Date revente]]),TODAY(),Table1368[[#This Row],[Date revente]])-Table1368[[#This Row],[Date relisting]]) -> 6 | AC20: =IF(ISBLANK(Table1368[[#This Row],[Date revente]]),"",IF(ISBLANK(Table1368[[#This Row],[Date revente]]),TODAY(),Table1368[[#This Row],[Date revente]])-Table1368[[#This Row],[Date réception Achat]]) -> 13 | AD20: =IF(ISBLANK(Table1368[[#This Row],[Date revente]]),"",IF(ISBLANK(Table1368[[#This Row],[Date revente]]),TODAY(),Table1368[[#This Row],[Date revente]])-Table1368[[#This Row],[Date achat]]) -> 20
A21: 45947 | B21: BEAMS PLUS Work Shirt, Long Sleeve, Check, Double Pocket | C21: 251017Z04 | D21: N/A | G21: Beams+ | H21: L | I21: ZenMarket | J21: N/A | K21: 11 | L21: =Table1368[[#This Row],[Prix total Achat]]-Table1368[[#This Row],[Prix article]] -> 23 | M21: 34 | N21: 45957 | O21: =(Table1368[[#This Row],[Prix total Achat]]*2) -> 68 | P21: =Table1368[[#This Row],[Prix Min voulu (x2 )]]*1.2 -> 81.6 | Q21: 45960 | R21: 45990 | S21: 60 | T21: Vinted | U21: N/A | V21: =IF(ISBLANK(Table1368[[#This Row],[Date réception Achat]]),"",IF(ISBLANK(Table1368[[#This Row],[Date revente]]),TODAY(),Table1368[[#This Row],[Date revente]])-Table1368[[#This Row],[Date réception Achat]]) -> 33 | W21: =IF(Table1368[[#This Row],[Date revente]]<>"","Vendu (clôturé)",IF(Table1368[[#This Row],[Date relisting]]<>"","Listé",IF(Table1368[[#This Row],[Date réception Achat]]<>"","Acheté (reçu)",IF(Table1368[[#This Row],[Date achat]]<>"","Acheté (en attente)","")))) -> Vendu (clôturé) | X21: =IF(Table1368[[#This Row],[Prix de revente]]="","",Table1368[[#This Row],[Prix de revente]]-Table1368[[#This Row],[Prix total Achat]]) -> 26 | Y21: =IF(Table1368[[#This Row],[Prix de revente]]="","",(Table1368[[#This Row],[Prix de revente]]/Table1368[[#This Row],[Prix total Achat]])) -> 1.7647059 | Z21: =IF(ISBLANK(Table1368[[#This Row],[Date réception Achat]]),"",IF(ISBLANK(Table1368[[#This Row],[Date réception Achat]]),TODAY(),Table1368[[#This Row],[Date réception Achat]])-Table1368[[#This Row],[Date achat]]) -> 10 | AA21: =IF(ISBLANK(Table1368[[#This Row],[Date relisting]]),"",IF(ISBLANK(Table1368[[#This Row],[Date relisting]]),TODAY(),Table1368[[#This Row],[Date relisting]])-Table1368[[#This Row],[Date réception Achat]]) -> 3 | AB21: =IF(ISBLANK(Table1368[[#This Row],[Date revente]]),"",IF(ISBLANK(Table1368[[#This Row],[Date revente]]),TODAY(),Table1368[[#This Row],[Date revente]])-Table1368[[#This Row],[Date relisting]]) -> 30 | AC21: =IF(ISBLANK(Table1368[[#This Row],[Date revente]]),"",IF(ISBLANK(Table1368[[#This Row],[Date revente]]),TODAY(),Table1368[[#This Row],[Date revente]])-Table1368[[#This Row],[Date réception Achat]]) -> 33 | AD21: =IF(ISBLANK(Table1368[[#This Row],[Date revente]]),"",IF(ISBLANK(Table1368[[#This Row],[Date revente]]),TODAY(),Table1368[[#This Row],[Date revente]])-Table1368[[#This Row],[Date achat]]) -> 43
A22: 45947 | B22: Down Chester Coat Blue S | C22: 251017Z01 | D22: N/A | G22: Beams+ | H22: S | I22: ZenMarket | J22: N/A | K22: 28 | L22: =Table1368[[#This Row],[Prix total Achat]]-Table1368[[#This Row],[Prix article]] -> 24 | M22: 52 | N22: 45957 | O22: =(Table1368[[#This Row],[Prix total Achat]]*2) -> 104 | P22: =Table1368[[#This Row],[Prix Min voulu (x2 )]]*1.2 -> 124.8 | Q22: 45960 | R22: 45991 | S22: 88.7 | T22: VestiaireCo | U22: Vendu à 104.35€ | V22: =IF(ISBLANK(Table1368[[#This Row],[Date réception Achat]]),"",IF(ISBLANK(Table1368[[#This Row],[Date revente]]),TODAY(),Table1368[[#This Row],[Date revente]])-Table1368[[#This Row],[Date réception Achat]]) -> 34 | W22: =IF(Table1368[[#This Row],[Date revente]]<>"","Vendu (clôturé)",IF(Table1368[[#This Row],[Date relisting]]<>"","Listé",IF(Table1368[[#This Row],[Date réception Achat]]<>"","Acheté (reçu)",IF(Table1368[[#This Row],[Date achat]]<>"","Acheté (en attente)","")))) -> Vendu (clôturé) | X22: =IF(Table1368[[#This Row],[Prix de revente]]="","",Table1368[[#This Row],[Prix de revente]]-Table1368[[#This Row],[Prix total Achat]]) -> 36.7 | Y22: =IF(Table1368[[#This Row],[Prix de revente]]="","",(Table1368[[#This Row],[Prix de revente]]/Table1368[[#This Row],[Prix total Achat]])) -> 1.7057692 | Z22: =IF(ISBLANK(Table1368[[#This Row],[Date réception Achat]]),"",IF(ISBLANK(Table1368[[#This Row],[Date réception Achat]]),TODAY(),Table1368[[#This Row],[Date réception Achat]])-Table1368[[#This Row],[Date achat]]) -> 10 | AA22: =IF(ISBLANK(Table1368[[#This Row],[Date relisting]]),"",IF(ISBLANK(Table1368[[#This Row],[Date relisting]]),TODAY(),Table1368[[#This Row],[Date relisting]])-Table1368[[#This Row],[Date réception Achat]]) -> 3 | AB22: =IF(ISBLANK(Table1368[[#This Row],[Date revente]]),"",IF(ISBLANK(Table1368[[#This Row],[Date revente]]),TODAY(),Table1368[[#This Row],[Date revente]])-Table1368[[#This Row],[Date relisting]]) -> 31 | AC22: =IF(ISBLANK(Table1368[[#This Row],[Date revente]]),"",IF(ISBLANK(Table1368[[#This Row],[Date revente]]),TODAY(),Table1368[[#This Row],[Date revente]])-Table1368[[#This Row],[Date réception Achat]]) -> 34 | AD22: =IF(ISBLANK(Table1368[[#This Row],[Date revente]]),"",IF(ISBLANK(Table1368[[#This Row],[Date revente]]),TODAY(),Table1368[[#This Row],[Date revente]])-Table1368[[#This Row],[Date achat]]) -> 44
A23: 45947 | B23: Jacquard Short Sleeve Knit Shirt Linen Blend Button Up Size L | C23: 251017Z02 | D23: N/A | G23: Beams+ | H23: L | I23: ZenMarket | J23: N/A | K23: 22 | L23: =Table1368[[#This Row],[Prix total Achat]]-Table1368[[#This Row],[Prix article]] -> 23 | M23: 45 | N23: 45957 | O23: =(Table1368[[#This Row],[Prix total Achat]]*2) -> 90 | P23: =Table1368[[#This Row],[Prix Min voulu (x2 )]]*1.2 -> 108 | Q23: 45960 | R23: 46014 | S23: 80 | T23: Vinted | U23: N/A | V23: =IF(ISBLANK(Table1368[[#This Row],[Date réception Achat]]),"",IF(ISBLANK(Table1368[[#This Row],[Date revente]]),TODAY(),Table1368[[#This Row],[Date revente]])-Table1368[[#This Row],[Date réception Achat]]) -> 57 | W23: =IF(Table1368[[#This Row],[Date revente]]<>"","Vendu (clôturé)",IF(Table1368[[#This Row],[Date relisting]]<>"","Listé",IF(Table1368[[#This Row],[Date réception Achat]]<>"","Acheté (reçu)",IF(Table1368[[#This Row],[Date achat]]<>"","Acheté (en attente)","")))) -> Vendu (clôturé) | X23: =IF(Table1368[[#This Row],[Prix de revente]]="","",Table1368[[#This Row],[Prix de revente]]-Table1368[[#This Row],[Prix total Achat]]) -> 35 | Y23: =IF(Table1368[[#This Row],[Prix de revente]]="","",(Table1368[[#This Row],[Prix de revente]]/Table1368[[#This Row],[Prix total Achat]])) -> 1.7777778 | Z23: =IF(ISBLANK(Table1368[[#This Row],[Date réception Achat]]),"",IF(ISBLANK(Table1368[[#This Row],[Date réception Achat]]),TODAY(),Table1368[[#This Row],[Date réception Achat]])-Table1368[[#This Row],[Date achat]]) -> 10 | AA23: =IF(ISBLANK(Table1368[[#This Row],[Date relisting]]),"",IF(ISBLANK(Table1368[[#This Row],[Date relisting]]),TODAY(),Table1368[[#This Row],[Date relisting]])-Table1368[[#This Row],[Date réception Achat]]) -> 3 | AB23: =IF(ISBLANK(Table1368[[#This Row],[Date revente]]),"",IF(ISBLANK(Table1368[[#This Row],[Date revente]]),TODAY(),Table1368[[#This Row],[Date revente]])-Table1368[[#This Row],[Date relisting]]) -> 54 | AC23: =IF(ISBLANK(Table1368[[#This Row],[Date revente]]),"",IF(ISBLANK(Table1368[[#This Row],[Date revente]]),TODAY(),Table1368[[#This Row],[Date revente]])-Table1368[[#This Row],[Date réception Achat]]) -> 57 | AD23: =IF(ISBLANK(Table1368[[#This Row],[Date revente]]),"",IF(ISBLANK(Table1368[[#This Row],[Date revente]]),TODAY(),Table1368[[#This Row],[Date revente]])-Table1368[[#This Row],[Date achat]]) -> 67
A24: 45947 | B24: BEAMS PLUS Green Check Button-Down Shirt L Japan | C24: 251017Z03 | D24: N/A | G24: Beams+ | H24: L | I24: ZenMarket | J24: N/A | K24: 11 | L24: =Table1368[[#This Row],[Prix total Achat]]-Table1368[[#This Row],[Prix article]] -> 24 | M24: 35 | N24: 45957 | O24: =(Table1368[[#This Row],[Prix total Achat]]*2) -> 70 | P24: =Table1368[[#This Row],[Prix Min voulu (x2 )]]*1.2 -> 84 | Q24: 45960 | R24: 46084 | S24: 32 | T24: Vinted | U24: N/A | V24: =IF(ISBLANK(Table1368[[#This Row],[Date réception Achat]]),"",IF(ISBLANK(Table1368[[#This Row],[Date revente]]),TODAY(),Table1368[[#This Row],[Date revente]])-Table1368[[#This Row],[Date réception Achat]]) -> 127 | W24: =IF(Table1368[[#This Row],[Date revente]]<>"","Vendu (clôturé)",IF(Table1368[[#This Row],[Date relisting]]<>"","Listé",IF(Table1368[[#This Row],[Date réception Achat]]<>"","Acheté (reçu)",IF(Table1368[[#This Row],[Date achat]]<>"","Acheté (en attente)","")))) -> Vendu (clôturé) | X24: =IF(Table1368[[#This Row],[Prix de revente]]="","",Table1368[[#This Row],[Prix de revente]]-Table1368[[#This Row],[Prix total Achat]]) -> -3 | Y24: =IF(Table1368[[#This Row],[Prix de revente]]="","",(Table1368[[#This Row],[Prix de revente]]/Table1368[[#This Row],[Prix total Achat]])) -> 0.91428571 | Z24: =IF(ISBLANK(Table1368[[#This Row],[Date réception Achat]]),"",IF(ISBLANK(Table1368[[#This Row],[Date réception Achat]]),TODAY(),Table1368[[#This Row],[Date réception Achat]])-Table1368[[#This Row],[Date achat]]) -> 10 | AA24: =IF(ISBLANK(Table1368[[#This Row],[Date relisting]]),"",IF(ISBLANK(Table1368[[#This Row],[Date relisting]]),TODAY(),Table1368[[#This Row],[Date relisting]])-Table1368[[#This Row],[Date réception Achat]]) -> 3 | AB24: =IF(ISBLANK(Table1368[[#This Row],[Date revente]]),"",IF(ISBLANK(Table1368[[#This Row],[Date revente]]),TODAY(),Table1368[[#This Row],[Date revente]])-Table1368[[#This Row],[Date relisting]]) -> 124 | AC24: =IF(ISBLANK(Table1368[[#This Row],[Date revente]]),"",IF(ISBLANK(Table1368[[#This Row],[Date revente]]),TODAY(),Table1368[[#This Row],[Date revente]])-Table1368[[#This Row],[Date réception Achat]]) -> 127 | AD24: =IF(ISBLANK(Table1368[[#This Row],[Date revente]]),"",IF(ISBLANK(Table1368[[#This Row],[Date revente]]),TODAY(),Table1368[[#This Row],[Date revente]])-Table1368[[#This Row],[Date achat]]) -> 137
A25: 45947 | B25: BEAMS PLUS Cotton Check Work Shirt Red | C25: 251017Z05 | D25: N/A | G25: Beams+ | H25: L | I25: ZenMarket | J25: N/A | K25: 6 | L25: =Table1368[[#This Row],[Prix total Achat]]-Table1368[[#This Row],[Prix article]] -> 23 | M25: 29 | N25: 45957 | O25: =(Table1368[[#This Row],[Prix total Achat]]*2) -> 58 | P25: =Table1368[[#This Row],[Prix Min voulu (x2 )]]*1.2 -> 69.6 | Q25: 45960 | R25: 46103 | S25: 20 | T25: Vinted | U25: N/A | V25: =IF(ISBLANK(Table1368[[#This Row],[Date réception Achat]]),"",IF(ISBLANK(Table1368[[#This Row],[Date revente]]),TODAY(),Table1368[[#This Row],[Date revente]])-Table1368[[#This Row],[Date réception Achat]]) -> 146 | W25: =IF(Table1368[[#This Row],[Date revente]]<>"","Vendu (clôturé)",IF(Table1368[[#This Row],[Date relisting]]<>"","Listé",IF(Table1368[[#This Row],[Date réception Achat]]<>"","Acheté (reçu)",IF(Table1368[[#This Row],[Date achat]]<>"","Acheté (en attente)","")))) -> Vendu (clôturé) | X25: =IF(Table1368[[#This Row],[Prix de revente]]="","",Table1368[[#This Row],[Prix de revente]]-Table1368[[#This Row],[Prix total Achat]]) -> -9 | Y25: =IF(Table1368[[#This Row],[Prix de revente]]="","",(Table1368[[#This Row],[Prix de revente]]/Table1368[[#This Row],[Prix total Achat]])) -> 0.68965517 | Z25: =IF(ISBLANK(Table1368[[#This Row],[Date réception Achat]]),"",IF(ISBLANK(Table1368[[#This Row],[Date réception Achat]]),TODAY(),Table1368[[#This Row],[Date réception Achat]])-Table1368[[#This Row],[Date achat]]) -> 10 | AA25: =IF(ISBLANK(Table1368[[#This Row],[Date relisting]]),"",IF(ISBLANK(Table1368[[#This Row],[Date relisting]]),TODAY(),Table1368[[#This Row],[Date relisting]])-Table1368[[#This Row],[Date réception Achat]]) -> 3 | AB25: =IF(ISBLANK(Table1368[[#This Row],[Date revente]]),"",IF(ISBLANK(Table1368[[#This Row],[Date revente]]),TODAY(),Table1368[[#This Row],[Date revente]])-Table1368[[#This Row],[Date relisting]]) -> 143 | AC25: =IF(ISBLANK(Table1368[[#This Row],[Date revente]]),"",IF(ISBLANK(Table1368[[#This Row],[Date revente]]),TODAY(),Table1368[[#This Row],[Date revente]])-Table1368[[#This Row],[Date réception Achat]]) -> 146 | AD25: =IF(ISBLANK(Table1368[[#This Row],[Date revente]]),"",IF(ISBLANK(Table1368[[#This Row],[Date revente]]),TODAY(),Table1368[[#This Row],[Date revente]])-Table1368[[#This Row],[Date achat]]) -> 156
A26: 45948 | B26: jeans | C26: 251018V01 | D26: N/A | G26: Edwin | H26: 34 | I26: Vinted | J26: N/A | K26: 3 | L26: =Table1368[[#This Row],[Prix total Achat]]-Table1368[[#This Row],[Prix article]] -> 3.74 | M26: 6.74 | N26: 45959 | O26: =(Table1368[[#This Row],[Prix total Achat]]*2) -> 13.48 | P26: =Table1368[[#This Row],[Prix Min voulu (x2 )]]*1.2 -> 16.176 | Q26: 45961 | R26: 45962 | S26: 49.5 | T26: Vinted | U26: N/A | V26: =IF(ISBLANK(Table1368[[#This Row],[Date réception Achat]]),"",IF(ISBLANK(Table1368[[#This Row],[Date revente]]),TODAY(),Table1368[[#This Row],[Date revente]])-Table1368[[#This Row],[Date réception Achat]]) -> 3 | W26: =IF(Table1368[[#This Row],[Date revente]]<>"","Vendu (clôturé)",IF(Table1368[[#This Row],[Date relisting]]<>"","Listé",IF(Table1368[[#This Row],[Date réception Achat]]<>"","Acheté (reçu)",IF(Table1368[[#This Row],[Date achat]]<>"","Acheté (en attente)","")))) -> Vendu (clôturé) | X26: =IF(Table1368[[#This Row],[Prix de revente]]="","",Table1368[[#This Row],[Prix de revente]]-Table1368[[#This Row],[Prix total Achat]]) -> 42.76 | Y26: =IF(Table1368[[#This Row],[Prix de revente]]="","",(Table1368[[#This Row],[Prix de revente]]/Table1368[[#This Row],[Prix total Achat]])) -> 7.3442136 | Z26: =IF(ISBLANK(Table1368[[#This Row],[Date réception Achat]]),"",IF(ISBLANK(Table1368[[#This Row],[Date réception Achat]]),TODAY(),Table1368[[#This Row],[Date réception Achat]])-Table1368[[#This Row],[Date achat]]) -> 11 | AA26: =IF(ISBLANK(Table1368[[#This Row],[Date relisting]]),"",IF(ISBLANK(Table1368[[#This Row],[Date relisting]]),TODAY(),Table1368[[#This Row],[Date relisting]])-Table1368[[#This Row],[Date réception Achat]]) -> 2 | AB26: =IF(ISBLANK(Table1368[[#This Row],[Date revente]]),"",IF(ISBLANK(Table1368[[#This Row],[Date revente]]),TODAY(),Table1368[[#This Row],[Date revente]])-Table1368[[#This Row],[Date relisting]]) -> 1 | AC26: =IF(ISBLANK(Table1368[[#This Row],[Date revente]]),"",IF(ISBLANK(Table1368[[#This Row],[Date revente]]),TODAY(),Table1368[[#This Row],[Date revente]])-Table1368[[#This Row],[Date réception Achat]]) -> 3 | AD26: =IF(ISBLANK(Table1368[[#This Row],[Date revente]]),"",IF(ISBLANK(Table1368[[#This Row],[Date revente]]),TODAY(),Table1368[[#This Row],[Date revente]])-Table1368[[#This Row],[Date achat]]) -> 14
A27: 45948 | B27: jacket | C27: 251018V02 | D27: N/A | G27: kith | H27: XL | I27: Vinted | J27: N/A | K27: 30 | L27: =Table1368[[#This Row],[Prix total Achat]]-Table1368[[#This Row],[Prix article]] -> 5.15 | M27: 35.15 | N27: 45957 | O27: =(Table1368[[#This Row],[Prix total Achat]]*2) -> 70.3 | P27: =Table1368[[#This Row],[Prix Min voulu (x2 )]]*1.2 -> 84.36 | Q27: 45961 | R27: 45995 | S27: 75 | T27: Vinted | U27: N/A | V27: =IF(ISBLANK(Table1368[[#This Row],[Date réception Achat]]),"",IF(ISBLANK(Table1368[[#This Row],[Date revente]]),TODAY(),Table1368[[#This Row],[Date revente]])-Table1368[[#This Row],[Date réception Achat]]) -> 38 | W27: =IF(Table1368[[#This Row],[Date revente]]<>"","Vendu (clôturé)",IF(Table1368[[#This Row],[Date relisting]]<>"","Listé",IF(Table1368[[#This Row],[Date réception Achat]]<>"","Acheté (reçu)",IF(Table1368[[#This Row],[Date achat]]<>"","Acheté (en attente)","")))) -> Vendu (clôturé) | X27: =IF(Table1368[[#This Row],[Prix de revente]]="","",Table1368[[#This Row],[Prix de revente]]-Table1368[[#This Row],[Prix total Achat]]) -> 39.85 | Y27: =IF(Table1368[[#This Row],[Prix de revente]]="","",(Table1368[[#This Row],[Prix de revente]]/Table1368[[#This Row],[Prix total Achat]])) -> 2.1337127 | Z27: =IF(ISBLANK(Table1368[[#This Row],[Date réception Achat]]),"",IF(ISBLANK(Table1368[[#This Row],[Date réception Achat]]),TODAY(),Table1368[[#This Row],[Date réception Achat]])-Table1368[[#This Row],[Date achat]]) -> 9 | AA27: =IF(ISBLANK(Table1368[[#This Row],[Date relisting]]),"",IF(ISBLANK(Table1368[[#This Row],[Date relisting]]),TODAY(),Table1368[[#This Row],[Date relisting]])-Table1368[[#This Row],[Date réception Achat]]) -> 4 | AB27: =IF(ISBLANK(Table1368[[#This Row],[Date revente]]),"",IF(ISBLANK(Table1368[[#This Row],[Date revente]]),TODAY(),Table1368[[#This Row],[Date revente]])-Table1368[[#This Row],[Date relisting]]) -> 34 | AC27: =IF(ISBLANK(Table1368[[#This Row],[Date revente]]),"",IF(ISBLANK(Table1368[[#This Row],[Date revente]]),TODAY(),Table1368[[#This Row],[Date revente]])-Table1368[[#This Row],[Date réception Achat]]) -> 38 | AD27: =IF(ISBLANK(Table1368[[#This Row],[Date revente]]),"",IF(ISBLANK(Table1368[[#This Row],[Date revente]]),TODAY(),Table1368[[#This Row],[Date revente]])-Table1368[[#This Row],[Date achat]]) -> 47
A28: 45950 | B28: chaussures 993 | C28: 201020V02 | D28: N/A | G28: New Balance | H28: 45 | I28: Vinted | J28: N/A | K28: 60 | L28: =Table1368[[#This Row],[Prix total Achat]]-Table1368[[#This Row],[Prix article]] -> 6.69 | M28: 66.69 | N28: 45955 | O28: =(Table1368[[#This Row],[Prix total Achat]]*2) -> 133.38 | P28: =Table1368[[#This Row],[Prix Min voulu (x2 )]]*1.2 -> 160.056 | Q28: 45961 | R28: 45963 | S28: 120 | T28: Vinted | U28: N/A | V28: =IF(ISBLANK(Table1368[[#This Row],[Date réception Achat]]),"",IF(ISBLANK(Table1368[[#This Row],[Date revente]]),TODAY(),Table1368[[#This Row],[Date revente]])-Table1368[[#This Row],[Date réception Achat]]) -> 8 | W28: =IF(Table1368[[#This Row],[Date revente]]<>"","Vendu (clôturé)",IF(Table1368[[#This Row],[Date relisting]]<>"","Listé",IF(Table1368[[#This Row],[Date réception Achat]]<>"","Acheté (reçu)",IF(Table1368[[#This Row],[Date achat]]<>"","Acheté (en attente)","")))) -> Vendu (clôturé) | X28: =IF(Table1368[[#This Row],[Prix de revente]]="","",Table1368[[#This Row],[Prix de revente]]-Table1368[[#This Row],[Prix total Achat]]) -> 53.31 | Y28: =IF(Table1368[[#This Row],[Prix de revente]]="","",(Table1368[[#This Row],[Prix de revente]]/Table1368[[#This Row],[Prix total Achat]])) -> 1.7993702 | Z28: =IF(ISBLANK(Table1368[[#This Row],[Date réception Achat]]),"",IF(ISBLANK(Table1368[[#This Row],[Date réception Achat]]),TODAY(),Table1368[[#This Row],[Date réception Achat]])-Table1368[[#This Row],[Date achat]]) -> 5 | AA28: =IF(ISBLANK(Table1368[[#This Row],[Date relisting]]),"",IF(ISBLANK(Table1368[[#This Row],[Date relisting]]),TODAY(),Table1368[[#This Row],[Date relisting]])-Table1368[[#This Row],[Date réception Achat]]) -> 6 | AB28: =IF(ISBLANK(Table1368[[#This Row],[Date revente]]),"",IF(ISBLANK(Table1368[[#This Row],[Date revente]]),TODAY(),Table1368[[#This Row],[Date revente]])-Table1368[[#This Row],[Date relisting]]) -> 2 | AC28: =IF(ISBLANK(Table1368[[#This Row],[Date revente]]),"",IF(ISBLANK(Table1368[[#This Row],[Date revente]]),TODAY(),Table1368[[#This Row],[Date revente]])-Table1368[[#This Row],[Date réception Achat]]) -> 8 | AD28: =IF(ISBLANK(Table1368[[#This Row],[Date revente]]),"",IF(ISBLANK(Table1368[[#This Row],[Date revente]]),TODAY(),Table1368[[#This Row],[Date revente]])-Table1368[[#This Row],[Date achat]]) -> 13
A29: 45950 | B29: pantalon | C29: 201020V01 | D29: N/A | G29: universal works | H29: 34 | I29: Vinted | J29: N/A | K29: 30 | L29: =Table1368[[#This Row],[Prix total Achat]]-Table1368[[#This Row],[Prix article]] -> 6.59 | M29: 36.59 | N29: 45957 | O29: =(Table1368[[#This Row],[Prix total Achat]]*2) -> 73.18 | P29: =Table1368[[#This Row],[Prix Min voulu (x2 )]]*1.2 -> 87.816 | Q29: 45968 | R29: 45980 | S29: 85 | T29: Vinted | U29: N/A | V29: =IF(ISBLANK(Table1368[[#This Row],[Date réception Achat]]),"",IF(ISBLANK(Table1368[[#This Row],[Date revente]]),TODAY(),Table1368[[#This Row],[Date revente]])-Table1368[[#This Row],[Date réception Achat]]) -> 23 | W29: =IF(Table1368[[#This Row],[Date revente]]<>"","Vendu (clôturé)",IF(Table1368[[#This Row],[Date relisting]]<>"","Listé",IF(Table1368[[#This Row],[Date réception Achat]]<>"","Acheté (reçu)",IF(Table1368[[#This Row],[Date achat]]<>"","Acheté (en attente)","")))) -> Vendu (clôturé) | X29: =IF(Table1368[[#This Row],[Prix de revente]]="","",Table1368[[#This Row],[Prix de revente]]-Table1368[[#This Row],[Prix total Achat]]) -> 48.41 | Y29: =IF(Table1368[[#This Row],[Prix de revente]]="","",(Table1368[[#This Row],[Prix de revente]]/Table1368[[#This Row],[Prix total Achat]])) -> 2.3230391 | Z29: =IF(ISBLANK(Table1368[[#This Row],[Date réception Achat]]),"",IF(ISBLANK(Table1368[[#This Row],[Date réception Achat]]),TODAY(),Table1368[[#This Row],[Date réception Achat]])-Table1368[[#This Row],[Date achat]]) -> 7 | AA29: =IF(ISBLANK(Table1368[[#This Row],[Date relisting]]),"",IF(ISBLANK(Table1368[[#This Row],[Date relisting]]),TODAY(),Table1368[[#This Row],[Date relisting]])-Table1368[[#This Row],[Date réception Achat]]) -> 11 | AB29: =IF(ISBLANK(Table1368[[#This Row],[Date revente]]),"",IF(ISBLANK(Table1368[[#This Row],[Date revente]]),TODAY(),Table1368[[#This Row],[Date revente]])-Table1368[[#This Row],[Date relisting]]) -> 12 | AC29: =IF(ISBLANK(Table1368[[#This Row],[Date revente]]),"",IF(ISBLANK(Table1368[[#This Row],[Date revente]]),TODAY(),Table1368[[#This Row],[Date revente]])-Table1368[[#This Row],[Date réception Achat]]) -> 23 | AD29: =IF(ISBLANK(Table1368[[#This Row],[Date revente]]),"",IF(ISBLANK(Table1368[[#This Row],[Date revente]]),TODAY(),Table1368[[#This Row],[Date revente]])-Table1368[[#This Row],[Date achat]]) -> 30
A30: 45950 | B30: leather jacket | C30: 201020V03 | D30: N/A | G30: timberland | H30: XL | I30: Vinted | J30: N/A | K30: 25 | L30: =Table1368[[#This Row],[Prix total Achat]]-Table1368[[#This Row],[Prix article]] -> 6.54 | M30: 31.54 | N30: 45957 | O30: =(Table1368[[#This Row],[Prix total Achat]]*2) -> 63.08 | P30: =Table1368[[#This Row],[Prix Min voulu (x2 )]]*1.2 -> 75.696 | Q30: 45980 | R30: 46114 | S30: 180 | T30: Vinted | U30: N/A | V30: =IF(ISBLANK(Table1368[[#This Row],[Date réception Achat]]),"",IF(ISBLANK(Table1368[[#This Row],[Date revente]]),TODAY(),Table1368[[#This Row],[Date revente]])-Table1368[[#This Row],[Date réception Achat]]) -> 157 | W30: =IF(Table1368[[#This Row],[Date revente]]<>"","Vendu (clôturé)",IF(Table1368[[#This Row],[Date relisting]]<>"","Listé",IF(Table1368[[#This Row],[Date réception Achat]]<>"","Acheté (reçu)",IF(Table1368[[#This Row],[Date achat]]<>"","Acheté (en attente)","")))) -> Vendu (clôturé) | X30: =IF(Table1368[[#This Row],[Prix de revente]]="","",Table1368[[#This Row],[Prix de revente]]-Table1368[[#This Row],[Prix total Achat]]) -> 148.46 | Y30: =IF(Table1368[[#This Row],[Prix de revente]]="","",(Table1368[[#This Row],[Prix de revente]]/Table1368[[#This Row],[Prix total Achat]])) -> 5.7070387 | Z30: =IF(ISBLANK(Table1368[[#This Row],[Date réception Achat]]),"",IF(ISBLANK(Table1368[[#This Row],[Date réception Achat]]),TODAY(),Table1368[[#This Row],[Date réception Achat]])-Table1368[[#This Row],[Date achat]]) -> 7 | AA30: =IF(ISBLANK(Table1368[[#This Row],[Date relisting]]),"",IF(ISBLANK(Table1368[[#This Row],[Date relisting]]),TODAY(),Table1368[[#This Row],[Date relisting]])-Table1368[[#This Row],[Date réception Achat]]) -> 23 | AB30: =IF(ISBLANK(Table1368[[#This Row],[Date revente]]),"",IF(ISBLANK(Table1368[[#This Row],[Date revente]]),TODAY(),Table1368[[#This Row],[Date revente]])-Table1368[[#This Row],[Date relisting]]) -> 134 | AC30: =IF(ISBLANK(Table1368[[#This Row],[Date revente]]),"",IF(ISBLANK(Table1368[[#This Row],[Date revente]]),TODAY(),Table1368[[#This Row],[Date revente]])-Table1368[[#This Row],[Date réception Achat]]) -> 157 | AD30: =IF(ISBLANK(Table1368[[#This Row],[Date revente]]),"",IF(ISBLANK(Table1368[[#This Row],[Date revente]]),TODAY(),Table1368[[#This Row],[Date revente]])-Table1368[[#This Row],[Date achat]]) -> 164
A31: 45958 | B31: Veste costume | C31: 251028V01 | D31: N/A | G31: universal works | H31: XXL | I31: Vinted | J31: N/A | K31: 20 | L31: =Table1368[[#This Row],[Prix total Achat]]-Table1368[[#This Row],[Prix article]] -> 4.89 | M31: 24.89 | N31: 45973 | O31: =(Table1368[[#This Row],[Prix total Achat]]*2) -> 49.78 | P31: =Table1368[[#This Row],[Prix Min voulu (x2 )]]*1.2 -> 59.736 | Q31: 45975 | R31: 45985 | S31: 100 | T31: Vinted | U31: N/A | V31: =IF(ISBLANK(Table1368[[#This Row],[Date réception Achat]]),"",IF(ISBLANK(Table1368[[#This Row],[Date revente]]),TODAY(),Table1368[[#This Row],[Date revente]])-Table1368[[#This Row],[Date réception Achat]]) -> 12 | W31: =IF(Table1368[[#This Row],[Date revente]]<>"","Vendu (clôturé)",IF(Table1368[[#This Row],[Date relisting]]<>"","Listé",IF(Table1368[[#This Row],[Date réception Achat]]<>"","Acheté (reçu)",IF(Table1368[[#This Row],[Date achat]]<>"","Acheté (en attente)","")))) -> Vendu (clôturé) | X31: =IF(Table1368[[#This Row],[Prix de revente]]="","",Table1368[[#This Row],[Prix de revente]]-Table1368[[#This Row],[Prix total Achat]]) -> 75.11 | Y31: =IF(Table1368[[#This Row],[Prix de revente]]="","",(Table1368[[#This Row],[Prix de revente]]/Table1368[[#This Row],[Prix total Achat]])) -> 4.0176778 | Z31: =IF(ISBLANK(Table1368[[#This Row],[Date réception Achat]]),"",IF(ISBLANK(Table1368[[#This Row],[Date réception Achat]]),TODAY(),Table1368[[#This Row],[Date réception Achat]])-Table1368[[#This Row],[Date achat]]) -> 15 | AA31: =IF(ISBLANK(Table1368[[#This Row],[Date relisting]]),"",IF(ISBLANK(Table1368[[#This Row],[Date relisting]]),TODAY(),Table1368[[#This Row],[Date relisting]])-Table1368[[#This Row],[Date réception Achat]]) -> 2 | AB31: =IF(ISBLANK(Table1368[[#This Row],[Date revente]]),"",IF(ISBLANK(Table1368[[#This Row],[Date revente]]),TODAY(),Table1368[[#This Row],[Date revente]])-Table1368[[#This Row],[Date relisting]]) -> 10 | AC31: =IF(ISBLANK(Table1368[[#This Row],[Date revente]]),"",IF(ISBLANK(Table1368[[#This Row],[Date revente]]),TODAY(),Table1368[[#This Row],[Date revente]])-Table1368[[#This Row],[Date réception Achat]]) -> 12 | AD31: =IF(ISBLANK(Table1368[[#This Row],[Date revente]]),"",IF(ISBLANK(Table1368[[#This Row],[Date revente]]),TODAY(),Table1368[[#This Row],[Date revente]])-Table1368[[#This Row],[Date achat]]) -> 27
A32: 45969 | B32: Pull | C32: 251108V01 | D32: N/A | G32: Uniqlo | H32: L | I32: Vinted | J32: N/A | K32: 7.5 | L32: =Table1368[[#This Row],[Prix total Achat]]-Table1368[[#This Row],[Prix article]] -> 3.87 | M32: 11.37 | N32: 45985 | O32: =(Table1368[[#This Row],[Prix total Achat]]*2) -> 22.74 | P32: =Table1368[[#This Row],[Prix Min voulu (x2 )]]*1.2 -> 27.288 | Q32: 45991 | R32: 45996 | S32: 17.6 | T32: Vinted | U32: Bradé sur le nouveau compte | V32: =IF(ISBLANK(Table1368[[#This Row],[Date réception Achat]]),"",IF(ISBLANK(Table1368[[#This Row],[Date revente]]),TODAY(),Table1368[[#This Row],[Date revente]])-Table1368[[#This Row],[Date réception Achat]]) -> 11 | W32: =IF(Table1368[[#This Row],[Date revente]]<>"","Vendu (clôturé)",IF(Table1368[[#This Row],[Date relisting]]<>"","Listé",IF(Table1368[[#This Row],[Date réception Achat]]<>"","Acheté (reçu)",IF(Table1368[[#This Row],[Date achat]]<>"","Acheté (en attente)","")))) -> Vendu (clôturé) | X32: =IF(Table1368[[#This Row],[Prix de revente]]="","",Table1368[[#This Row],[Prix de revente]]-Table1368[[#This Row],[Prix total Achat]]) -> 6.23 | Y32: =IF(Table1368[[#This Row],[Prix de revente]]="","",(Table1368[[#This Row],[Prix de revente]]/Table1368[[#This Row],[Prix total Achat]])) -> 1.5479332 | Z32: =IF(ISBLANK(Table1368[[#This Row],[Date réception Achat]]),"",IF(ISBLANK(Table1368[[#This Row],[Date réception Achat]]),TODAY(),Table1368[[#This Row],[Date réception Achat]])-Table1368[[#This Row],[Date achat]]) -> 16 | AA32: =IF(ISBLANK(Table1368[[#This Row],[Date relisting]]),"",IF(ISBLANK(Table1368[[#This Row],[Date relisting]]),TODAY(),Table1368[[#This Row],[Date relisting]])-Table1368[[#This Row],[Date réception Achat]]) -> 6 | AB32: =IF(ISBLANK(Table1368[[#This Row],[Date revente]]),"",IF(ISBLANK(Table1368[[#This Row],[Date revente]]),TODAY(),Table1368[[#This Row],[Date revente]])-Table1368[[#This Row],[Date relisting]]) -> 5 | AC32: =IF(ISBLANK(Table1368[[#This Row],[Date revente]]),"",IF(ISBLANK(Table1368[[#This Row],[Date revente]]),TODAY(),Table1368[[#This Row],[Date revente]])-Table1368[[#This Row],[Date réception Achat]]) -> 11 | AD32: =IF(ISBLANK(Table1368[[#This Row],[Date revente]]),"",IF(ISBLANK(Table1368[[#This Row],[Date revente]]),TODAY(),Table1368[[#This Row],[Date revente]])-Table1368[[#This Row],[Date achat]]) -> 27
A33: 45969 | B33: Chemise | C33: 251108V02 | D33: N/A | G33: Octobre Editions | H33: L | I33: Vinted | J33: N/A | K33: 8 | L33: =Table1368[[#This Row],[Prix total Achat]]-Table1368[[#This Row],[Prix article]] -> 3.89 | M33: 11.89 | N33: 45988 | O33: =(Table1368[[#This Row],[Prix total Achat]]*2) -> 23.78 | P33: =Table1368[[#This Row],[Prix Min voulu (x2 )]]*1.2 -> 28.536 | Q33: 45991 | R33: 46065 | S33: 12 | T33: Vinted | U33: N/A | V33: =IF(ISBLANK(Table1368[[#This Row],[Date réception Achat]]),"",IF(ISBLANK(Table1368[[#This Row],[Date revente]]),TODAY(),Table1368[[#This Row],[Date revente]])-Table1368[[#This Row],[Date réception Achat]]) -> 77 | W33: =IF(Table1368[[#This Row],[Date revente]]<>"","Vendu (clôturé)",IF(Table1368[[#This Row],[Date relisting]]<>"","Listé",IF(Table1368[[#This Row],[Date réception Achat]]<>"","Acheté (reçu)",IF(Table1368[[#This Row],[Date achat]]<>"","Acheté (en attente)","")))) -> Vendu (clôturé) | X33: =IF(Table1368[[#This Row],[Prix de revente]]="","",Table1368[[#This Row],[Prix de revente]]-Table1368[[#This Row],[Prix total Achat]]) -> 0.11 | Y33: =IF(Table1368[[#This Row],[Prix de revente]]="","",(Table1368[[#This Row],[Prix de revente]]/Table1368[[#This Row],[Prix total Achat]])) -> 1.0092515 | Z33: =IF(ISBLANK(Table1368[[#This Row],[Date réception Achat]]),"",IF(ISBLANK(Table1368[[#This Row],[Date réception Achat]]),TODAY(),Table1368[[#This Row],[Date réception Achat]])-Table1368[[#This Row],[Date achat]]) -> 19 | AA33: =IF(ISBLANK(Table1368[[#This Row],[Date relisting]]),"",IF(ISBLANK(Table1368[[#This Row],[Date relisting]]),TODAY(),Table1368[[#This Row],[Date relisting]])-Table1368[[#This Row],[Date réception Achat]]) -> 3 | AB33: =IF(ISBLANK(Table1368[[#This Row],[Date revente]]),"",IF(ISBLANK(Table1368[[#This Row],[Date revente]]),TODAY(),Table1368[[#This Row],[Date revente]])-Table1368[[#This Row],[Date relisting]]) -> 74 | AC33: =IF(ISBLANK(Table1368[[#This Row],[Date revente]]),"",IF(ISBLANK(Table1368[[#This Row],[Date revente]]),TODAY(),Table1368[[#This Row],[Date revente]])-Table1368[[#This Row],[Date réception Achat]]) -> 77 | AD33: =IF(ISBLANK(Table1368[[#This Row],[Date revente]]),"",IF(ISBLANK(Table1368[[#This Row],[Date revente]]),TODAY(),Table1368[[#This Row],[Date revente]])-Table1368[[#This Row],[Date achat]]) -> 96
A34: 45971 | B34: T-shirt | C34: 251110V01 | D34: N/A | G34: Uniqlo | H34: XL | I34: Vinted | J34: Lot (2) | K34: 5 | L34: =Table1368[[#This Row],[Prix total Achat]]-Table1368[[#This Row],[Prix article]] -> 2.24 | M34: 7.24 | N34: 45982 | O34: =(Table1368[[#This Row],[Prix total Achat]]*2) -> 14.48 | P34: =Table1368[[#This Row],[Prix Min voulu (x2 )]]*1.2 -> 17.376 | Q34: 45990 | R34: 46033 | S34: 9.5 | T34: Vinted | U34: reçu XL (je garge) je revend L (que j'avais déjà) | V34: =IF(ISBLANK(Table1368[[#This Row],[Date réception Achat]]),"",IF(ISBLANK(Table1368[[#This Row],[Date revente]]),TODAY(),Table1368[[#This Row],[Date revente]])-Table1368[[#This Row],[Date réception Achat]]) -> 51 | W34: =IF(Table1368[[#This Row],[Date revente]]<>"","Vendu (clôturé)",IF(Table1368[[#This Row],[Date relisting]]<>"","Listé",IF(Table1368[[#This Row],[Date réception Achat]]<>"","Acheté (reçu)",IF(Table1368[[#This Row],[Date achat]]<>"","Acheté (en attente)","")))) -> Vendu (clôturé) | X34: =IF(Table1368[[#This Row],[Prix de revente]]="","",Table1368[[#This Row],[Prix de revente]]-Table1368[[#This Row],[Prix total Achat]]) -> 2.26 | Y34: =IF(Table1368[[#This Row],[Prix de revente]]="","",(Table1368[[#This Row],[Prix de revente]]/Table1368[[#This Row],[Prix total Achat]])) -> 1.3121547 | Z34: =IF(ISBLANK(Table1368[[#This Row],[Date réception Achat]]),"",IF(ISBLANK(Table1368[[#This Row],[Date réception Achat]]),TODAY(),Table1368[[#This Row],[Date réception Achat]])-Table1368[[#This Row],[Date achat]]) -> 11 | AA34: =IF(ISBLANK(Table1368[[#This Row],[Date relisting]]),"",IF(ISBLANK(Table1368[[#This Row],[Date relisting]]),TODAY(),Table1368[[#This Row],[Date relisting]])-Table1368[[#This Row],[Date réception Achat]]) -> 8 | AB34: =IF(ISBLANK(Table1368[[#This Row],[Date revente]]),"",IF(ISBLANK(Table1368[[#This Row],[Date revente]]),TODAY(),Table1368[[#This Row],[Date revente]])-Table1368[[#This Row],[Date relisting]]) -> 43 | AC34: =IF(ISBLANK(Table1368[[#This Row],[Date revente]]),"",IF(ISBLANK(Table1368[[#This Row],[Date revente]]),TODAY(),Table1368[[#This Row],[Date revente]])-Table1368[[#This Row],[Date réception Achat]]) -> 51 | AD34: =IF(ISBLANK(Table1368[[#This Row],[Date revente]]),"",IF(ISBLANK(Table1368[[#This Row],[Date revente]]),TODAY(),Table1368[[#This Row],[Date revente]])-Table1368[[#This Row],[Date achat]]) -> 62
A35: 45971 | B35: Cardigan | C35: 251110V02 | D35: N/A | G35: Uniqlo | H35: XL | I35: Vinted | J35: Lot (2) | K35: 5 | L35: =Table1368[[#This Row],[Prix total Achat]]-Table1368[[#This Row],[Prix article]] -> 2.24 | M35: 7.24 | N35: 45982 | O35: =(Table1368[[#This Row],[Prix total Achat]]*2) -> 14.48 | P35: =Table1368[[#This Row],[Prix Min voulu (x2 )]]*1.2 -> 17.376 | Q35: 45982 | R35: 46037 | S35: 16 | T35: Vinted | U35: N/A | V35: =IF(ISBLANK(Table1368[[#This Row],[Date réception Achat]]),"",IF(ISBLANK(Table1368[[#This Row],[Date revente]]),TODAY(),Table1368[[#This Row],[Date revente]])-Table1368[[#This Row],[Date réception Achat]]) -> 55 | W35: =IF(Table1368[[#This Row],[Date revente]]<>"","Vendu (clôturé)",IF(Table1368[[#This Row],[Date relisting]]<>"","Listé",IF(Table1368[[#This Row],[Date réception Achat]]<>"","Acheté (reçu)",IF(Table1368[[#This Row],[Date achat]]<>"","Acheté (en attente)","")))) -> Vendu (clôturé) | X35: =IF(Table1368[[#This Row],[Prix de revente]]="","",Table1368[[#This Row],[Prix de revente]]-Table1368[[#This Row],[Prix total Achat]]) -> 8.76 | Y35: =IF(Table1368[[#This Row],[Prix de revente]]="","",(Table1368[[#This Row],[Prix de revente]]/Table1368[[#This Row],[Prix total Achat]])) -> 2.2099448 | Z35: =IF(ISBLANK(Table1368[[#This Row],[Date réception Achat]]),"",IF(ISBLANK(Table1368[[#This Row],[Date réception Achat]]),TODAY(),Table1368[[#This Row],[Date réception Achat]])-Table1368[[#This Row],[Date achat]]) -> 11 | AA35: =IF(ISBLANK(Table1368[[#This Row],[Date relisting]]),"",IF(ISBLANK(Table1368[[#This Row],[Date relisting]]),TODAY(),Table1368[[#This Row],[Date relisting]])-Table1368[[#This Row],[Date réception Achat]]) -> 0 | AB35: =IF(ISBLANK(Table1368[[#This Row],[Date revente]]),"",IF(ISBLANK(Table1368[[#This Row],[Date revente]]),TODAY(),Table1368[[#This Row],[Date revente]])-Table1368[[#This Row],[Date relisting]]) -> 55 | AC35: =IF(ISBLANK(Table1368[[#This Row],[Date revente]]),"",IF(ISBLANK(Table1368[[#This Row],[Date revente]]),TODAY(),Table1368[[#This Row],[Date revente]])-Table1368[[#This Row],[Date réception Achat]]) -> 55 | AD35: =IF(ISBLANK(Table1368[[#This Row],[Date revente]]),"",IF(ISBLANK(Table1368[[#This Row],[Date revente]]),TODAY(),Table1368[[#This Row],[Date revente]])-Table1368[[#This Row],[Date achat]]) -> 66
A36: 45972 | B36: jeans | C36: 251111V01 | D36: N/A | G36: Edwin | H36: 33 | I36: Vinted | J36: N/A | K36: 8 | L36: =Table1368[[#This Row],[Prix total Achat]]-Table1368[[#This Row],[Prix article]] -> 3.89 | M36: 11.89 | N36: 45986 | O36: =(Table1368[[#This Row],[Prix total Achat]]*2) -> 23.78 | P36: =Table1368[[#This Row],[Prix Min voulu (x2 )]]*1.2 -> 28.536 | Q36: 45991 | R36: 45991 | S36: 50 | T36: Vinted | U36: N/A | V36: =IF(ISBLANK(Table1368[[#This Row],[Date réception Achat]]),"",IF(ISBLANK(Table1368[[#This Row],[Date revente]]),TODAY(),Table1368[[#This Row],[Date revente]])-Table1368[[#This Row],[Date réception Achat]]) -> 5 | W36: =IF(Table1368[[#This Row],[Date revente]]<>"","Vendu (clôturé)",IF(Table1368[[#This Row],[Date relisting]]<>"","Listé",IF(Table1368[[#This Row],[Date réception Achat]]<>"","Acheté (reçu)",IF(Table1368[[#This Row],[Date achat]]<>"","Acheté (en attente)","")))) -> Vendu (clôturé) | X36: =IF(Table1368[[#This Row],[Prix de revente]]="","",Table1368[[#This Row],[Prix de revente]]-Table1368[[#This Row],[Prix total Achat]]) -> 38.11 | Y36: =IF(Table1368[[#This Row],[Prix de revente]]="","",(Table1368[[#This Row],[Prix de revente]]/Table1368[[#This Row],[Prix total Achat]])) -> 4.2052145 | Z36: =IF(ISBLANK(Table1368[[#This Row],[Date réception Achat]]),"",IF(ISBLANK(Table1368[[#This Row],[Date réception Achat]]),TODAY(),Table1368[[#This Row],[Date réception Achat]])-Table1368[[#This Row],[Date achat]]) -> 14 | AA36: =IF(ISBLANK(Table1368[[#This Row],[Date relisting]]),"",IF(ISBLANK(Table1368[[#This Row],[Date relisting]]),TODAY(),Table1368[[#This Row],[Date relisting]])-Table1368[[#This Row],[Date réception Achat]]) -> 5 | AB36: =IF(ISBLANK(Table1368[[#This Row],[Date revente]]),"",IF(ISBLANK(Table1368[[#This Row],[Date revente]]),TODAY(),Table1368[[#This Row],[Date revente]])-Table1368[[#This Row],[Date relisting]]) -> 0 | AC36: =IF(ISBLANK(Table1368[[#This Row],[Date revente]]),"",IF(ISBLANK(Table1368[[#This Row],[Date revente]]),TODAY(),Table1368[[#This Row],[Date revente]])-Table1368[[#This Row],[Date réception Achat]]) -> 5 | AD36: =IF(ISBLANK(Table1368[[#This Row],[Date revente]]),"",IF(ISBLANK(Table1368[[#This Row],[Date revente]]),TODAY(),Table1368[[#This Row],[Date revente]])-Table1368[[#This Row],[Date achat]]) -> 19
A37: 45975 | B37: chaussures 1500 | C37: 251114V02 | D37: N/A | G37: New Balance | H37: 44 | I37: Vinted | J37: N/A | K37: 25 | L37: =Table1368[[#This Row],[Prix total Achat]]-Table1368[[#This Row],[Prix article]] -> 6.34 | M37: 31.34 | N37: 45982 | O37: =(Table1368[[#This Row],[Prix total Achat]]*2) -> 62.68 | P37: =Table1368[[#This Row],[Prix Min voulu (x2 )]]*1.2 -> 75.216 | Q37: 45982 | R37: 45994 | S37: 50 | T37: Vinted | U37: N/A | V37: =IF(ISBLANK(Table1368[[#This Row],[Date réception Achat]]),"",IF(ISBLANK(Table1368[[#This Row],[Date revente]]),TODAY(),Table1368[[#This Row],[Date revente]])-Table1368[[#This Row],[Date réception Achat]]) -> 12 | W37: =IF(Table1368[[#This Row],[Date revente]]<>"","Vendu (clôturé)",IF(Table1368[[#This Row],[Date relisting]]<>"","Listé",IF(Table1368[[#This Row],[Date réception Achat]]<>"","Acheté (reçu)",IF(Table1368[[#This Row],[Date achat]]<>"","Acheté (en attente)","")))) -> Vendu (clôturé) | X37: =IF(Table1368[[#This Row],[Prix de revente]]="","",Table1368[[#This Row],[Prix de revente]]-Table1368[[#This Row],[Prix total Achat]]) -> 18.66 | Y37: =IF(Table1368[[#This Row],[Prix de revente]]="","",(Table1368[[#This Row],[Prix de revente]]/Table1368[[#This Row],[Prix total Achat]])) -> 1.5954052 | Z37: =IF(ISBLANK(Table1368[[#This Row],[Date réception Achat]]),"",IF(ISBLANK(Table1368[[#This Row],[Date réception Achat]]),TODAY(),Table1368[[#This Row],[Date réception Achat]])-Table1368[[#This Row],[Date achat]]) -> 7 | AA37: =IF(ISBLANK(Table1368[[#This Row],[Date relisting]]),"",IF(ISBLANK(Table1368[[#This Row],[Date relisting]]),TODAY(),Table1368[[#This Row],[Date relisting]])-Table1368[[#This Row],[Date réception Achat]]) -> 0 | AB37: =IF(ISBLANK(Table1368[[#This Row],[Date revente]]),"",IF(ISBLANK(Table1368[[#This Row],[Date revente]]),TODAY(),Table1368[[#This Row],[Date revente]])-Table1368[[#This Row],[Date relisting]]) -> 12 | AC37: =IF(ISBLANK(Table1368[[#This Row],[Date revente]]),"",IF(ISBLANK(Table1368[[#This Row],[Date revente]]),TODAY(),Table1368[[#This Row],[Date revente]])-Table1368[[#This Row],[Date réception Achat]]) -> 12 | AD37: =IF(ISBLANK(Table1368[[#This Row],[Date revente]]),"",IF(ISBLANK(Table1368[[#This Row],[Date revente]]),TODAY(),Table1368[[#This Row],[Date revente]])-Table1368[[#This Row],[Date achat]]) -> 19
A38: 45975 | B38: jeans | C38: 251114V01 | D38: N/A | G38: Edwin | H38: 31 | I38: Vinted | J38: N/A | K38: 8 | L38: =Table1368[[#This Row],[Prix total Achat]]-Table1368[[#This Row],[Prix article]] -> 4.19 | M38: 12.19 | N38: 45986 | O38: =(Table1368[[#This Row],[Prix total Achat]]*2) -> 24.38 | P38: =Table1368[[#This Row],[Prix Min voulu (x2 )]]*1.2 -> 29.256 | Q38: 45991 | R38: 45995 | S38: 31 | T38: Vinted | U38: N/A | V38: =IF(ISBLANK(Table1368[[#This Row],[Date réception Achat]]),"",IF(ISBLANK(Table1368[[#This Row],[Date revente]]),TODAY(),Table1368[[#This Row],[Date revente]])-Table1368[[#This Row],[Date réception Achat]]) -> 9 | W38: =IF(Table1368[[#This Row],[Date revente]]<>"","Vendu (clôturé)",IF(Table1368[[#This Row],[Date relisting]]<>"","Listé",IF(Table1368[[#This Row],[Date réception Achat]]<>"","Acheté (reçu)",IF(Table1368[[#This Row],[Date achat]]<>"","Acheté (en attente)","")))) -> Vendu (clôturé) | X38: =IF(Table1368[[#This Row],[Prix de revente]]="","",Table1368[[#This Row],[Prix de revente]]-Table1368[[#This Row],[Prix total Achat]]) -> 18.81 | Y38: =IF(Table1368[[#This Row],[Prix de revente]]="","",(Table1368[[#This Row],[Prix de revente]]/Table1368[[#This Row],[Prix total Achat]])) -> 2.5430681 | Z38: =IF(ISBLANK(Table1368[[#This Row],[Date réception Achat]]),"",IF(ISBLANK(Table1368[[#This Row],[Date réception Achat]]),TODAY(),Table1368[[#This Row],[Date réception Achat]])-Table1368[[#This Row],[Date achat]]) -> 11 | AA38: =IF(ISBLANK(Table1368[[#This Row],[Date relisting]]),"",IF(ISBLANK(Table1368[[#This Row],[Date relisting]]),TODAY(),Table1368[[#This Row],[Date relisting]])-Table1368[[#This Row],[Date réception Achat]]) -> 5 | AB38: =IF(ISBLANK(Table1368[[#This Row],[Date revente]]),"",IF(ISBLANK(Table1368[[#This Row],[Date revente]]),TODAY(),Table1368[[#This Row],[Date revente]])-Table1368[[#This Row],[Date relisting]]) -> 4 | AC38: =IF(ISBLANK(Table1368[[#This Row],[Date revente]]),"",IF(ISBLANK(Table1368[[#This Row],[Date revente]]),TODAY(),Table1368[[#This Row],[Date revente]])-Table1368[[#This Row],[Date réception Achat]]) -> 9 | AD38: =IF(ISBLANK(Table1368[[#This Row],[Date revente]]),"",IF(ISBLANK(Table1368[[#This Row],[Date revente]]),TODAY(),Table1368[[#This Row],[Date revente]])-Table1368[[#This Row],[Date achat]]) -> 20
A39: 45976 | B39: pull | C39: 251115V01 | D39: N/A | G39: uniqlo | H39: L | I39: Vinted | J39: Lot (2) | K39: 6 | L39: 2.85 | M39: =SUM(Table1368[[#This Row],[Prix article]:[Frais plateforme + envoi]]) -> 8.85 | N39: 45985 | O39: =(Table1368[[#This Row],[Prix total Achat]]*2) -> 17.7 | P39: =Table1368[[#This Row],[Prix Min voulu (x2 )]]*1.2 -> 21.24 | Q39: 45991 | R39: 45996 | S39: 20 | T39: Vinted | U39: N/A | V39: =IF(ISBLANK(Table1368[[#This Row],[Date réception Achat]]),"",IF(ISBLANK(Table1368[[#This Row],[Date revente]]),TODAY(),Table1368[[#This Row],[Date revente]])-Table1368[[#This Row],[Date réception Achat]]) -> 11 | W39: =IF(Table1368[[#This Row],[Date revente]]<>"","Vendu (clôturé)",IF(Table1368[[#This Row],[Date relisting]]<>"","Listé",IF(Table1368[[#This Row],[Date réception Achat]]<>"","Acheté (reçu)",IF(Table1368[[#This Row],[Date achat]]<>"","Acheté (en attente)","")))) -> Vendu (clôturé) | X39: =IF(Table1368[[#This Row],[Prix de revente]]="","",Table1368[[#This Row],[Prix de revente]]-Table1368[[#This Row],[Prix total Achat]]) -> 11.15 | Y39: =IF(Table1368[[#This Row],[Prix de revente]]="","",(Table1368[[#This Row],[Prix de revente]]/Table1368[[#This Row],[Prix total Achat]])) -> 2.259887 | Z39: =IF(ISBLANK(Table1368[[#This Row],[Date réception Achat]]),"",IF(ISBLANK(Table1368[[#This Row],[Date réception Achat]]),TODAY(),Table1368[[#This Row],[Date réception Achat]])-Table1368[[#This Row],[Date achat]]) -> 9 | AA39: =IF(ISBLANK(Table1368[[#This Row],[Date relisting]]),"",IF(ISBLANK(Table1368[[#This Row],[Date relisting]]),TODAY(),Table1368[[#This Row],[Date relisting]])-Table1368[[#This Row],[Date réception Achat]]) -> 6 | AB39: =IF(ISBLANK(Table1368[[#This Row],[Date revente]]),"",IF(ISBLANK(Table1368[[#This Row],[Date revente]]),TODAY(),Table1368[[#This Row],[Date revente]])-Table1368[[#This Row],[Date relisting]]) -> 5 | AC39: =IF(ISBLANK(Table1368[[#This Row],[Date revente]]),"",IF(ISBLANK(Table1368[[#This Row],[Date revente]]),TODAY(),Table1368[[#This Row],[Date revente]])-Table1368[[#This Row],[Date réception Achat]]) -> 11 | AD39: =IF(ISBLANK(Table1368[[#This Row],[Date revente]]),"",IF(ISBLANK(Table1368[[#This Row],[Date revente]]),TODAY(),Table1368[[#This Row],[Date revente]])-Table1368[[#This Row],[Date achat]]) -> 20
A40: 45976 | B40: Pull | C40: 251115V03 | D40: N/A | G40: uniqlo | H40: L | I40: Vinted | J40: Lot (3) | K40: 6.66 | L40: 1.49 | M40: =SUM(Table1368[[#This Row],[Prix article]:[Frais plateforme + envoi]]) -> 8.15 | N40: 45982 | O40: =(Table1368[[#This Row],[Prix total Achat]]*2) -> 16.3 | P40: =Table1368[[#This Row],[Prix Min voulu (x2 )]]*1.2 -> 19.56 | Q40: 45982 | R40: 45998 | S40: 20 | T40: Vinted | U40: N/A | V40: =IF(ISBLANK(Table1368[[#This Row],[Date réception Achat]]),"",IF(ISBLANK(Table1368[[#This Row],[Date revente]]),TODAY(),Table1368[[#This Row],[Date revente]])-Table1368[[#This Row],[Date réception Achat]]) -> 16 | W40: =IF(Table1368[[#This Row],[Date revente]]<>"","Vendu (clôturé)",IF(Table1368[[#This Row],[Date relisting]]<>"","Listé",IF(Table1368[[#This Row],[Date réception Achat]]<>"","Acheté (reçu)",IF(Table1368[[#This Row],[Date achat]]<>"","Acheté (en attente)","")))) -> Vendu (clôturé) | X40: =IF(Table1368[[#This Row],[Prix de revente]]="","",Table1368[[#This Row],[Prix de revente]]-Table1368[[#This Row],[Prix total Achat]]) -> 11.85 | Y40: =IF(Table1368[[#This Row],[Prix de revente]]="","",(Table1368[[#This Row],[Prix de revente]]/Table1368[[#This Row],[Prix total Achat]])) -> 2.4539877 | Z40: =IF(ISBLANK(Table1368[[#This Row],[Date réception Achat]]),"",IF(ISBLANK(Table1368[[#This Row],[Date réception Achat]]),TODAY(),Table1368[[#This Row],[Date réception Achat]])-Table1368[[#This Row],[Date achat]]) -> 6 | AA40: =IF(ISBLANK(Table1368[[#This Row],[Date relisting]]),"",IF(ISBLANK(Table1368[[#This Row],[Date relisting]]),TODAY(),Table1368[[#This Row],[Date relisting]])-Table1368[[#This Row],[Date réception Achat]]) -> 0 | AB40: =IF(ISBLANK(Table1368[[#This Row],[Date revente]]),"",IF(ISBLANK(Table1368[[#This Row],[Date revente]]),TODAY(),Table1368[[#This Row],[Date revente]])-Table1368[[#This Row],[Date relisting]]) -> 16 | AC40: =IF(ISBLANK(Table1368[[#This Row],[Date revente]]),"",IF(ISBLANK(Table1368[[#This Row],[Date revente]]),TODAY(),Table1368[[#This Row],[Date revente]])-Table1368[[#This Row],[Date réception Achat]]) -> 16 | AD40: =IF(ISBLANK(Table1368[[#This Row],[Date revente]]),"",IF(ISBLANK(Table1368[[#This Row],[Date revente]]),TODAY(),Table1368[[#This Row],[Date revente]])-Table1368[[#This Row],[Date achat]]) -> 22
A41: 45976 | B41: Pull | C41: 251115V02 | D41: N/A | G41: uniqlo | H41: L | I41: Vinted | J41: Lot (2) | K41: 6 | L41: 2.85 | M41: =SUM(Table1368[[#This Row],[Prix article]:[Frais plateforme + envoi]]) -> 8.85 | N41: 45985 | O41: =(Table1368[[#This Row],[Prix total Achat]]*2) -> 17.7 | P41: =Table1368[[#This Row],[Prix Min voulu (x2 )]]*1.2 -> 21.24 | Q41: 45991 | R41: 46009 | S41: 17.5 | T41: Vinted | U41: N/A | V41: =IF(ISBLANK(Table1368[[#This Row],[Date réception Achat]]),"",IF(ISBLANK(Table1368[[#This Row],[Date revente]]),TODAY(),Table1368[[#This Row],[Date revente]])-Table1368[[#This Row],[Date réception Achat]]) -> 24 | W41: =IF(Table1368[[#This Row],[Date revente]]<>"","Vendu (clôturé)",IF(Table1368[[#This Row],[Date relisting]]<>"","Listé",IF(Table1368[[#This Row],[Date réception Achat]]<>"","Acheté (reçu)",IF(Table1368[[#This Row],[Date achat]]<>"","Acheté (en attente)","")))) -> Vendu (clôturé) | X41: =IF(Table1368[[#This Row],[Prix de revente]]="","",Table1368[[#This Row],[Prix de revente]]-Table1368[[#This Row],[Prix total Achat]]) -> 8.65 | Y41: =IF(Table1368[[#This Row],[Prix de revente]]="","",(Table1368[[#This Row],[Prix de revente]]/Table1368[[#This Row],[Prix total Achat]])) -> 1.9774011 | Z41: =IF(ISBLANK(Table1368[[#This Row],[Date réception Achat]]),"",IF(ISBLANK(Table1368[[#This Row],[Date réception Achat]]),TODAY(),Table1368[[#This Row],[Date réception Achat]])-Table1368[[#This Row],[Date achat]]) -> 9 | AA41: =IF(ISBLANK(Table1368[[#This Row],[Date relisting]]),"",IF(ISBLANK(Table1368[[#This Row],[Date relisting]]),TODAY(),Table1368[[#This Row],[Date relisting]])-Table1368[[#This Row],[Date réception Achat]]) -> 6 | AB41: =IF(ISBLANK(Table1368[[#This Row],[Date revente]]),"",IF(ISBLANK(Table1368[[#This Row],[Date revente]]),TODAY(),Table1368[[#This Row],[Date revente]])-Table1368[[#This Row],[Date relisting]]) -> 18 | AC41: =IF(ISBLANK(Table1368[[#This Row],[Date revente]]),"",IF(ISBLANK(Table1368[[#This Row],[Date revente]]),TODAY(),Table1368[[#This Row],[Date revente]])-Table1368[[#This Row],[Date réception Achat]]) -> 24 | AD41: =IF(ISBLANK(Table1368[[#This Row],[Date revente]]),"",IF(ISBLANK(Table1368[[#This Row],[Date revente]]),TODAY(),Table1368[[#This Row],[Date revente]])-Table1368[[#This Row],[Date achat]]) -> 33
A42: 45976 | B42: Pull | C42: 251115V04 | D42: N/A | G42: uniqlo | H42: L | I42: Vinted | J42: Lot (3) | K42: 6.66 | L42: 1.49 | M42: =SUM(Table1368[[#This Row],[Prix article]:[Frais plateforme + envoi]]) -> 8.15 | N42: 45982 | O42: =(Table1368[[#This Row],[Prix total Achat]]*2) -> 16.3 | P42: =Table1368[[#This Row],[Prix Min voulu (x2 )]]*1.2 -> 19.56 | Q42: 45982 | R42: 46016 | S42: 20 | T42: Vinted | U42: N/A | V42: =IF(ISBLANK(Table1368[[#This Row],[Date réception Achat]]),"",IF(ISBLANK(Table1368[[#This Row],[Date revente]]),TODAY(),Table1368[[#This Row],[Date revente]])-Table1368[[#This Row],[Date réception Achat]]) -> 34 | W42: =IF(Table1368[[#This Row],[Date revente]]<>"","Vendu (clôturé)",IF(Table1368[[#This Row],[Date relisting]]<>"","Listé",IF(Table1368[[#This Row],[Date réception Achat]]<>"","Acheté (reçu)",IF(Table1368[[#This Row],[Date achat]]<>"","Acheté (en attente)","")))) -> Vendu (clôturé) | X42: =IF(Table1368[[#This Row],[Prix de revente]]="","",Table1368[[#This Row],[Prix de revente]]-Table1368[[#This Row],[Prix total Achat]]) -> 11.85 | Y42: =IF(Table1368[[#This Row],[Prix de revente]]="","",(Table1368[[#This Row],[Prix de revente]]/Table1368[[#This Row],[Prix total Achat]])) -> 2.4539877 | Z42: =IF(ISBLANK(Table1368[[#This Row],[Date réception Achat]]),"",IF(ISBLANK(Table1368[[#This Row],[Date réception Achat]]),TODAY(),Table1368[[#This Row],[Date réception Achat]])-Table1368[[#This Row],[Date achat]]) -> 6 | AA42: =IF(ISBLANK(Table1368[[#This Row],[Date relisting]]),"",IF(ISBLANK(Table1368[[#This Row],[Date relisting]]),TODAY(),Table1368[[#This Row],[Date relisting]])-Table1368[[#This Row],[Date réception Achat]]) -> 0 | AB42: =IF(ISBLANK(Table1368[[#This Row],[Date revente]]),"",IF(ISBLANK(Table1368[[#This Row],[Date revente]]),TODAY(),Table1368[[#This Row],[Date revente]])-Table1368[[#This Row],[Date relisting]]) -> 34 | AC42: =IF(ISBLANK(Table1368[[#This Row],[Date revente]]),"",IF(ISBLANK(Table1368[[#This Row],[Date revente]]),TODAY(),Table1368[[#This Row],[Date revente]])-Table1368[[#This Row],[Date réception Achat]]) -> 34 | AD42: =IF(ISBLANK(Table1368[[#This Row],[Date revente]]),"",IF(ISBLANK(Table1368[[#This Row],[Date revente]]),TODAY(),Table1368[[#This Row],[Date revente]])-Table1368[[#This Row],[Date achat]]) -> 40
A43: 45976 | B43: Pull | C43: 251115V05 | D43: N/A | G43: uniqlo | H43: L | I43: Vinted | J43: Lot (3) | K43: 6.66 | L43: 1.49 | M43: =SUM(Table1368[[#This Row],[Prix article]:[Frais plateforme + envoi]]) -> 8.15 | N43: 45982 | O43: =(Table1368[[#This Row],[Prix total Achat]]*2) -> 16.3 | P43: =Table1368[[#This Row],[Prix Min voulu (x2 )]]*1.2 -> 19.56 | Q43: 45982 | R43: 46016 | S43: 20 | T43: Vinted | U43: N/A | V43: =IF(ISBLANK(Table1368[[#This Row],[Date réception Achat]]),"",IF(ISBLANK(Table1368[[#This Row],[Date revente]]),TODAY(),Table1368[[#This Row],[Date revente]])-Table1368[[#This Row],[Date réception Achat]]) -> 34 | W43: =IF(Table1368[[#This Row],[Date revente]]<>"","Vendu (clôturé)",IF(Table1368[[#This Row],[Date relisting]]<>"","Listé",IF(Table1368[[#This Row],[Date réception Achat]]<>"","Acheté (reçu)",IF(Table1368[[#This Row],[Date achat]]<>"","Acheté (en attente)","")))) -> Vendu (clôturé) | X43: =IF(Table1368[[#This Row],[Prix de revente]]="","",Table1368[[#This Row],[Prix de revente]]-Table1368[[#This Row],[Prix total Achat]]) -> 11.85 | Y43: =IF(Table1368[[#This Row],[Prix de revente]]="","",(Table1368[[#This Row],[Prix de revente]]/Table1368[[#This Row],[Prix total Achat]])) -> 2.4539877 | Z43: =IF(ISBLANK(Table1368[[#This Row],[Date réception Achat]]),"",IF(ISBLANK(Table1368[[#This Row],[Date réception Achat]]),TODAY(),Table1368[[#This Row],[Date réception Achat]])-Table1368[[#This Row],[Date achat]]) -> 6 | AA43: =IF(ISBLANK(Table1368[[#This Row],[Date relisting]]),"",IF(ISBLANK(Table1368[[#This Row],[Date relisting]]),TODAY(),Table1368[[#This Row],[Date relisting]])-Table1368[[#This Row],[Date réception Achat]]) -> 0 | AB43: =IF(ISBLANK(Table1368[[#This Row],[Date revente]]),"",IF(ISBLANK(Table1368[[#This Row],[Date revente]]),TODAY(),Table1368[[#This Row],[Date revente]])-Table1368[[#This Row],[Date relisting]]) -> 34 | AC43: =IF(ISBLANK(Table1368[[#This Row],[Date revente]]),"",IF(ISBLANK(Table1368[[#This Row],[Date revente]]),TODAY(),Table1368[[#This Row],[Date revente]])-Table1368[[#This Row],[Date réception Achat]]) -> 34 | AD43: =IF(ISBLANK(Table1368[[#This Row],[Date revente]]),"",IF(ISBLANK(Table1368[[#This Row],[Date revente]]),TODAY(),Table1368[[#This Row],[Date revente]])-Table1368[[#This Row],[Date achat]]) -> 40
A44: 45977 | B44: jeans | C44: 251116V02 | D44: N/A | G44: Edwin | H44: 33 | I44: Vinted | J44: N/A | K44: 10 | L44: =Table1368[[#This Row],[Prix total Achat]]-Table1368[[#This Row],[Prix article]] -> 5.59 | M44: 15.59 | N44: 45982 | O44: =(Table1368[[#This Row],[Prix total Achat]]*2) -> 31.18 | P44: =Table1368[[#This Row],[Prix Min voulu (x2 )]]*1.2 -> 37.416 | Q44: 45982 | R44: 45983 | S44: 60 | T44: Vinted | U44: N/A | V44: =IF(ISBLANK(Table1368[[#This Row],[Date réception Achat]]),"",IF(ISBLANK(Table1368[[#This Row],[Date revente]]),TODAY(),Table1368[[#This Row],[Date revente]])-Table1368[[#This Row],[Date réception Achat]]) -> 1 | W44: =IF(Table1368[[#This Row],[Date revente]]<>"","Vendu (clôturé)",IF(Table1368[[#This Row],[Date relisting]]<>"","Listé",IF(Table1368[[#This Row],[Date réception Achat]]<>"","Acheté (reçu)",IF(Table1368[[#This Row],[Date achat]]<>"","Acheté (en attente)","")))) -> Vendu (clôturé) | X44: =IF(Table1368[[#This Row],[Prix de revente]]="","",Table1368[[#This Row],[Prix de revente]]-Table1368[[#This Row],[Prix total Achat]]) -> 44.41 | Y44: =IF(Table1368[[#This Row],[Prix de revente]]="","",(Table1368[[#This Row],[Prix de revente]]/Table1368[[#This Row],[Prix total Achat]])) -> 3.8486209 | Z44: =IF(ISBLANK(Table1368[[#This Row],[Date réception Achat]]),"",IF(ISBLANK(Table1368[[#This Row],[Date réception Achat]]),TODAY(),Table1368[[#This Row],[Date réception Achat]])-Table1368[[#This Row],[Date achat]]) -> 5 | AA44: =IF(ISBLANK(Table1368[[#This Row],[Date relisting]]),"",IF(ISBLANK(Table1368[[#This Row],[Date relisting]]),TODAY(),Table1368[[#This Row],[Date relisting]])-Table1368[[#This Row],[Date réception Achat]]) -> 0 | AB44: =IF(ISBLANK(Table1368[[#This Row],[Date revente]]),"",IF(ISBLANK(Table1368[[#This Row],[Date revente]]),TODAY(),Table1368[[#This Row],[Date revente]])-Table1368[[#This Row],[Date relisting]]) -> 1 | AC44: =IF(ISBLANK(Table1368[[#This Row],[Date revente]]),"",IF(ISBLANK(Table1368[[#This Row],[Date revente]]),TODAY(),Table1368[[#This Row],[Date revente]])-Table1368[[#This Row],[Date réception Achat]]) -> 1 | AD44: =IF(ISBLANK(Table1368[[#This Row],[Date revente]]),"",IF(ISBLANK(Table1368[[#This Row],[Date revente]]),TODAY(),Table1368[[#This Row],[Date revente]])-Table1368[[#This Row],[Date achat]]) -> 6
A45: 45977 | B45: tshirt | C45: 251116V01 | D45: N/A | G45: Kith | H45: XXL | I45: Vinted | J45: N/A | K45: 15 | L45: =Table1368[[#This Row],[Prix total Achat]]-Table1368[[#This Row],[Prix article]] -> 1.45 | M45: 16.45 | N45: 45982 | O45: =(Table1368[[#This Row],[Prix total Achat]]*2) -> 32.9 | P45: =Table1368[[#This Row],[Prix Min voulu (x2 )]]*1.2 -> 39.48 | Q45: 45982 | R45: 46044 | S45: 36 | T45: Vinted | U45: N/A | V45: =IF(ISBLANK(Table1368[[#This Row],[Date réception Achat]]),"",IF(ISBLANK(Table1368[[#This Row],[Date revente]]),TODAY(),Table1368[[#This Row],[Date revente]])-Table1368[[#This Row],[Date réception Achat]]) -> 62 | W45: =IF(Table1368[[#This Row],[Date revente]]<>"","Vendu (clôturé)",IF(Table1368[[#This Row],[Date relisting]]<>"","Listé",IF(Table1368[[#This Row],[Date réception Achat]]<>"","Acheté (reçu)",IF(Table1368[[#This Row],[Date achat]]<>"","Acheté (en attente)","")))) -> Vendu (clôturé) | X45: =IF(Table1368[[#This Row],[Prix de revente]]="","",Table1368[[#This Row],[Prix de revente]]-Table1368[[#This Row],[Prix total Achat]]) -> 19.55 | Y45: =IF(Table1368[[#This Row],[Prix de revente]]="","",(Table1368[[#This Row],[Prix de revente]]/Table1368[[#This Row],[Prix total Achat]])) -> 2.1884498 | Z45: =IF(ISBLANK(Table1368[[#This Row],[Date réception Achat]]),"",IF(ISBLANK(Table1368[[#This Row],[Date réception Achat]]),TODAY(),Table1368[[#This Row],[Date réception Achat]])-Table1368[[#This Row],[Date achat]]) -> 5 | AA45: =IF(ISBLANK(Table1368[[#This Row],[Date relisting]]),"",IF(ISBLANK(Table1368[[#This Row],[Date relisting]]),TODAY(),Table1368[[#This Row],[Date relisting]])-Table1368[[#This Row],[Date réception Achat]]) -> 0 | AB45: =IF(ISBLANK(Table1368[[#This Row],[Date revente]]),"",IF(ISBLANK(Table1368[[#This Row],[Date revente]]),TODAY(),Table1368[[#This Row],[Date revente]])-Table1368[[#This Row],[Date relisting]]) -> 62 | AC45: =IF(ISBLANK(Table1368[[#This Row],[Date revente]]),"",IF(ISBLANK(Table1368[[#This Row],[Date revente]]),TODAY(),Table1368[[#This Row],[Date revente]])-Table1368[[#This Row],[Date réception Achat]]) -> 62 | AD45: =IF(ISBLANK(Table1368[[#This Row],[Date revente]]),"",IF(ISBLANK(Table1368[[#This Row],[Date revente]]),TODAY(),Table1368[[#This Row],[Date revente]])-Table1368[[#This Row],[Date achat]]) -> 67
A46: 45978 | B46: chaussures | C46: 251117V01 | D46: N/A | G46: Sebago | H46: 41 | I46: Vinted | J46: N/A | K46: 10 | L46: =Table1368[[#This Row],[Prix total Achat]]-Table1368[[#This Row],[Prix article]] -> 4.48 | M46: 14.48 | N46: 45982 | O46: =(Table1368[[#This Row],[Prix total Achat]]*2) -> 28.96 | P46: =Table1368[[#This Row],[Prix Min voulu (x2 )]]*1.2 -> 34.752 | Q46: 45982 | R46: 45983 | S46: 35 | T46: Vinted | U46: N/A | V46: =IF(ISBLANK(Table1368[[#This Row],[Date réception Achat]]),"",IF(ISBLANK(Table1368[[#This Row],[Date revente]]),TODAY(),Table1368[[#This Row],[Date revente]])-Table1368[[#This Row],[Date réception Achat]]) -> 1 | W46: =IF(Table1368[[#This Row],[Date revente]]<>"","Vendu (clôturé)",IF(Table1368[[#This Row],[Date relisting]]<>"","Listé",IF(Table1368[[#This Row],[Date réception Achat]]<>"","Acheté (reçu)",IF(Table1368[[#This Row],[Date achat]]<>"","Acheté (en attente)","")))) -> Vendu (clôturé) | X46: =IF(Table1368[[#This Row],[Prix de revente]]="","",Table1368[[#This Row],[Prix de revente]]-Table1368[[#This Row],[Prix total Achat]]) -> 20.52 | Y46: =IF(Table1368[[#This Row],[Prix de revente]]="","",(Table1368[[#This Row],[Prix de revente]]/Table1368[[#This Row],[Prix total Achat]])) -> 2.4171271 | Z46: =IF(ISBLANK(Table1368[[#This Row],[Date réception Achat]]),"",IF(ISBLANK(Table1368[[#This Row],[Date réception Achat]]),TODAY(),Table1368[[#This Row],[Date réception Achat]])-Table1368[[#This Row],[Date achat]]) -> 4 | AA46: =IF(ISBLANK(Table1368[[#This Row],[Date relisting]]),"",IF(ISBLANK(Table1368[[#This Row],[Date relisting]]),TODAY(),Table1368[[#This Row],[Date relisting]])-Table1368[[#This Row],[Date réception Achat]]) -> 0 | AB46: =IF(ISBLANK(Table1368[[#This Row],[Date revente]]),"",IF(ISBLANK(Table1368[[#This Row],[Date revente]]),TODAY(),Table1368[[#This Row],[Date revente]])-Table1368[[#This Row],[Date relisting]]) -> 1 | AC46: =IF(ISBLANK(Table1368[[#This Row],[Date revente]]),"",IF(ISBLANK(Table1368[[#This Row],[Date revente]]),TODAY(),Table1368[[#This Row],[Date revente]])-Table1368[[#This Row],[Date réception Achat]]) -> 1 | AD46: =IF(ISBLANK(Table1368[[#This Row],[Date revente]]),"",IF(ISBLANK(Table1368[[#This Row],[Date revente]]),TODAY(),Table1368[[#This Row],[Date revente]])-Table1368[[#This Row],[Date achat]]) -> 5
A47: 45979 | B47: polo | C47: 251118V01 | D47: N/A | G47: folk | H47: XL | I47: Vinted | J47: N/A | K47: 3.5 | L47: =Table1368[[#This Row],[Prix total Achat]]-Table1368[[#This Row],[Prix article]] -> 8.37 | M47: 11.87 | N47: 45988 | O47: =(Table1368[[#This Row],[Prix total Achat]]*2) -> 23.74 | P47: =Table1368[[#This Row],[Prix Min voulu (x2 )]]*1.2 -> 28.488 | Q47: 45995 | R47: 46009 | S47: 43 | T47: Vinted | U47: N/A | V47: =IF(ISBLANK(Table1368[[#This Row],[Date réception Achat]]),"",IF(ISBLANK(Table1368[[#This Row],[Date revente]]),TODAY(),Table1368[[#This Row],[Date revente]])-Table1368[[#This Row],[Date réception Achat]]) -> 21 | W47: =IF(Table1368[[#This Row],[Date revente]]<>"","Vendu (clôturé)",IF(Table1368[[#This Row],[Date relisting]]<>"","Listé",IF(Table1368[[#This Row],[Date réception Achat]]<>"","Acheté (reçu)",IF(Table1368[[#This Row],[Date achat]]<>"","Acheté (en attente)","")))) -> Vendu (clôturé) | X47: =IF(Table1368[[#This Row],[Prix de revente]]="","",Table1368[[#This Row],[Prix de revente]]-Table1368[[#This Row],[Prix total Achat]]) -> 31.13 | Y47: =IF(Table1368[[#This Row],[Prix de revente]]="","",(Table1368[[#This Row],[Prix de revente]]/Table1368[[#This Row],[Prix total Achat]])) -> 3.6225779 | Z47: =IF(ISBLANK(Table1368[[#This Row],[Date réception Achat]]),"",IF(ISBLANK(Table1368[[#This Row],[Date réception Achat]]),TODAY(),Table1368[[#This Row],[Date réception Achat]])-Table1368[[#This Row],[Date achat]]) -> 9 | AA47: =IF(ISBLANK(Table1368[[#This Row],[Date relisting]]),"",IF(ISBLANK(Table1368[[#This Row],[Date relisting]]),TODAY(),Table1368[[#This Row],[Date relisting]])-Table1368[[#This Row],[Date réception Achat]]) -> 7 | AB47: =IF(ISBLANK(Table1368[[#This Row],[Date revente]]),"",IF(ISBLANK(Table1368[[#This Row],[Date revente]]),TODAY(),Table1368[[#This Row],[Date revente]])-Table1368[[#This Row],[Date relisting]]) -> 14 | AC47: =IF(ISBLANK(Table1368[[#This Row],[Date revente]]),"",IF(ISBLANK(Table1368[[#This Row],[Date revente]]),TODAY(),Table1368[[#This Row],[Date revente]])-Table1368[[#This Row],[Date réception Achat]]) -> 21 | AD47: =IF(ISBLANK(Table1368[[#This Row],[Date revente]]),"",IF(ISBLANK(Table1368[[#This Row],[Date revente]]),TODAY(),Table1368[[#This Row],[Date revente]])-Table1368[[#This Row],[Date achat]]) -> 30
A48: 45980 | B48: chaussures | C48: 251119V01 | D48: N/A | G48: clarks | H48: 44 | I48: Vinted | J48: N/A | K48: 30 | L48: =Table1368[[#This Row],[Prix total Achat]]-Table1368[[#This Row],[Prix article]] -> 7.59 | M48: 37.59 | N48: 45989 | O48: =(Table1368[[#This Row],[Prix total Achat]]*2) -> 75.18 | P48: =Table1368[[#This Row],[Prix Min voulu (x2 )]]*1.2 -> 90.216 | Q48: 45991 | R48: 46021 | S48: 65 | T48: Vinted | U48: N/A | V48: =IF(ISBLANK(Table1368[[#This Row],[Date réception Achat]]),"",IF(ISBLANK(Table1368[[#This Row],[Date revente]]),TODAY(),Table1368[[#This Row],[Date revente]])-Table1368[[#This Row],[Date réception Achat]]) -> 32 | W48: =IF(Table1368[[#This Row],[Date revente]]<>"","Vendu (clôturé)",IF(Table1368[[#This Row],[Date relisting]]<>"","Listé",IF(Table1368[[#This Row],[Date réception Achat]]<>"","Acheté (reçu)",IF(Table1368[[#This Row],[Date achat]]<>"","Acheté (en attente)","")))) -> Vendu (clôturé) | X48: =IF(Table1368[[#This Row],[Prix de revente]]="","",Table1368[[#This Row],[Prix de revente]]-Table1368[[#This Row],[Prix total Achat]]) -> 27.41 | Y48: =IF(Table1368[[#This Row],[Prix de revente]]="","",(Table1368[[#This Row],[Prix de revente]]/Table1368[[#This Row],[Prix total Achat]])) -> 1.7291833 | Z48: =IF(ISBLANK(Table1368[[#This Row],[Date réception Achat]]),"",IF(ISBLANK(Table1368[[#This Row],[Date réception Achat]]),TODAY(),Table1368[[#This Row],[Date réception Achat]])-Table1368[[#This Row],[Date achat]]) -> 9 | AA48: =IF(ISBLANK(Table1368[[#This Row],[Date relisting]]),"",IF(ISBLANK(Table1368[[#This Row],[Date relisting]]),TODAY(),Table1368[[#This Row],[Date relisting]])-Table1368[[#This Row],[Date réception Achat]]) -> 2 | AB48: =IF(ISBLANK(Table1368[[#This Row],[Date revente]]),"",IF(ISBLANK(Table1368[[#This Row],[Date revente]]),TODAY(),Table1368[[#This Row],[Date revente]])-Table1368[[#This Row],[Date relisting]]) -> 30 | AC48: =IF(ISBLANK(Table1368[[#This Row],[Date revente]]),"",IF(ISBLANK(Table1368[[#This Row],[Date revente]]),TODAY(),Table1368[[#This Row],[Date revente]])-Table1368[[#This Row],[Date réception Achat]]) -> 32 | AD48: =IF(ISBLANK(Table1368[[#This Row],[Date revente]]),"",IF(ISBLANK(Table1368[[#This Row],[Date revente]]),TODAY(),Table1368[[#This Row],[Date revente]])-Table1368[[#This Row],[Date achat]]) -> 41
A49: 45984 | B49: pantalon | C49: 251123V01 | D49: N/A | G49: Octobre Editions | H49: 36 | I49: Vinted | J49: N/A | K49: 15 | L49: =Table1368[[#This Row],[Prix total Achat]]-Table1368[[#This Row],[Prix article]] -> 4.73 | M49: 19.73 | N49: 45989 | O49: =(Table1368[[#This Row],[Prix total Achat]]*2) -> 39.46 | P49: =Table1368[[#This Row],[Prix Min voulu (x2 )]]*1.2 -> 47.352 | Q49: 45991 | R49: 46038 | S49: 45 | T49: Vinted | U49: N/A | V49: =IF(ISBLANK(Table1368[[#This Row],[Date réception Achat]]),"",IF(ISBLANK(Table1368[[#This Row],[Date revente]]),TODAY(),Table1368[[#This Row],[Date revente]])-Table1368[[#This Row],[Date réception Achat]]) -> 49 | W49: =IF(Table1368[[#This Row],[Date revente]]<>"","Vendu (clôturé)",IF(Table1368[[#This Row],[Date relisting]]<>"","Listé",IF(Table1368[[#This Row],[Date réception Achat]]<>"","Acheté (reçu)",IF(Table1368[[#This Row],[Date achat]]<>"","Acheté (en attente)","")))) -> Vendu (clôturé) | X49: =IF(Table1368[[#This Row],[Prix de revente]]="","",Table1368[[#This Row],[Prix de revente]]-Table1368[[#This Row],[Prix total Achat]]) -> 25.27 | Y49: =IF(Table1368[[#This Row],[Prix de revente]]="","",(Table1368[[#This Row],[Prix de revente]]/Table1368[[#This Row],[Prix total Achat]])) -> 2.2807907 | Z49: =IF(ISBLANK(Table1368[[#This Row],[Date réception Achat]]),"",IF(ISBLANK(Table1368[[#This Row],[Date réception Achat]]),TODAY(),Table1368[[#This Row],[Date réception Achat]])-Table1368[[#This Row],[Date achat]]) -> 5 | AA49: =IF(ISBLANK(Table1368[[#This Row],[Date relisting]]),"",IF(ISBLANK(Table1368[[#This Row],[Date relisting]]),TODAY(),Table1368[[#This Row],[Date relisting]])-Table1368[[#This Row],[Date réception Achat]]) -> 2 | AB49: =IF(ISBLANK(Table1368[[#This Row],[Date revente]]),"",IF(ISBLANK(Table1368[[#This Row],[Date revente]]),TODAY(),Table1368[[#This Row],[Date revente]])-Table1368[[#This Row],[Date relisting]]) -> 47 | AC49: =IF(ISBLANK(Table1368[[#This Row],[Date revente]]),"",IF(ISBLANK(Table1368[[#This Row],[Date revente]]),TODAY(),Table1368[[#This Row],[Date revente]])-Table1368[[#This Row],[Date réception Achat]]) -> 49 | AD49: =IF(ISBLANK(Table1368[[#This Row],[Date revente]]),"",IF(ISBLANK(Table1368[[#This Row],[Date revente]]),TODAY(),Table1368[[#This Row],[Date revente]])-Table1368[[#This Row],[Date achat]]) -> 54
A50: 45985 | B50: Veste | C50: 251124V01 | D50: N/A | G50: Lacoste | H50: M | I50: Vinted | J50: Lot (2) | K50: 7.5 | L50: 3.72 | M50: =SUM(Table1368[[#This Row],[Prix article]:[Frais plateforme + envoi]]) -> 11.22 | N50: 45990 | O50: =(Table1368[[#This Row],[Prix total Achat]]*2) -> 22.44 | P50: =Table1368[[#This Row],[Prix Min voulu (x2 )]]*1.2 -> 26.928 | Q50: 45995 | R50: 46000 | S50: 75 | T50: Vinted | U50: N/A | V50: =IF(ISBLANK(Table1368[[#This Row],[Date réception Achat]]),"",IF(ISBLANK(Table1368[[#This Row],[Date revente]]),TODAY(),Table1368[[#This Row],[Date revente]])-Table1368[[#This Row],[Date réception Achat]]) -> 10 | W50: =IF(Table1368[[#This Row],[Date revente]]<>"","Vendu (clôturé)",IF(Table1368[[#This Row],[Date relisting]]<>"","Listé",IF(Table1368[[#This Row],[Date réception Achat]]<>"","Acheté (reçu)",IF(Table1368[[#This Row],[Date achat]]<>"","Acheté (en attente)","")))) -> Vendu (clôturé) | X50: =IF(Table1368[[#This Row],[Prix de revente]]="","",Table1368[[#This Row],[Prix de revente]]-Table1368[[#This Row],[Prix total Achat]]) -> 63.78 | Y50: =IF(Table1368[[#This Row],[Prix de revente]]="","",(Table1368[[#This Row],[Prix de revente]]/Table1368[[#This Row],[Prix total Achat]])) -> 6.684492 | Z50: =IF(ISBLANK(Table1368[[#This Row],[Date réception Achat]]),"",IF(ISBLANK(Table1368[[#This Row],[Date réception Achat]]),TODAY(),Table1368[[#This Row],[Date réception Achat]])-Table1368[[#This Row],[Date achat]]) -> 5 | AA50: =IF(ISBLANK(Table1368[[#This Row],[Date relisting]]),"",IF(ISBLANK(Table1368[[#This Row],[Date relisting]]),TODAY(),Table1368[[#This Row],[Date relisting]])-Table1368[[#This Row],[Date réception Achat]]) -> 5 | AB50: =IF(ISBLANK(Table1368[[#This Row],[Date revente]]),"",IF(ISBLANK(Table1368[[#This Row],[Date revente]]),TODAY(),Table1368[[#This Row],[Date revente]])-Table1368[[#This Row],[Date relisting]]) -> 5 | AC50: =IF(ISBLANK(Table1368[[#This Row],[Date revente]]),"",IF(ISBLANK(Table1368[[#This Row],[Date revente]]),TODAY(),Table1368[[#This Row],[Date revente]])-Table1368[[#This Row],[Date réception Achat]]) -> 10 | AD50: =IF(ISBLANK(Table1368[[#This Row],[Date revente]]),"",IF(ISBLANK(Table1368[[#This Row],[Date revente]]),TODAY(),Table1368[[#This Row],[Date revente]])-Table1368[[#This Row],[Date achat]]) -> 15
